Workbook
Name CFF.ColunaPadrão: CFF!$AC:$AC
Name CFF.Colunas: CFF!$P$10:$X$10
Name CFF.Dados: OFFSET(CFF!$L$17,1,0):OFFSET(CFF!$X$36,-1,-1)
Name CFF.IncluirLinha: MAX(PO!$V$12:$V$40)*CFF.NumLinha-ROW(CFF!$F$36)+ROW(CFF!$F$17)+1
Name CFF.Item: OFFSET(CFF!$L$17,1,0):OFFSET(CFF!$X$36,-1,-1)
Name CFF.LinhaPadrão: CFF!$A$11:$W$11
Name CFF.NumLinha: ROW(CFF!$D$14)-ROW(CFF!$D$10)-1
Name Código: PO!$M1
Name Composições.LinhaPadrão: #REF!
Name Cotações.LinhaPadrão: #REF!
Name Dados.Assinatura1: DADOS!$B$54:$E$57
Name Dados.Assinatura2: DADOS!$H$54:$K$57
Name Dados.Lista.Acompanhamento: DADOS!$P$122:$P$123
Name Dados.Lista.BDI: DADOS!$T$37:$X$37
Name Dados.Lista.Localidade: DADOS!$L$107:$L$134
Name Dados.Lista.RegimeExecução: DADOS!$P$115:$P$120
Name EXCELVERSAO: IF(MID(INFO("SOLTAR"),1,2)*1<=11,"Excel 2003","Superior")
Name Fonte: PO!$L1
Name Import.Ação: DADOS!$J$29
Name Import.Apelido: DADOS!$Q$32
Name Import.CNPJ: DADOS!$B$57
Name Import.Código: OFFSET(PO!$M$12,1,0):OFFSET(PO!$M$40,-1,0)
Name Import.CR: DADOS!$A$29
Name Import.CTEF: DADOS!$A$43
Name Import.CustoUnitário: OFFSET(PO!$Q$12,1,0):OFFSET(PO!$Q$40,-1,0)
Name Import.DadosBDI: DADOS!$S$108:$S$112
Name Import.DataAssinaturaCTEF: DADOS!$U$43
Name Import.DataBase: DADOS!$A$38
Name Import.DataBaseLicit: DADOS!$H$43
Name Import.DataCot: OFFSET(#REF!,1,0):OFFSET(#REF!,-1,0)
Name Import.DataCotIndice: OFFSET(#REF!,1,0):OFFSET(#REF!,-1,0)
Name Import.DataInícioObra: DADOS!$A$48
Name Import.DescComp: OFFSET(#REF!,1,0):OFFSET(#REF!,-1,0)
Name Import.DescCot: OFFSET(#REF!,1,0):OFFSET(#REF!,-1,0)
Name Import.DescLote: DADOS!$G$38
Name Import.Descrição: OFFSET(PO!$N$12,1,0):OFFSET(PO!$N$40,-1,0)
Name Import.Desoneracao: DADOS!$C$38
Name Import.DesoneracaoLicit: DADOS!$J$43
Name Import.Empresa: DADOS!$C$43
Name Import.FontComp: OFFSET(#REF!,1,0):OFFSET(#REF!,-1,0)
Name Import.Fonte: OFFSET(PO!$L$12,1,0):OFFSET(PO!$L$40,-1,0)
Name Import.FrenteDeObra: PLQ!$F$9:OFFSET(PLQ!$P$9,0,-1)
Name Import.Gestor: DADOS!$C$29
Name Import.IndiceAtual: OFFSET(#REF!,1,0):OFFSET(#REF!,-1,0)
Name Import.IndiceCot: OFFSET(#REF!,1,0):OFFSET(#REF!,-1,0)
Name Import.Item: OFFSET(PO!$K$12,1,0):OFFSET(PO!$K$40,-1,0)
Name Import.Localidade: DADOS!$K$32
Name Import.LocalSINAPI: DADOS!$D$38
Name Import.Município: DADOS!$G$32
Name Import.Nível: OFFSET(PO!$J$12,1,0):OFFSET(PO!$J$40,-1,0)
Name Import.NomeEmpresaForn: OFFSET(#REF!,1,0):OFFSET(#REF!,-1,0)
Name Import.ObjetoCR: DADOS!$P$29
Name Import.ObjetoCTEF: DADOS!$O$43
Name Import.ObsComp: OFFSET(#REF!,1,0):OFFSET(#REF!,-1,0)
Name Import.ObsCot: OFFSET(#REF!,1,0):OFFSET(#REF!,-1,0)
Name Import.ObsForn: OFFSET(#REF!,1,0):OFFSET(#REF!,-1,0)
Name Import.ObsIndice: OFFSET(#REF!,1,0):OFFSET(#REF!,-1,0)
Name Import.PLQ: OFFSET(PLQ!$F$12,1,0):OFFSET(PLQ!$P$40,-1,-1)
Name Import.POArred: PO!$X$3:$X$7
Name Import.PreçoTotal: OFFSET(PO!$T$12,1,0):OFFSET(PO!$T$40,-1,0)

Sheet DADOS
A1: 27476 | B1: PO - Planilha Orçamentária / PLQ - Planilha de Levantamento de Quantidades / CFF - Cronograma Físico Financeiro
A2: v008
A4: INSTRUÇÕES DE USO E PREENCHIMENTO
A6: 1. Este documento somente pode ser utilizado nas versões do Excel 2003 ou superior. Não deve ser utilizado versões do BROffice. O Documento deve ser salvo SOMENTE em extensão habilitada para macros (.xls ou .xlsm). Se o documento for salvo na extensão .xlsx, o arquivo será INUTILIZADO.
A8: 2. Para funcionamento pleno desse arquivo, a Segurança de Macros do Excel deve ser habilitada.
A10: 2.1 Na Versão Excel 2003, selecione na Faixa de Opções: Ferramentas --> Macro --> Segurança --> Na aba Nível de Segurança selecione a Opção "Baixo" --> Clique em OK --> Feche e abra o Excel novamente para utilizar a Planilha.
A12: 2.2 Na Versão Excel 2007 ou superior, selecione na Faixa de Opções: Arquivo --> Opções --> Central de Confiabilidade --> Configurações da Central de Confiabilidade --> Configurações de Macro --> Habilitar todas as Macros --> Clique em OK --> Feche e abra o excel novamente para utilizar a Planilha.
A14: 3. O Preenchimento deve ser feito somente nas células em amarelo. As outras células são de preenchimento Automático.
A16: 4. Preferências de Elaboração do Orçamento
A18: 4.1. Preenchimento de Quantidades
A22: 5. Ordem de Preenchimento
A24: 5.1. na Aba DADOS
A26: 5.1.1. Preencha no Quadro abaixo os Dados do TC/CR:
A28: Nº OPERAÇÃO | C28: GESTOR | F28: PROGRAMA | J28: AÇÃO / MODALIDADE | P28: OBJETO
J29: Infraestrutura de pavimentação | P29: Estrada entre comunidade Poméia e Comunidade Caravagio (trecho 02 estaca 0+300 a 2+009)
A31: PROPONENTE / TOMADOR | G31: MUNICÍPIO / UF | K31: LOCALIDADE / ENDEREÇO | Q31: APELIDO DO EMPREENDIMENTO
A32: Município de Vista Alegre do Prata | G32: Vista Alegre do Prata/RS | K32: Estrada entre comunidade Poméia e Comunidade Caravagio (trecho 02 estaca 0+300 a 2+009) | Q32: Estrada entre comunidade Poméia e Comunidade Caravagio (trecho 02 estaca 0+300 a 2+009)
A35: 5.1.2. Preencha no quadro abaixo as informações sobre o orçamento:
A37: DATA BASE | C37: DESON. | D37: LOCALIDADE DO SINAPI | G37: DESCRIÇÃO DO LOTE | T37: BDI 1 | U37: BDI 2 | V37: BDI 3 | W37: BDI 4 | X37: BDI 5
A38: 45962 | C38: Não | D38: Porto Alegre / RS | G38: =Import.ObjetoCR -> Estrada entre comunidade Poméia e Comunidade Caravagio (trecho 02 estaca 0+300 a 2+009) | T38: =IF(ISERROR(INDIRECT("'BDI ("&RIGHT(T37,1)&")'!N27")),"",INDIRECT("'BDI ("&RIGHT(T37,1)&")'!N27")) -> 0.2147 | U38: =IF(ISERROR(INDIRECT("'BDI ("&RIGHT(U37,1)&")'!N27")),"",INDIRECT("'BDI ("&RIGHT(U37,1)&")'!N27")) -> 0.15 | V38: =IF(ISERROR(INDIRECT("'BDI ("&RIGHT(V37,1)&")'!N27")),"",INDIRECT("'BDI ("&RIGHT(V37,1)&")'!N27")) | W38: =IF(ISERROR(INDIRECT("'BDI ("&RIGHT(W37,1)&")'!N27")),"",INDIRECT("'BDI ("&RIGHT(W37,1)&")'!N27")) | X38: =IF(ISERROR(INDIRECT("'BDI ("&RIGHT(X37,1)&")'!N27")),"",INDIRECT("'BDI ("&RIGHT(X37,1)&")'!N27"))
A40: 4.1.2. Preencha no quadro abaixo as informações sobre o orçamento licitado:
A42: CTEF n.º | C42: NOME DA EMPRESA | H42: DATA BASE | J42: DESON. | K42: REGIME DE EXECUÇÃO | N42: ACOMP. | O42: OBJETO CTEF | U42: DATA ASSINATURA | W42: VIGÊNCIA
A45: 5.1.3. Preencha a data de Início da Obra:
A47: DATA INÍCIO
A48: 46063
A50: 5.1.4. Preencha no(s) Quadro(s) abaixo os Dados do(s) Responsável(is) Técnico(s) pela elaboração do Orçamento:
G52: Exibir o 2° Quadro de Assinatura? | K52: NÃO
A54: Nome: | B54: Eng. Kleber A. L. Colla | G54: Nome:
A55: =IF(OR(TipoOrçamento="BASE",TipoOrçamento="REPROGRAMADONPL"),"Título:","Cargo:") -> Título: | B55: Engenheiro Civil | G55: =A55 -> Título:
A56: =IF(OR(TipoOrçamento="BASE",TipoOrçamento="REPROGRAMADONPL"),"CREA/CAU:","Empresa:") -> CREA/CAU: | B56: CREA RS243889 | G56: =A56 -> CREA/CAU:
A57: =IF(OR(TipoOrçamento="BASE",TipoOrçamento="REPROGRAMADONPL"),"ART/RRT:","CNPJ:") -> ART/RRT: | B57: 12339862 | G57: =A57 -> ART/RRT:
A60: 5.2. Legenda das Abas
A62: 5.2.1. LARANJA: Aba DADOS. Preenchimento Obrigatório. Impressão Dispensada.
A63: 5.2.2. AMARELO: Abas BDI, PO, PLQ e CFF. Preenchimento e Impressão Obrigatórias. O preenchimento da Aba BDI é dispensada para os casos de Aquisição Direta de Materiais e Equipamentos. A Impressão da Aba PLQ pode ser dispensada para casos de Frente de Obra Única.
A65: 5.3. na Aba BDI (Bonificações e Despesas Indiretas):
A67: 5.3.1. Escolha o tipo de empreendimento.
A68: 5.3.2. Escolha se o BDI será do tipo desonerado ou não (aba DADOS)
A69: 5.3.3. Informe a base de cálculo do ISS (0 a 100%).
A70: 5.3.4. Informe a alíquota do ISS (Normalmente de 2 a 5%).
A71: 5.3.5. Defina na tabela os percentuais a serem adotados para cada item que compõe o BDI nos campos em amarelo.
A72: 5.3.6. Preencha o campo observações se necessário (recomendado para os orçamentos que utilizam mais de um BDI).
A74: 5.4. na Aba PO (Planilha Orçamentária):
A76: 5.4.1. Primeiramente, selecione os níveis de cada item do orçamento na coluna NÍVEL.
... A101: 5.6.3. Para atualizar o Cronograma conforme o Orçamento e incluir ou excluir parcelas, utilize o botão EDITAR / ATUALIZAR CRONOGRAMA.
L107: (Selecione uma Localidade)
L108: Aracaju / SE | S108: =T38 -> 0.2147
L109: Belém / PA | S109: =U38 -> 0.15
L110: Belo Horizonte / MG | S110: =V38
L111: Boa Vista / RR | S111: =W38
L112: Brasília / DF | S112: =X38
L113: Campo Grande / MS
L114: Cuiabá / MT
L115: Curitiba / PR | P115: Empreitada Preço Global
L116: Florianópolis / SC | P116: Empreitada Preço Unitário
L117: Fortaleza / CE | P117: Empreitada Integral
L118: Goiânia / GO | P118: Tarefa
L119: João Pessoa / PB | P119: Contratação Integrada
L120: Macapá / AP | P120: Não se aplica
L121: Maceió / AL
L122: Manaus / AM | P122: BM
L123: Natal / RN | P123: PLE
L124: Palmas / TO
L125: Porto Alegre / RS
L126: Porto Velho / RO
L127: Recife / PE
L128: Rio Branco / AC
L129: Rio de Janeiro / RJ
L130: Salvador / BA
L131: São Luís / MA
L132: São Paulo / SP
L133: Teresina / PI
L134: Vitória / ES
A220: =A28 -> Nº OPERAÇÃO | C220: =C28 -> GESTOR | F220: =F28 -> PROGRAMA | J220: =J28 -> AÇÃO / MODALIDADE | P220: =P28 -> OBJETO
A221: =IF(A29="","",A29) | C221: =IF(C29="","",C29) | F221: =IF(F29="","",F29) | J221: =IF(J29="","",J29) -> Infraestrutura de pavimentação | L221: =IF(#REF!="","",#REF!) -> #REF! | N221: =IF(#REF!="","",#REF!) -> #REF! | P221: =IF(P29="","",P29) -> Estrada entre comunidade Poméia e Comunidade Caravagio (trecho 02 estaca 0+300 a 2+009)
A223: =A31 -> PROPONENTE / TOMADOR | G223: =G31 -> MUNICÍPIO / UF | K223: =K31 -> LOCALIDADE / ENDEREÇO | Q223: =Q31 -> APELIDO DO EMPREENDIMENTO
A224: =IF(A32="","",A32) -> Município de Vista Alegre do Prata | G224: =IF(G32="","",G32) -> Vista Alegre do Prata/RS | H224: =IF(I32="","",I32) | J224: =IF(#REF!="","",#REF!) -> #REF! | K224: =IF(K32="","",K32) -> Estrada entre comunidade Poméia e Comunidade Caravagio (trecho 02 estaca 0+300 a 2+009) | Q224: =IF(Q32="","",Q32) -> Estrada entre comunidade Poméia e Comunidade Caravagio (trecho 02 estaca 0+300 a 2+009)
A226: =A37 -> DATA BASE | C226: =C37 -> DESON. | D226: =D37 -> LOCALIDADE DO SINAPI | G226: =G37 -> DESCRIÇÃO DO LOTE | T226: =T37 -> BDI 1 | U226: =U37 -> BDI 2 | V226: =V37 -> BDI 3 | W226: =W37 -> BDI 4 | X226: =X37 -> BDI 5
A227: =IF(A38="","",A38) -> 45962 | C227: =IF(C38="","",C38) -> Não | D227: =IF(D38="","",D38) -> Porto Alegre / RS | E227: =IF(E38="","",E38) | F227: =IF(F38="","",F38) | G227: =IF(G38="","",G38) -> Estrada entre comunidade Poméia e Comunidade Caravagio (trecho 02 estaca 0+300 a 2+009) | H227: =IF(H38="","",H38) | I227: =IF(I38="","",I38) | J227: =IF(J38="","",J38) | ... X227: =IF(X38="","",X38)
A229: CTEF n.º | C229: NOME DA EMPRESA / CNPJ: | H229: DATA BASE | J229: DESON. | K229: REGIME DE EXECUÇÃO | N229: ACOMP. | O229: OBJETO CTEF | U229: DATA ASSINATURA | W229: VIGÊNCIA
A230: =IF(A43="","",A43) | C230: =IF(C43="","",C43) | E230: =IF(E43="","",E43) | G230: =IF(G43="","",G43) | H230: =IF(H43="","",H43) | I230: =IF(I43="","",I43) | J230: =IF(J43="","",J43) | K230: =IF(K43="","",K43) | M230: =IF(M43="","",M43) | N230: =IF(N43="","",N43) | O230: =IF(O43="","",O43) | Q230: =IF(Q43="","",Q43) | S230: =IF(S43="","",S43) | U230: =IF(U43="","",U43) | W230: =IF(W43="","",W43)

Sheet BDI (1)
E1: MIN | F1: MED | G1: MAX | N1: ="Quadro de Composição do BDI "&MID(CELL("nome.arquivo",N1),5+FIND("BDI (",CELL("nome.arquivo",N1)),1) -> Quadro de Composição do BDI 1
A2: Construção e Reforma de Edifícios | B2: AC | C2: =CONCATENATE(A2,"-",B2) -> Construção e Reforma de Edifícios-AC | E2: 0.03 | F2: 0.04 | G2: 0.055
A3: =A2 -> Construção e Reforma de Edifícios | B3: SG | C3: =CONCATENATE(A3,"-",B3) -> Construção e Reforma de Edifícios-SG | E3: 0.008 | F3: 0.008 | G3: 0.01
A4: =A3 -> Construção e Reforma de Edifícios | B4: R | C4: =CONCATENATE(A4,"-",B4) -> Construção e Reforma de Edifícios-R | E4: 0.0097 | F4: 0.0127 | G4: 0.0127 | I4: Nº TC/CR | K4: PROPONENTE / TOMADOR
A5: =A4 -> Construção e Reforma de Edifícios | B5: DF | C5: =CONCATENATE(A5,"-",B5) -> Construção e Reforma de Edifícios-DF | E5: 0.0059 | F5: 0.0123 | G5: 0.0139 | I5: =DADOS!A29 -> 0 | K5: =DADOS!A32 -> Município de Vista Alegre do Prata
A6: =A5 -> Construção e Reforma de Edifícios | B6: L | C6: =CONCATENATE(A6,"-",B6) -> Construção e Reforma de Edifícios-L | E6: 0.0616 | F6: 0.074 | G6: 0.0896
A7: =A6 -> Construção e Reforma de Edifícios | B7: BDI PAD | C7: =CONCATENATE(A7,"-",B7) -> Construção e Reforma de Edifícios-BDI PAD | E7: 0.2034 | F7: 0.2212 | G7: 0.25 | I7: OBJETO
A8: Construção de Praças Urbanas, Rodovias, Ferrovias e recapeamento e pavimentação de vias urbanas | B8: AC | C8: =CONCATENATE(A8,"-",B8) -> Construção de Praças Urbanas, Rodovias, Ferrovias e recapeamento e pavimentação de vias urbanas-AC | E8: 0.038 | F8: 0.0401 | G8: 0.0467 | I8: =DADOS!P29 -> Estrada entre comunidade Poméia e Comunidade Caravagio (trecho 02 estaca 0+300 a 2+009)
A9: Construção de Praças Urbanas, Rodovias, Ferrovias e recapeamento e pavimentação de vias urbanas | B9: SG | C9: =CONCATENATE(A9,"-",B9) -> Construção de Praças Urbanas, Rodovias, Ferrovias e recapeamento e pavimentação de vias urbanas-SG | E9: 0.0032 | F9: 0.004 | G9: 0.0074
A10: Construção de Praças Urbanas, Rodovias, Ferrovias e recapeamento e pavimentação de vias urbanas | B10: R | C10: =CONCATENATE(A10,"-",B10) -> Construção de Praças Urbanas, Rodovias, Ferrovias e recapeamento e pavimentação de vias urbanas-R | E10: 0.005 | F10: 0.0056 | G10: 0.0097 | I10: TIPO DE OBRA DO EMPREENDIMENTO | Q10: DESONERAÇÃO
A11: Construção de Praças Urbanas, Rodovias, Ferrovias e recapeamento e pavimentação de vias urbanas | B11: DF | C11: =CONCATENATE(A11,"-",B11) -> Construção de Praças Urbanas, Rodovias, Ferrovias e recapeamento e pavimentação de vias urbanas-DF | E11: 0.0102 | F11: 0.0111 | G11: 0.0121 | I11: Construção de Praças Urbanas, Rodovias, Ferrovias e recapeamento e pavimentação de vias urbanas | Q11: =DADOS!$C$38 -> Não
A12: Construção de Praças Urbanas, Rodovias, Ferrovias e recapeamento e pavimentação de vias urbanas | B12: L | C12: =CONCATENATE(A12,"-",B12) -> Construção de Praças Urbanas, Rodovias, Ferrovias e recapeamento e pavimentação de vias urbanas-L | E12: 0.0664 | F12: 0.073 | G12: 0.0869
A13: Construção de Praças Urbanas, Rodovias, Ferrovias e recapeamento e pavimentação de vias urbanas | B13: BDI PAD | C13: =CONCATENATE(A13,"-",B13) -> Construção de Praças Urbanas, Rodovias, Ferrovias e recapeamento e pavimentação de vias urbanas-BDI PAD | E13: 0.196 | F13: 0.2097 | G13: 0.2423 | I13: Conforme legislação tributária municipal, definir estimativa de percentual da base de cálculo para o ISS: | Q13: 1
A14: Construção de Redes de Abastecimento de Água, Coleta de Esgoto | B14: AC | C14: =CONCATENATE(A14,"-",B14) -> Construção de Redes de Abastecimento de Água, Coleta de Esgoto-AC | E14: 0.0343 | F14: 0.0493 | G14: 0.0671 | I14: Sobre a base de cálculo, definir a respectiva alíquota do ISS (entre 2% e 5%): | Q14: 0.03
A15: =A14 -> Construção de Redes de Abastecimento de Água, Coleta de Esgoto | B15: SG | C15: =CONCATENATE(A15,"-",B15) -> Construção de Redes de Abastecimento de Água, Coleta de Esgoto-SG | E15: 0.0028 | F15: 0.0049 | G15: 0.0075
I16: Itens | M16: Siglas | N16: % Adotado | O16: Situação | P16: 1º Quartil | Q16: Médio | R16: 3º Quartil | T16: =IF(V27,"Para BDI fora do intervalo estatístico, deve ser apresentado Relatório Técnico Circunstanciado justificando a adoção do percentual de cada parcela do BDI.","")
A17: =A15 -> Construção de Redes de Abastecimento de Água, Coleta de Esgoto | B17: R | C17: =CONCATENATE(A17,"-",B17) -> Construção de Redes de Abastecimento de Água, Coleta de Esgoto-R | E17: 0.01 | F17: 0.0139 | G17: 0.0174
A18: =A17 -> Construção de Redes de Abastecimento de Água, Coleta de Esgoto | B18: DF | C18: =CONCATENATE(A18,"-",B18) -> Construção de Redes de Abastecimento de Água, Coleta de Esgoto-DF | E18: 0.0094 | F18: 0.0099 | G18: 0.0117 | I18: =IF($I$11=$A$59,"Encargos Sociais incidentes sobre a mão de obra","Administração Central") -> Administração Central | M18: =IF($I$11=$A$59,"K1","AC") -> AC | N18: 0.038 | O18: - | P18: =VLOOKUP(CONCATENATE(I$11,"-",M18),$C$2:$G$49,3,FALSE) -> 0.038 | Q18: =VLOOKUP(CONCATENATE(I$11,"-",M18),$C$2:$G$49,4,FALSE) -> 0.0401 | R18: =VLOOKUP(CONCATENATE(I$11,"-",M18),$C$2:$G$49,5,FALSE) -> 0.0467
A19: =A18 -> Construção de Redes de Abastecimento de Água, Coleta de Esgoto | B19: L | C19: =CONCATENATE(A19,"-",B19) -> Construção de Redes de Abastecimento de Água, Coleta de Esgoto-L | E19: 0.0674 | F19: 0.0804 | G19: 0.094 | I19: =IF($I$11=$A$59,"Administração Central da empresa ou consultoria - overhead","Seguro e Garantia") -> Seguro e Garantia | M19: =IF($I$11=$A$59,"K2","SG") -> SG | N19: 0.0035 | O19: - | P19: =VLOOKUP(CONCATENATE(I$11,"-",M19),$C$2:$G$49,3,FALSE) -> 0.0032 | Q19: =VLOOKUP(CONCATENATE(I$11,"-",M19),$C$2:$G$49,4,FALSE) -> 0.004 | R19: =VLOOKUP(CONCATENATE(I$11,"-",M19),$C$2:$G$49,5,FALSE) -> 0.0074
A20: =A19 -> Construção de Redes de Abastecimento de Água, Coleta de Esgoto | B20: BDI PAD | C20: =CONCATENATE(A20,"-",B20) -> Construção de Redes de Abastecimento de Água, Coleta de Esgoto-BDI PAD | E20: 0.2076 | F20: 0.2418 | G20: 0.2644 | I20: =IF($I$11=$A$59,"","Risco") -> Risco | M20: =IF($I$11=$A$59,"","R") -> R | N20: 0.0059 | O20: - | P20: =VLOOKUP(CONCATENATE(I$11,"-",M20),$C$2:$G$49,3,FALSE) -> 0.005 | Q20: =VLOOKUP(CONCATENATE(I$11,"-",M20),$C$2:$G$49,4,FALSE) -> 0.0056 | R20: =VLOOKUP(CONCATENATE(I$11,"-",M20),$C$2:$G$49,5,FALSE) -> 0.0097
A21: Construção e Manutenção de Estações e Redes de Distribuição de Energia Elétrica | B21: AC | C21: =CONCATENATE(A21,"-",B21) -> Construção e Manutenção de Estações e Redes de Distribuição de Energia Elétrica-AC | E21: 0.0529 | F21: 0.0592 | G21: 0.0793 | I21: =IF($I$11=$A$59,"","Despesas Financeiras") -> Despesas Financeiras | M21: =IF($I$11=$A$59,"","DF") -> DF | N21: 0.0102 | O21: - | P21: =VLOOKUP(CONCATENATE(I$11,"-",M21),$C$2:$G$49,3,FALSE) -> 0.0102 | Q21: =VLOOKUP(CONCATENATE(I$11,"-",M21),$C$2:$G$49,4,FALSE) -> 0.0111 | R21: =VLOOKUP(CONCATENATE(I$11,"-",M21),$C$2:$G$49,5,FALSE) -> 0.0121
A22: =A21 -> Construção e Manutenção de Estações e Redes de Distribuição de Energia Elétrica | B22: SG | C22: =CONCATENATE(A22,"-",B22) -> Construção e Manutenção de Estações e Redes de Distribuição de Energia Elétrica-SG | E22: 0.0025 | F22: 0.0051 | G22: 0.0056 | I22: =IF($I$11=$A$59,"Margem bruta da empresa de consultoria","Lucro") -> Lucro | M22: =IF($I$11=$A$59,"K3","L") -> L | N22: 0.0717 | O22: - | P22: =VLOOKUP(CONCATENATE(I$11,"-",M22),$C$2:$G$49,3,FALSE) -> 0.0664 | Q22: =VLOOKUP(CONCATENATE(I$11,"-",M22),$C$2:$G$49,4,FALSE) -> 0.073 | R22: =VLOOKUP(CONCATENATE(I$11,"-",M22),$C$2:$G$49,5,FALSE) -> 0.0869
A23: =A22 -> Construção e Manutenção de Estações e Redes de Distribuição de Energia Elétrica | B23: R | C23: =CONCATENATE(A23,"-",B23) -> Construção e Manutenção de Estações e Redes de Distribuição de Energia Elétrica-R | E23: 0.01 | F23: 0.0148 | G23: 0.0197 | I23: Tributos (impostos COFINS 3%, e PIS 0,65%) | M23: CP | N23: 0.0365 | O23: - | P23: 0.0365 | Q23: 0.0365 | R23: 0.0365
A24: =A23 -> Construção e Manutenção de Estações e Redes de Distribuição de Energia Elétrica | B24: DF | C24: =CONCATENATE(A24,"-",B24) -> Construção e Manutenção de Estações e Redes de Distribuição de Energia Elétrica-DF | E24: 0.0101 | F24: 0.0107 | G24: 0.0111 | I24: Tributos (ISS, variável de acordo com o município) | M24: ISS | N24: =IF($I$11<>$A$58,Q14*Q13,0) -> 0.03 | O24: - | P24: 0 | Q24: 0.025 | R24: 0.05
A25: =A24 -> Construção e Manutenção de Estações e Redes de Distribuição de Energia Elétrica | B25: L | C25: =CONCATENATE(A25,"-",B25) -> Construção e Manutenção de Estações e Redes de Distribuição de Energia Elétrica-L | E25: 0.08 | F25: 0.0831 | G25: 0.0951 | I25: Tributos (Contribuição Previdenciária sobre a Receita Bruta - 0% ou 4,5% - Desoneração) | M25: CPRB | N25: =IF(AND($I$11<>$A$58,Q11="Sim"),4.5%,0%) -> 0 | O25: =IF(AND(N25>=P25, N25<=R25), "OK", "Não OK") -> OK | P25: 0 | Q25: 0.045 | R25: 0.045
A26: =A25 -> Construção e Manutenção de Estações e Redes de Distribuição de Energia Elétrica | B26: BDI PAD | C26: =CONCATENATE(A26,"-",B26) -> Construção e Manutenção de Estações e Redes de Distribuição de Energia Elétrica-BDI PAD | E26: 0.24 | F26: 0.2584 | G26: 0.2786 | I26: BDI SEM desoneração (Fórmula Acórdão TCU) | M26: BDI PAD | N26: =IF($I$11=$A$58,0,ROUND((((1+N18+N19+N20)*(1+N21)*(1+N22)/(1-(N23+N24)))-1),4)) -> 0.2147 | O26: =IF(OR($I$11=$A$59,$I$11=$A$58,AND(N26>=P26, N26<=R26)), "OK", "FORA DO INTERVALO") -> OK | P26: =IF($I$11=$A$58,0,VLOOKUP(CONCATENATE($I$11,"-",$M26),$C$2:$G$49,3,FALSE)) -> 0.196 | Q26: =IF($I$11=$A$58,0,VLOOKUP(CONCATENATE($I$11,"-",$M26),$C$2:$G$49,4,FALSE)) -> 0.2097 | R26: =IF($I$11=$A$58,0,VLOOKUP(CONCATENATE($I$11,"-",$M26),$C$2:$G$49,5,FALSE)) -> 0.2423
A27: Obras Portuárias, Marítimas e Fluviais | B27: AC | C27: =CONCATENATE(A27,"-",B27) -> Obras Portuárias, Marítimas e Fluviais-AC | E27: 0.04 | F27: 0.0552 | G27: 0.0785 | I27: BDI COM desoneração | M27: BDI DES | N27: =IF($I$11=$A$58,0,ROUND((((1+N18+N19+N20)*(1+N21)*(1+N22)/(1-(N23+N24+N25)))-1),4)) -> 0.2147 | O27: =IF(Q11<>"Sim","",O26) | V27: =AND(COUNTA(N18:N23)=6,O26<>"ok",NOT(V29)) -> FALSE | W27: pedir anexo
A28: =A27 -> Obras Portuárias, Marítimas e Fluviais | B28: SG | C28: =CONCATENATE(A28,"-",B28) -> Obras Portuárias, Marítimas e Fluviais-SG | E28: 0.0081 | F28: 0.0122 | G28: 0.0199
A29: =A28 -> Obras Portuárias, Marítimas e Fluviais | B29: R | C29: =CONCATENATE(A29,"-",B29) -> Obras Portuárias, Marítimas e Fluviais-R | E29: 0.0146 | F29: 0.0232 | G29: 0.0316 | I29: =IF(V29,"X","") | J29: Anexo: Relatório Técnico Circunstanciado justificando a adoção do percentual de cada parcela do BDI. | V29: FALSE | W29: anexo apresentado
I31: Os valores de BDI foram calculados com o emprego da fórmula:
A32: =A29 -> Obras Portuárias, Marítimas e Fluviais | B32: DF | C32: =CONCATENATE(A32,"-",B32) -> Obras Portuárias, Marítimas e Fluviais-DF | E32: 0.0094 | F32: 0.0102 | G32: 0.0133 | L32: =IF(Q11="Sim","BDI.DES =","BDI.PAD =") -> BDI.PAD = | M32: =IF($I$11=$A$59,"(1+K1+K2)*(1+K3)","(1+AC + S + R + G)*(1 + DF)*(1+L)") -> (1+AC + S + R + G)*(1 + DF)*(1+L) | P32: - 1
A33: =A32 -> Obras Portuárias, Marítimas e Fluviais | B33: L | C33: =CONCATENATE(A33,"-",B33) -> Obras Portuárias, Marítimas e Fluviais-L | E33: 0.0714 | F33: 0.084 | G33: 0.1043 | M33: =IF(Q11="Sim","(1-CP-ISS-CRPB)","(1-CP-ISS)") -> (1-CP-ISS)
A34: =A33 -> Obras Portuárias, Marítimas e Fluviais | B34: BDI PAD | C34: =CONCATENATE(A34,"-",B34) -> Obras Portuárias, Marítimas e Fluviais-BDI PAD | E34: 0.228 | F34: 0.2748 | G34: 0.3095
I35: =CONCATENATE("Declaro para os devidos fins que, conforme legislação tributária municipal, a base de cálculo para ",I11,", é de ",Q13*100,"%, com a respectiva alíquota de ",Q14*100,"%.") -> Declaro para os devidos fins que, conforme legislação tributária municipal, a base de cálculo para Construção de Praças Urbanas, Rodovias, Ferrovias e recapeamento e pavimentação de vias urbanas, é de 100%, com a respectiva alíquota de 3%.
I37: =CONCATENATE("Declaro para os devidos fins que o regime de Contribuição Previdenciária sobre a Receita Bruta adotado para elaboração do orçamento foi ",IF(Q11="Sim","COM","SEM")," Desoneração, e que esta é a alternativa mais adequada para a Administração Pública.") -> Declaro para os devidos fins que o regime de Contribuição Previdenciária sobre a Receita Bruta adotado para elaboração do orçamento foi SEM Desoneração, e que esta é a alternativa mais adequada para a Administração Pública.
A38: Fornecimento de Materiais e Equipamentos (aquisição indireta - em conjunto com licitação de obras) | B38: AC | C38: =CONCATENATE(A38,"-",B38) -> Fornecimento de Materiais e Equipamentos (aquisição indireta - em conjunto com licitação de obras)-AC | E38: 0.015 | F38: 0.0345 | G38: 0.0449
A39: =A38 -> Fornecimento de Materiais e Equipamentos (aquisição indireta - em conjunto com licitação de obras) | B39: SG | C39: =CONCATENATE(A39,"-",B39) -> Fornecimento de Materiais e Equipamentos (aquisição indireta - em conjunto com licitação de obras)-SG | E39: 0.003 | F39: 0.0048 | G39: 0.0082 | I39: Observações:
A40: =A39 -> Fornecimento de Materiais e Equipamentos (aquisição indireta - em conjunto com licitação de obras) | B40: R | C40: =CONCATENATE(A40,"-",B40) -> Fornecimento de Materiais e Equipamentos (aquisição indireta - em conjunto com licitação de obras)-R | E40: 0.0056 | F40: 0.0085 | G40: 0.0089
A41: =A40 -> Fornecimento de Materiais e Equipamentos (aquisição indireta - em conjunto com licitação de obras) | B41: DF | C41: =CONCATENATE(A41,"-",B41) -> Fornecimento de Materiais e Equipamentos (aquisição indireta - em conjunto com licitação de obras)-DF | E41: 0.0085 | F41: 0.0085 | G41: 0.0111
A42: =A41 -> Fornecimento de Materiais e Equipamentos (aquisição indireta - em conjunto com licitação de obras) | B42: L | C42: =CONCATENATE(A42,"-",B42) -> Fornecimento de Materiais e Equipamentos (aquisição indireta - em conjunto com licitação de obras)-L | E42: 0.035 | F42: 0.0511 | G42: 0.0622 | I42: =PO!K51 -> Vista Alegre do Prata/RS | O42: =PO!K54 -> 46199
A43: =A42 -> Fornecimento de Materiais e Equipamentos (aquisição indireta - em conjunto com licitação de obras) | B43: BDI PAD | C43: =CONCATENATE(A43,"-",B43) -> Fornecimento de Materiais e Equipamentos (aquisição indireta - em conjunto com licitação de obras)-BDI PAD | E43: 0.111 | F43: 0.1402 | G43: 0.168 | I43: Local | O43: Data
A44: Estudos e Projetos, Planos e Gerenciamento e outros correlatos | B44: K1 | C44: =CONCATENATE(A44,"-",B44) -> Estudos e Projetos, Planos e Gerenciamento e outros correlatos-K1 | E44: - | F44: - | G44: -
A45: =A44 -> Estudos e Projetos, Planos e Gerenciamento e outros correlatos | B45: K2 | C45: =CONCATENATE(A45,"-",B45) -> Estudos e Projetos, Planos e Gerenciamento e outros correlatos-K2 | E45: - | F45: 0.2 | G45: -
A46: =A45 -> Estudos e Projetos, Planos e Gerenciamento e outros correlatos | C46: =CONCATENATE(A46,"-",B46) -> Estudos e Projetos, Planos e Gerenciamento e outros correlatos- | E46: - | F46: - | G46: - | I46: Responsável Técnico | O46: Responsável Tomador
A47: =A46 -> Estudos e Projetos, Planos e Gerenciamento e outros correlatos | C47: =CONCATENATE(A47,"-",B47) -> Estudos e Projetos, Planos e Gerenciamento e outros correlatos- | E47: - | F47: - | G47: - | I47: Nome: | J47: =DADOS!B54 -> Eng. Kleber A. L. Colla | O47: Nome: | P47: Jerri Adriani Meneghetti
A48: =A47 -> Estudos e Projetos, Planos e Gerenciamento e outros correlatos | B48: K3 | C48: =CONCATENATE(A48,"-",B48) -> Estudos e Projetos, Planos e Gerenciamento e outros correlatos-K3 | E48: - | F48: 0.12 | G48: - | I48: Título: | J48: =DADOS!B55 -> Engenheiro Civil | O48: Cargo: | P48: Prefeito Municipal
A49: =A48 -> Estudos e Projetos, Planos e Gerenciamento e outros correlatos | B49: BDI PAD | C49: =CONCATENATE(A49,"-",B49) -> Estudos e Projetos, Planos e Gerenciamento e outros correlatos-BDI PAD | E49: - | F49: - | G49: - | I49: =DADOS!A56 -> CREA/CAU: | J49: =DADOS!B56 -> CREA RS243889
I50: =DADOS!A57 -> ART/RRT: | J50: =DADOS!B57 -> 12339862
A52: Construção e Reforma de Edifícios
A53: Construção de Praças Urbanas, Rodovias, Ferrovias e recapeamento e pavimentação de vias urbanas
A54: Construção de Redes de Abastecimento de Água, Coleta de Esgoto
A55: Construção e Manutenção de Estações e Redes de Distribuição de Energia Elétrica
A56: Obras Portuárias, Marítimas e Fluviais
A57: Fornecimento de Materiais e Equipamentos (aquisição indireta - em conjunto com licitação de obras)
A58: Fornecimento de Materiais e Equipamentos (aquisição direta)
A59: Estudos e Projetos, Planos e Gerenciamento e outros correlatos

Sheet BDI (2)
E1: MIN | F1: MED | G1: MAX | N1: ="Quadro de Composição do BDI "&MID(CELL("nome.arquivo",N1),5+FIND("BDI (",CELL("nome.arquivo",N1)),1) -> Quadro de Composição do BDI 2
A2: Construção e Reforma de Edifícios | B2: AC | C2: =CONCATENATE(A2,"-",B2) -> Construção e Reforma de Edifícios-AC | E2: 0.03 | F2: 0.04 | G2: 0.055
A3: =A2 -> Construção e Reforma de Edifícios | B3: SG | C3: =CONCATENATE(A3,"-",B3) -> Construção e Reforma de Edifícios-SG | E3: 0.008 | F3: 0.008 | G3: 0.01
A4: =A3 -> Construção e Reforma de Edifícios | B4: R | C4: =CONCATENATE(A4,"-",B4) -> Construção e Reforma de Edifícios-R | E4: 0.0097 | F4: 0.0127 | G4: 0.0127 | I4: Nº TC/CR | K4: PROPONENTE / TOMADOR
A5: =A4 -> Construção e Reforma de Edifícios | B5: DF | C5: =CONCATENATE(A5,"-",B5) -> Construção e Reforma de Edifícios-DF | E5: 0.0059 | F5: 0.0123 | G5: 0.0139 | I5: =DADOS!A29 -> 0 | K5: =DADOS!A32 -> Município de Vista Alegre do Prata
A6: =A5 -> Construção e Reforma de Edifícios | B6: L | C6: =CONCATENATE(A6,"-",B6) -> Construção e Reforma de Edifícios-L | E6: 0.0616 | F6: 0.074 | G6: 0.0896
A7: =A6 -> Construção e Reforma de Edifícios | B7: BDI PAD | C7: =CONCATENATE(A7,"-",B7) -> Construção e Reforma de Edifícios-BDI PAD | E7: 0.2034 | F7: 0.2212 | G7: 0.25 | I7: OBJETO
A8: Construção de Praças Urbanas, Rodovias, Ferrovias e recapeamento e pavimentação de vias urbanas | B8: AC | C8: =CONCATENATE(A8,"-",B8) -> Construção de Praças Urbanas, Rodovias, Ferrovias e recapeamento e pavimentação de vias urbanas-AC | E8: 0.038 | F8: 0.0401 | G8: 0.0467 | I8: =DADOS!P29 -> Estrada entre comunidade Poméia e Comunidade Caravagio (trecho 02 estaca 0+300 a 2+009)
A9: Construção de Praças Urbanas, Rodovias, Ferrovias e recapeamento e pavimentação de vias urbanas | B9: SG | C9: =CONCATENATE(A9,"-",B9) -> Construção de Praças Urbanas, Rodovias, Ferrovias e recapeamento e pavimentação de vias urbanas-SG | E9: 0.0032 | F9: 0.004 | G9: 0.0074
A10: Construção de Praças Urbanas, Rodovias, Ferrovias e recapeamento e pavimentação de vias urbanas | B10: R | C10: =CONCATENATE(A10,"-",B10) -> Construção de Praças Urbanas, Rodovias, Ferrovias e recapeamento e pavimentação de vias urbanas-R | E10: 0.005 | F10: 0.0056 | G10: 0.0097 | I10: TIPO DE OBRA DO EMPREENDIMENTO | Q10: DESONERAÇÃO
A11: Construção de Praças Urbanas, Rodovias, Ferrovias e recapeamento e pavimentação de vias urbanas | B11: DF | C11: =CONCATENATE(A11,"-",B11) -> Construção de Praças Urbanas, Rodovias, Ferrovias e recapeamento e pavimentação de vias urbanas-DF | E11: 0.0102 | F11: 0.0111 | G11: 0.0121 | I11: Construção de Praças Urbanas, Rodovias, Ferrovias e recapeamento e pavimentação de vias urbanas | Q11: =DADOS!$C$38 -> Não
A12: Construção de Praças Urbanas, Rodovias, Ferrovias e recapeamento e pavimentação de vias urbanas | B12: L | C12: =CONCATENATE(A12,"-",B12) -> Construção de Praças Urbanas, Rodovias, Ferrovias e recapeamento e pavimentação de vias urbanas-L | E12: 0.0664 | F12: 0.073 | G12: 0.0869
A13: Construção de Praças Urbanas, Rodovias, Ferrovias e recapeamento e pavimentação de vias urbanas | B13: BDI PAD | C13: =CONCATENATE(A13,"-",B13) -> Construção de Praças Urbanas, Rodovias, Ferrovias e recapeamento e pavimentação de vias urbanas-BDI PAD | E13: 0.196 | F13: 0.2097 | G13: 0.2423 | I13: Conforme legislação tributária municipal, definir estimativa de percentual da base de cálculo para o ISS: | Q13: 1
A14: Construção de Redes de Abastecimento de Água, Coleta de Esgoto | B14: AC | C14: =CONCATENATE(A14,"-",B14) -> Construção de Redes de Abastecimento de Água, Coleta de Esgoto-AC | E14: 0.0343 | F14: 0.0493 | G14: 0.0671 | I14: Sobre a base de cálculo, definir a respectiva alíquota do ISS (entre 2% e 5%): | Q14: 0.02
A15: =A14 -> Construção de Redes de Abastecimento de Água, Coleta de Esgoto | B15: SG | C15: =CONCATENATE(A15,"-",B15) -> Construção de Redes de Abastecimento de Água, Coleta de Esgoto-SG | E15: 0.0028 | F15: 0.0049 | G15: 0.0075
I16: Itens | M16: Siglas | N16: % Adotado | O16: Situação | P16: 1º Quartil | Q16: Médio | R16: 3º Quartil | T16: =IF(V27,"Para BDI fora do intervalo estatístico, deve ser apresentado Relatório Técnico Circunstanciado justificando a adoção do percentual de cada parcela do BDI.","") -> Para BDI fora do intervalo estatístico, deve ser apresentado Relatório Técnico Circunstanciado justificando a adoção do percentual de cada parcela do BDI.
A17: =A15 -> Construção de Redes de Abastecimento de Água, Coleta de Esgoto | B17: R | C17: =CONCATENATE(A17,"-",B17) -> Construção de Redes de Abastecimento de Água, Coleta de Esgoto-R | E17: 0.01 | F17: 0.0139 | G17: 0.0174
A18: =A17 -> Construção de Redes de Abastecimento de Água, Coleta de Esgoto | B18: DF | C18: =CONCATENATE(A18,"-",B18) -> Construção de Redes de Abastecimento de Água, Coleta de Esgoto-DF | E18: 0.0094 | F18: 0.0099 | G18: 0.0117 | I18: =IF($I$11=$A$59,"Encargos Sociais incidentes sobre a mão de obra","Administração Central") -> Administração Central | M18: =IF($I$11=$A$59,"K1","AC") -> AC | N18: 0.0467 | O18: - | P18: =VLOOKUP(CONCATENATE(I$11,"-",M18),$C$2:$G$49,3,FALSE) -> 0.038 | Q18: =VLOOKUP(CONCATENATE(I$11,"-",M18),$C$2:$G$49,4,FALSE) -> 0.0401 | R18: =VLOOKUP(CONCATENATE(I$11,"-",M18),$C$2:$G$49,5,FALSE) -> 0.0467
A19: =A18 -> Construção de Redes de Abastecimento de Água, Coleta de Esgoto | B19: L | C19: =CONCATENATE(A19,"-",B19) -> Construção de Redes de Abastecimento de Água, Coleta de Esgoto-L | E19: 0.0674 | F19: 0.0804 | G19: 0.094 | I19: =IF($I$11=$A$59,"Administração Central da empresa ou consultoria - overhead","Seguro e Garantia") -> Seguro e Garantia | M19: =IF($I$11=$A$59,"K2","SG") -> SG | N19: 0.0074 | O19: - | P19: =VLOOKUP(CONCATENATE(I$11,"-",M19),$C$2:$G$49,3,FALSE) -> 0.0032 | Q19: =VLOOKUP(CONCATENATE(I$11,"-",M19),$C$2:$G$49,4,FALSE) -> 0.004 | R19: =VLOOKUP(CONCATENATE(I$11,"-",M19),$C$2:$G$49,5,FALSE) -> 0.0074
A20: =A19 -> Construção de Redes de Abastecimento de Água, Coleta de Esgoto | B20: BDI PAD | C20: =CONCATENATE(A20,"-",B20) -> Construção de Redes de Abastecimento de Água, Coleta de Esgoto-BDI PAD | E20: 0.2076 | F20: 0.2418 | G20: 0.2644 | I20: =IF($I$11=$A$59,"","Risco") -> Risco | M20: =IF($I$11=$A$59,"","R") -> R | N20: 0.0097 | O20: - | P20: =VLOOKUP(CONCATENATE(I$11,"-",M20),$C$2:$G$49,3,FALSE) -> 0.005 | Q20: =VLOOKUP(CONCATENATE(I$11,"-",M20),$C$2:$G$49,4,FALSE) -> 0.0056 | R20: =VLOOKUP(CONCATENATE(I$11,"-",M20),$C$2:$G$49,5,FALSE) -> 0.0097
A21: Construção e Manutenção de Estações e Redes de Distribuição de Energia Elétrica | B21: AC | C21: =CONCATENATE(A21,"-",B21) -> Construção e Manutenção de Estações e Redes de Distribuição de Energia Elétrica-AC | E21: 0.0529 | F21: 0.0592 | G21: 0.0793 | I21: =IF($I$11=$A$59,"","Despesas Financeiras") -> Despesas Financeiras | M21: =IF($I$11=$A$59,"","DF") -> DF | N21: 0.0121 | O21: - | P21: =VLOOKUP(CONCATENATE(I$11,"-",M21),$C$2:$G$49,3,FALSE) -> 0.0102 | Q21: =VLOOKUP(CONCATENATE(I$11,"-",M21),$C$2:$G$49,4,FALSE) -> 0.0111 | R21: =VLOOKUP(CONCATENATE(I$11,"-",M21),$C$2:$G$49,5,FALSE) -> 0.0121
A22: =A21 -> Construção e Manutenção de Estações e Redes de Distribuição de Energia Elétrica | B22: SG | C22: =CONCATENATE(A22,"-",B22) -> Construção e Manutenção de Estações e Redes de Distribuição de Energia Elétrica-SG | E22: 0.0025 | F22: 0.0051 | G22: 0.0056 | I22: =IF($I$11=$A$59,"Margem bruta da empresa de consultoria","Lucro") -> Lucro | M22: =IF($I$11=$A$59,"K3","L") -> L | N22: 0.0467 | O22: - | P22: =VLOOKUP(CONCATENATE(I$11,"-",M22),$C$2:$G$49,3,FALSE) -> 0.0664 | Q22: =VLOOKUP(CONCATENATE(I$11,"-",M22),$C$2:$G$49,4,FALSE) -> 0.073 | R22: =VLOOKUP(CONCATENATE(I$11,"-",M22),$C$2:$G$49,5,FALSE) -> 0.0869
A23: =A22 -> Construção e Manutenção de Estações e Redes de Distribuição de Energia Elétrica | B23: R | C23: =CONCATENATE(A23,"-",B23) -> Construção e Manutenção de Estações e Redes de Distribuição de Energia Elétrica-R | E23: 0.01 | F23: 0.0148 | G23: 0.0197 | I23: Tributos (impostos COFINS 3%, e PIS 0,65%) | M23: CP | N23: 0 | O23: - | P23: 0.0365 | Q23: 0.0365 | R23: 0.0365
A24: =A23 -> Construção e Manutenção de Estações e Redes de Distribuição de Energia Elétrica | B24: DF | C24: =CONCATENATE(A24,"-",B24) -> Construção e Manutenção de Estações e Redes de Distribuição de Energia Elétrica-DF | E24: 0.0101 | F24: 0.0107 | G24: 0.0111 | I24: Tributos (ISS, variável de acordo com o município) | M24: ISS | N24: =IF($I$11<>$A$58,Q14*Q13,0) -> 0.02 | O24: - | P24: 0 | Q24: 0.025 | R24: 0.05
A25: =A24 -> Construção e Manutenção de Estações e Redes de Distribuição de Energia Elétrica | B25: L | C25: =CONCATENATE(A25,"-",B25) -> Construção e Manutenção de Estações e Redes de Distribuição de Energia Elétrica-L | E25: 0.08 | F25: 0.0831 | G25: 0.0951 | I25: Tributos (Contribuição Previdenciária sobre a Receita Bruta - 0% ou 4,5% - Desoneração) | M25: CPRB | N25: =IF(AND($I$11<>$A$58,Q11="Sim"),4.5%,0%) -> 0 | O25: =IF(AND(N25>=P25, N25<=R25), "OK", "Não OK") -> OK | P25: 0 | Q25: 0.045 | R25: 0.045
A26: =A25 -> Construção e Manutenção de Estações e Redes de Distribuição de Energia Elétrica | B26: BDI PAD | C26: =CONCATENATE(A26,"-",B26) -> Construção e Manutenção de Estações e Redes de Distribuição de Energia Elétrica-BDI PAD | E26: 0.24 | F26: 0.2584 | G26: 0.2786 | I26: BDI SEM desoneração (Fórmula Acórdão TCU) | M26: BDI PAD | N26: =IF($I$11=$A$58,0,ROUND((((1+N18+N19+N20)*(1+N21)*(1+N22)/(1-(N23+N24)))-1),4)) -> 0.15 | O26: =IF(OR($I$11=$A$59,$I$11=$A$58,AND(N26>=P26, N26<=R26)), "OK", "FORA DO INTERVALO") -> FORA DO INTERVALO | P26: =IF($I$11=$A$58,0,VLOOKUP(CONCATENATE($I$11,"-",$M26),$C$2:$G$49,3,FALSE)) -> 0.196 | Q26: =IF($I$11=$A$58,0,VLOOKUP(CONCATENATE($I$11,"-",$M26),$C$2:$G$49,4,FALSE)) -> 0.2097 | R26: =IF($I$11=$A$58,0,VLOOKUP(CONCATENATE($I$11,"-",$M26),$C$2:$G$49,5,FALSE)) -> 0.2423
A27: Obras Portuárias, Marítimas e Fluviais | B27: AC | C27: =CONCATENATE(A27,"-",B27) -> Obras Portuárias, Marítimas e Fluviais-AC | E27: 0.04 | F27: 0.0552 | G27: 0.0785 | I27: BDI COM desoneração | M27: BDI DES | N27: =IF($I$11=$A$58,0,ROUND((((1+N18+N19+N20)*(1+N21)*(1+N22)/(1-(N23+N24+N25)))-1),4)) -> 0.15 | O27: =IF(Q11<>"Sim","",O26) | V27: =AND(COUNTA(N18:N23)=6,O26<>"ok",NOT(V29)) -> TRUE | W27: pedir anexo
A28: =A27 -> Obras Portuárias, Marítimas e Fluviais | B28: SG | C28: =CONCATENATE(A28,"-",B28) -> Obras Portuárias, Marítimas e Fluviais-SG | E28: 0.0081 | F28: 0.0122 | G28: 0.0199
A29: =A28 -> Obras Portuárias, Marítimas e Fluviais | B29: R | C29: =CONCATENATE(A29,"-",B29) -> Obras Portuárias, Marítimas e Fluviais-R | E29: 0.0146 | F29: 0.0232 | G29: 0.0316 | I29: =IF(V29,"X","") | J29: Anexo: Relatório Técnico Circunstanciado justificando a adoção do percentual de cada parcela do BDI. | V29: FALSE | W29: anexo apresentado
I31: Os valores de BDI foram calculados com o emprego da fórmula:
A32: =A29 -> Obras Portuárias, Marítimas e Fluviais | B32: DF | C32: =CONCATENATE(A32,"-",B32) -> Obras Portuárias, Marítimas e Fluviais-DF | E32: 0.0094 | F32: 0.0102 | G32: 0.0133 | L32: =IF(Q11="Sim","BDI.DES =","BDI.PAD =") -> BDI.PAD = | M32: =IF($I$11=$A$59,"(1+K1+K2)*(1+K3)","(1+AC + S + R + G)*(1 + DF)*(1+L)") -> (1+AC + S + R + G)*(1 + DF)*(1+L) | P32: - 1
A33: =A32 -> Obras Portuárias, Marítimas e Fluviais | B33: L | C33: =CONCATENATE(A33,"-",B33) -> Obras Portuárias, Marítimas e Fluviais-L | E33: 0.0714 | F33: 0.084 | G33: 0.1043 | M33: =IF(Q11="Sim","(1-CP-ISS-CRPB)","(1-CP-ISS)") -> (1-CP-ISS)
A34: =A33 -> Obras Portuárias, Marítimas e Fluviais | B34: BDI PAD | C34: =CONCATENATE(A34,"-",B34) -> Obras Portuárias, Marítimas e Fluviais-BDI PAD | E34: 0.228 | F34: 0.2748 | G34: 0.3095
I35: =CONCATENATE("Declaro para os devidos fins que, conforme legislação tributária municipal, a base de cálculo para ",I11,", é de ",Q13*100,"%, com a respectiva alíquota de ",Q14*100,"%.") -> Declaro para os devidos fins que, conforme legislação tributária municipal, a base de cálculo para Construção de Praças Urbanas, Rodovias, Ferrovias e recapeamento e pavimentação de vias urbanas, é de 100%, com a respectiva alíquota de 2%.
I37: =CONCATENATE("Declaro para os devidos fins que o regime de Contribuição Previdenciária sobre a Receita Bruta adotado para elaboração do orçamento foi ",IF(Q11="Sim","COM","SEM")," Desoneração, e que esta é a alternativa mais adequada para a Administração Pública.") -> Declaro para os devidos fins que o regime de Contribuição Previdenciária sobre a Receita Bruta adotado para elaboração do orçamento foi SEM Desoneração, e que esta é a alternativa mais adequada para a Administração Pública.
A38: Fornecimento de Materiais e Equipamentos (aquisição indireta - em conjunto com licitação de obras) | B38: AC | C38: =CONCATENATE(A38,"-",B38) -> Fornecimento de Materiais e Equipamentos (aquisição indireta - em conjunto com licitação de obras)-AC | E38: 0.015 | F38: 0.0345 | G38: 0.0449
A39: =A38 -> Fornecimento de Materiais e Equipamentos (aquisição indireta - em conjunto com licitação de obras) | B39: SG | C39: =CONCATENATE(A39,"-",B39) -> Fornecimento de Materiais e Equipamentos (aquisição indireta - em conjunto com licitação de obras)-SG | E39: 0.003 | F39: 0.0048 | G39: 0.0082 | I39: Observações:
A40: =A39 -> Fornecimento de Materiais e Equipamentos (aquisição indireta - em conjunto com licitação de obras) | B40: R | C40: =CONCATENATE(A40,"-",B40) -> Fornecimento de Materiais e Equipamentos (aquisição indireta - em conjunto com licitação de obras)-R | E40: 0.0056 | F40: 0.0085 | G40: 0.0089
A41: =A40 -> Fornecimento de Materiais e Equipamentos (aquisição indireta - em conjunto com licitação de obras) | B41: DF | C41: =CONCATENATE(A41,"-",B41) -> Fornecimento de Materiais e Equipamentos (aquisição indireta - em conjunto com licitação de obras)-DF | E41: 0.0085 | F41: 0.0085 | G41: 0.0111
A42: =A41 -> Fornecimento de Materiais e Equipamentos (aquisição indireta - em conjunto com licitação de obras) | B42: L | C42: =CONCATENATE(A42,"-",B42) -> Fornecimento de Materiais e Equipamentos (aquisição indireta - em conjunto com licitação de obras)-L | E42: 0.035 | F42: 0.0511 | G42: 0.0622 | I42: =PO!K51 -> Vista Alegre do Prata/RS | O42: =PO!K54 -> 46199
A43: =A42 -> Fornecimento de Materiais e Equipamentos (aquisição indireta - em conjunto com licitação de obras) | B43: BDI PAD | C43: =CONCATENATE(A43,"-",B43) -> Fornecimento de Materiais e Equipamentos (aquisição indireta - em conjunto com licitação de obras)-BDI PAD | E43: 0.111 | F43: 0.1402 | G43: 0.168 | I43: Local | O43: Data
A44: Estudos e Projetos, Planos e Gerenciamento e outros correlatos | B44: K1 | C44: =CONCATENATE(A44,"-",B44) -> Estudos e Projetos, Planos e Gerenciamento e outros correlatos-K1 | E44: - | F44: - | G44: -
A45: =A44 -> Estudos e Projetos, Planos e Gerenciamento e outros correlatos | B45: K2 | C45: =CONCATENATE(A45,"-",B45) -> Estudos e Projetos, Planos e Gerenciamento e outros correlatos-K2 | E45: - | F45: 0.2 | G45: -
A46: =A45 -> Estudos e Projetos, Planos e Gerenciamento e outros correlatos | C46: =CONCATENATE(A46,"-",B46) -> Estudos e Projetos, Planos e Gerenciamento e outros correlatos- | E46: - | F46: - | G46: - | I46: Responsável Técnico | O46: Responsável Tomador
A47: =A46 -> Estudos e Projetos, Planos e Gerenciamento e outros correlatos | C47: =CONCATENATE(A47,"-",B47) -> Estudos e Projetos, Planos e Gerenciamento e outros correlatos- | E47: - | F47: - | G47: - | I47: Nome: | J47: =DADOS!B54 -> Eng. Kleber A. L. Colla | O47: Nome: | P47: Jerri Adriani Meneghetti
A48: =A47 -> Estudos e Projetos, Planos e Gerenciamento e outros correlatos | B48: K3 | C48: =CONCATENATE(A48,"-",B48) -> Estudos e Projetos, Planos e Gerenciamento e outros correlatos-K3 | E48: - | F48: 0.12 | G48: - | I48: Título: | J48: =DADOS!B55 -> Engenheiro Civil | O48: Cargo: | P48: Prefeito Municipal
A49: =A48 -> Estudos e Projetos, Planos e Gerenciamento e outros correlatos | B49: BDI PAD | C49: =CONCATENATE(A49,"-",B49) -> Estudos e Projetos, Planos e Gerenciamento e outros correlatos-BDI PAD | E49: - | F49: - | G49: - | I49: =DADOS!A56 -> CREA/CAU: | J49: =DADOS!B56 -> CREA RS243889
I50: =DADOS!A57 -> ART/RRT: | J50: =DADOS!B57 -> 12339862
A52: Construção e Reforma de Edifícios
A53: Construção de Praças Urbanas, Rodovias, Ferrovias e recapeamento e pavimentação de vias urbanas
A54: Construção de Redes de Abastecimento de Água, Coleta de Esgoto
A55: Construção e Manutenção de Estações e Redes de Distribuição de Energia Elétrica
A56: Obras Portuárias, Marítimas e Fluviais
A57: Fornecimento de Materiais e Equipamentos (aquisição indireta - em conjunto com licitação de obras)
A58: Fornecimento de Materiais e Equipamentos (aquisição direta)
A59: Estudos e Projetos, Planos e Gerenciamento e outros correlatos

Sheet PO
N1: PO - PLANILHA ORÇAMENTÁRIA | T1: Grau de Sigilo
B2: LOTE | C2: Meta | D2: Nível 2 | E2: Nível 3 | F2: Nível 4 | G2: Serviço | N2: =CHOOSE(1+LOG(1+2*(TipoOrçamento="BASE")+4*(TipoOrçamento="LICITADO")+8*(TipoOrçamento="REPROGRAMADOAC")+16*(TipoOrçamento="REPROGRAMADONPL"),2),"nada","Orçamento Base para Licitação","Orçamento Licitado","Orçamento Licitado Reprogramado","Orçamento Base para Licitação - Reprogramado") -> Orçamento Base para Licitação | T2: #PUBLICO | W2: Arredondamento
W3: Quantidade | X3: TRUE
A4: Nmax | U4: ERRO GERAL | W4: Custo Unitáro | X4: TRUE
A5: =MAX($A$12:$A$40) -> 3 | U5: =IF(COUNTIF($U$12:OFFSET($U$40,-1,0),"DESCRIÇÃO")+COUNTIF($U$12:OFFSET($U$40,-1,0),"UNIDADE")+COUNTIF($U$12:OFFSET($U$40,-1,0),"SEM VALOR")>0,"NÃO OK","OK") -> OK | W5: BDI | X5: TRUE
W6: Preço Unitário | X6: TRUE
W7: Preço Total | X7: TRUE
P9: =OFFSET(PLQ!$E$12,ROW($P9)-ROW(P$12),0) -> -
A10: Nível | B10: Altura | C10: n1 | D10: n2 | E10: n3 | F10: n4 | G10: n5 | H10: Czero | I10: Cnível | J10: Nível | K10: Item | L10: Fonte | M10: Código | N10: Descrição | O10: Unidade | P10: Quantidade | Q10: =IF(OR(TipoOrçamento="LICITADO",TipoOrçamento="REPROGRAMADOAC"),"Preço Unitário (R$)","Custo Unitário (R$)") -> Custo Unitário (R$) | R10: BDI (%) | S10: Preço Unitário (R$) | T10: Preço Total (R$) | U10: Erro de Dados | V10: Lista Crono | W10: Concatenação Fonte-Código | X10: BancoRef | Y10: =IF(TipoOrçamento="LICITADO","Preço Unitário Edital (R$)","Custo Unitário Referência (R$)") -> Custo Unitário Referência (R$) | Z10: =IF(TipoOrçamento="LICITADO","Valor BDI Edital","Valor BDI") -> Valor BDI
A11: =CHOOSE(1+LOG(1+2*(J11="Meta")+4*(J11="Nível 2")+8*(J11="Nível 3")+16*(J11="Nível 4")+32*(J11="Serviço"),2),0,1,2,3,4,"S") -> S | B11: =IF(OR(A11="S",A11=0),0,IF(ISERROR(I11),H11,SMALL(H11:I11,1))) -> 0 | C11: =IF($A11=1,OFFSET(C11,-1,0)+1,OFFSET(C11,-1,0)) -> n1 | D11: =IF($A11=1,0,IF($A11=2,OFFSET(D11,-1,0)+1,OFFSET(D11,-1,0))) -> n2 | E11: =IF(AND($A11<=2,$A11<>0),0,IF($A11=3,OFFSET(E11,-1,0)+1,OFFSET(E11,-1,0))) -> n3 | F11: =IF(AND($A11<=3,$A11<>0),0,IF($A11=4,OFFSET(F11,-1,0)+1,OFFSET(F11,-1,0))) -> n4 | G11: =IF(AND($A11<=4,$A11<>0),0,IF($A11="S",OFFSET(G11,-1,0)+1,OFFSET(G11,-1,0))) -> #VALUE! | H11: =IF(OR($A11="S",$A11=0),0,MATCH(0,OFFSET($B11,1,$A11,ROW($A$40)-ROW($A11)),0)) -> 0 | I11: =IF(OR($A11="S",$A11=0),0,MATCH(OFFSET($B11,0,$A11)+1,OFFSET($B11,1,$A11,ROW($A$40)-ROW($A11)),0)) -> 0 | J11: Serviço | K11: =IF($A11=0,"-",CONCATENATE(C11&".",IF(AND($A$5>=2,$A11>=2),D11&".",""),IF(AND($A$5>=3,$A11>=3),E11&".",""),IF(AND($A$5>=4,$A11>=4),F11&".",""),IF($A11="S",G11&".",""))) -> #VALUE! | N11: =IF($A11="S",Referencia.Descricao,"(digite a descrição aqui)") | O11: =Referencia.Unidade | R11: BDI 1 | S11: =IF($A11="S",IF($Q$10="Preço Unitário (R$)",PO.CustoUnitario,ROUND(PO.CustoUnitario*(1+$Z11),15-13*$X$6)),0) -> 0 | T11: =IF($A11="S",VTOTAL1,IF($A11=0,0,ROUND(SomaAgrup,15-13*$X$7))) -> 0 | U11: =IF($J11="","",IF($N11="","DESCRIÇÃO",IF(AND($J11="Serviço",$O11=""),"UNIDADE",IF($T11<=0,"SEM VALOR",IF(AND($Y11<>"",$Q11>$Y11),"ACIMA REF.",""))))) -> DESCRIÇÃO | V11: =IF(OR($A11=0,$A11="S",$A11>CFF!$A$9),"",MAX(V$12:OFFSET(V11,-1,0))+1) | W11: =IF(AND($J11="Serviço",$M11<>""),IF($L11="",$M11,CONCATENATE($L11,"-",$M11))) -> FALSE | X11: =IF(AND(Fonte<>"",Código<>""),MATCH(Fonte&" "&IF(Fonte="sinapi",SUBSTITUTE(SUBSTITUTE(Código,"/00","/"),"/0","/"),Código),INDIRECT("'[Referência "&_xlnm.Database&".xls]Banco'!$a:$a"),0),"X") -> X | Y11: =IF(Import.Desoneracao="sim",Referencia.Desonerado,Referencia.NaoDesonerado) -> 0 | Z11: =ROUND(IF(ISNUMBER(R11),R11,IF(LEFT(R11,3)="BDI",HLOOKUP(R11,DADOS!$T$37:$X$38,2,FALSE),0)),15-11*$X$5) -> 0.2147
A12: 0 | B12: =COUNTA(OFFSET(B12,1,0):B$40) -> 27 | J12: =IF(OR(TipoOrçamento="LICITADO",TipoOrçamento="REPROGRAMADOAC"),"CTEF","LOTE") -> LOTE | K12: 0 | N12: =IF(TipoOrçamento="LICITADO",DADOS!O43,DADOS!G38) -> Estrada entre comunidade Poméia e Comunidade Caravagio (trecho 02 estaca 0+300 a 2+009) | T12: =SUMIF(OFFSET($J12,1,0,ROW(T40)-ROW(T12)-1),"Serviço",OFFSET(T12,1,0,ROW(T40)-ROW(T12)-1)) -> 1056367.9 | U12: =IF($N12=0,"DESCRIÇÃO","") | V12: 0
A13: =CHOOSE(1+LOG(1+2*(J13="Meta")+4*(J13="Nível 2")+8*(J13="Nível 3")+16*(J13="Nível 4")+32*(J13="Serviço"),2),0,1,2,3,4,"S") -> 1 | B13: =IF(OR(A13="S",A13=0),0,IF(ISERROR(I13),H13,SMALL(H13:I13,1))) -> 27 | C13: =IF($A13=1,OFFSET(C13,-1,0)+1,OFFSET(C13,-1,0)) -> 1 | D13: =IF($A13=1,0,IF($A13=2,OFFSET(D13,-1,0)+1,OFFSET(D13,-1,0))) -> 0 | E13: =IF(AND($A13<=2,$A13<>0),0,IF($A13=3,OFFSET(E13,-1,0)+1,OFFSET(E13,-1,0))) -> 0 | F13: =IF(AND($A13<=3,$A13<>0),0,IF($A13=4,OFFSET(F13,-1,0)+1,OFFSET(F13,-1,0))) -> 0 | G13: =IF(AND($A13<=4,$A13<>0),0,IF($A13="S",OFFSET(G13,-1,0)+1,OFFSET(G13,-1,0))) -> 0 | H13: =IF(OR($A13="S",$A13=0),0,MATCH(0,OFFSET($B13,1,$A13,ROW($A$40)-ROW($A13)),0)) -> 27 | I13: =IF(OR($A13="S",$A13=0),0,MATCH(OFFSET($B13,0,$A13)+1,OFFSET($B13,1,$A13,ROW($A$40)-ROW($A13)),0)) -> #N/A | J13: Meta | K13: =IF($A13=0,"-",CONCATENATE(C13&".",IF(AND($A$5>=2,$A13>=2),D13&".",""),IF(AND($A$5>=3,$A13>=3),E13&".",""),IF(AND($A$5>=4,$A13>=4),F13&".",""),IF($A13="S",G13&".",""))) -> 1. | N13: =N12 -> Estrada entre comunidade Poméia e Comunidade Caravagio (trecho 02 estaca 0+300 a 2+009) | P13: 0 | R13: BDI 1 | S13: =IF($A13="S",IF($Q$10="Preço Unitário (R$)",PO.CustoUnitario,ROUND(PO.CustoUnitario*(1+$Z13),15-13*$X$6)),0) -> 0 | T13: =IF($A13="S",VTOTAL1,IF($A13=0,0,ROUND(SomaAgrup,15-13*$X$7))) -> 1056367.9 | U13: =IF($J13="","",IF($N13="","DESCRIÇÃO",IF(AND($J13="Serviço",$O13=""),"UNIDADE",IF($T13<=0,"SEM VALOR",IF(AND($Y13<>"",$Q13>$Y13),"ACIMA REF.",""))))) | V13: =IF(OR($A13=0,$A13="S",$A13>CFF!$A$9),"",MAX(V$12:OFFSET(V13,-1,0))+1) -> 1 | W13: =IF(AND($J13="Serviço",$M13<>""),IF($L13="",$M13,CONCATENATE($L13,"-",$M13))) -> FALSE | X13: =IF(AND(Fonte<>"",Código<>""),MATCH(Fonte&" "&IF(Fonte="sinapi",SUBSTITUTE(SUBSTITUTE(Código,"/00","/"),"/0","/"),Código),INDIRECT("'[Referência "&_xlnm.Database&".xls]Banco'!$a:$a"),0),"X") -> X | Y13: =IF(Import.Desoneracao="sim",Referencia.Desonerado,Referencia.NaoDesonerado) -> 0 | Z13: =ROUND(IF(ISNUMBER(R13),R13,IF(LEFT(R13,3)="BDI",HLOOKUP(R13,DADOS!$T$37:$X$38,2,FALSE),0)),15-11*$X$5) -> 0.2147
A14: =CHOOSE(1+LOG(1+2*(J14="Meta")+4*(J14="Nível 2")+8*(J14="Nível 3")+16*(J14="Nível 4")+32*(J14="Serviço"),2),0,1,2,3,4,"S") -> 2 | B14: =IF(OR(A14="S",A14=0),0,IF(ISERROR(I14),H14,SMALL(H14:I14,1))) -> 3 | C14: =IF($A14=1,OFFSET(C14,-1,0)+1,OFFSET(C14,-1,0)) -> 1 | D14: =IF($A14=1,0,IF($A14=2,OFFSET(D14,-1,0)+1,OFFSET(D14,-1,0))) -> 1 | E14: =IF(AND($A14<=2,$A14<>0),0,IF($A14=3,OFFSET(E14,-1,0)+1,OFFSET(E14,-1,0))) -> 0 | F14: =IF(AND($A14<=3,$A14<>0),0,IF($A14=4,OFFSET(F14,-1,0)+1,OFFSET(F14,-1,0))) -> 0 | G14: =IF(AND($A14<=4,$A14<>0),0,IF($A14="S",OFFSET(G14,-1,0)+1,OFFSET(G14,-1,0))) -> 0 | H14: =IF(OR($A14="S",$A14=0),0,MATCH(0,OFFSET($B14,1,$A14,ROW($A$40)-ROW($A14)),0)) -> 26 | I14: =IF(OR($A14="S",$A14=0),0,MATCH(OFFSET($B14,0,$A14)+1,OFFSET($B14,1,$A14,ROW($A$40)-ROW($A14)),0)) -> 3 | J14: Nível 2 | K14: =IF($A14=0,"-",CONCATENATE(C14&".",IF(AND($A$5>=2,$A14>=2),D14&".",""),IF(AND($A$5>=3,$A14>=3),E14&".",""),IF(AND($A$5>=4,$A14>=4),F14&".",""),IF($A14="S",G14&".",""))) -> 1.1. | N14: SERVIÇOS PRELIMINARES | P14: 0 | S14: =IF($A14="S",IF($Q$10="Preço Unitário (R$)",PO.CustoUnitario,ROUND(PO.CustoUnitario*(1+$Z14),15-13*$X$6)),0) -> 0 | T14: =IF($A14="S",VTOTAL1,IF($A14=0,0,ROUND(SomaAgrup,15-13*$X$7))) -> 8716 | U14: =IF($J14="","",IF($N14="","DESCRIÇÃO",IF(AND($J14="Serviço",$O14=""),"UNIDADE",IF($T14<=0,"SEM VALOR",IF(AND($Y14<>"",$Q14>$Y14),"ACIMA REF.",""))))) | V14: =IF(OR($A14=0,$A14="S",$A14>CFF!$A$9),"",MAX(V$12:OFFSET(V14,-1,0))+1) -> 2 | W14: =IF(AND($J14="Serviço",$M14<>""),IF($L14="",$M14,CONCATENATE($L14,"-",$M14))) -> FALSE | X14: =IF(AND(Fonte<>"",Código<>""),MATCH(Fonte&" "&IF(Fonte="sinapi",SUBSTITUTE(SUBSTITUTE(Código,"/00","/"),"/0","/"),Código),INDIRECT("'[Referência "&_xlnm.Database&".xls]Banco'!$a:$a"),0),"X") -> X | Y14: =IF(Import.Desoneracao="sim",Referencia.Desonerado,Referencia.NaoDesonerado) -> 0 | Z14: =ROUND(IF(ISNUMBER(R14),R14,IF(LEFT(R14,3)="BDI",HLOOKUP(R14,DADOS!$T$37:$X$38,2,FALSE),0)),15-11*$X$5) -> 0
A15: =CHOOSE(1+LOG(1+2*(J15="Meta")+4*(J15="Nível 2")+8*(J15="Nível 3")+16*(J15="Nível 4")+32*(J15="Serviço"),2),0,1,2,3,4,"S") -> S | B15: =IF(OR(A15="S",A15=0),0,IF(ISERROR(I15),H15,SMALL(H15:I15,1))) -> 0 | C15: =IF($A15=1,OFFSET(C15,-1,0)+1,OFFSET(C15,-1,0)) -> 1 | D15: =IF($A15=1,0,IF($A15=2,OFFSET(D15,-1,0)+1,OFFSET(D15,-1,0))) -> 1 | E15: =IF(AND($A15<=2,$A15<>0),0,IF($A15=3,OFFSET(E15,-1,0)+1,OFFSET(E15,-1,0))) -> 0 | F15: =IF(AND($A15<=3,$A15<>0),0,IF($A15=4,OFFSET(F15,-1,0)+1,OFFSET(F15,-1,0))) -> 0 | G15: =IF(AND($A15<=4,$A15<>0),0,IF($A15="S",OFFSET(G15,-1,0)+1,OFFSET(G15,-1,0))) -> 1 | H15: =IF(OR($A15="S",$A15=0),0,MATCH(0,OFFSET($B15,1,$A15,ROW($A$40)-ROW($A15)),0)) -> 0 | I15: =IF(OR($A15="S",$A15=0),0,MATCH(OFFSET($B15,0,$A15)+1,OFFSET($B15,1,$A15,ROW($A$40)-ROW($A15)),0)) -> 0 | J15: Serviço | K15: =IF($A15=0,"-",CONCATENATE(C15&".",IF(AND($A$5>=2,$A15>=2),D15&".",""),IF(AND($A$5>=3,$A15>=3),E15&".",""),IF(AND($A$5>=4,$A15>=4),F15&".",""),IF($A15="S",G15&".",""))) -> 1.1.0.1. | L15: COMPOSIÇÃO | M15: 01 | N15: MOBILIZAÇÃO | O15: UN. | P15: 1 | Q15: 3297.28 | R15: BDI 1 | S15: =IF($A15="S",IF($Q$10="Preço Unitário (R$)",PO.CustoUnitario,ROUND(PO.CustoUnitario*(1+$Z15),15-13*$X$6)),0) -> 4005.21 | T15: =IF($A15="S",VTOTAL1,IF($A15=0,0,ROUND(SomaAgrup,15-13*$X$7))) -> 4005.21 | U15: =IF($J15="","",IF($N15="","DESCRIÇÃO",IF(AND($J15="Serviço",$O15=""),"UNIDADE",IF($T15<=0,"SEM VALOR",IF(AND($Y15<>"",$Q15>$Y15),"ACIMA REF.",""))))) -> ACIMA REF. | V15: =IF(OR($A15=0,$A15="S",$A15>CFF!$A$9),"",MAX(V$12:OFFSET(V15,-1,0))+1) | W15: =IF(AND($J15="Serviço",$M15<>""),IF($L15="",$M15,CONCATENATE($L15,"-",$M15))) -> COMPOSIÇÃO-01 | X15: =IF(AND(Fonte<>"",Código<>""),MATCH(Fonte&" "&IF(Fonte="sinapi",SUBSTITUTE(SUBSTITUTE(Código,"/00","/"),"/0","/"),Código),INDIRECT("'[Referência "&_xlnm.Database&".xls]Banco'!$a:$a"),0),"X") -> #REF! | Y15: =IF(Import.Desoneracao="sim",Referencia.Desonerado,Referencia.NaoDesonerado) -> 0 | Z15: =ROUND(IF(ISNUMBER(R15),R15,IF(LEFT(R15,3)="BDI",HLOOKUP(R15,DADOS!$T$37:$X$38,2,FALSE),0)),15-11*$X$5) -> 0.2147
A16: =CHOOSE(1+LOG(1+2*(J16="Meta")+4*(J16="Nível 2")+8*(J16="Nível 3")+16*(J16="Nível 4")+32*(J16="Serviço"),2),0,1,2,3,4,"S") -> S | B16: =IF(OR(A16="S",A16=0),0,IF(ISERROR(I16),H16,SMALL(H16:I16,1))) -> 0 | C16: =IF($A16=1,OFFSET(C16,-1,0)+1,OFFSET(C16,-1,0)) -> 1 | D16: =IF($A16=1,0,IF($A16=2,OFFSET(D16,-1,0)+1,OFFSET(D16,-1,0))) -> 1 | E16: =IF(AND($A16<=2,$A16<>0),0,IF($A16=3,OFFSET(E16,-1,0)+1,OFFSET(E16,-1,0))) -> 0 | F16: =IF(AND($A16<=3,$A16<>0),0,IF($A16=4,OFFSET(F16,-1,0)+1,OFFSET(F16,-1,0))) -> 0 | G16: =IF(AND($A16<=4,$A16<>0),0,IF($A16="S",OFFSET(G16,-1,0)+1,OFFSET(G16,-1,0))) -> 2 | H16: =IF(OR($A16="S",$A16=0),0,MATCH(0,OFFSET($B16,1,$A16,ROW($A$40)-ROW($A16)),0)) -> 0 | I16: =IF(OR($A16="S",$A16=0),0,MATCH(OFFSET($B16,0,$A16)+1,OFFSET($B16,1,$A16,ROW($A$40)-ROW($A16)),0)) -> 0 | J16: Serviço | K16: =IF($A16=0,"-",CONCATENATE(C16&".",IF(AND($A$5>=2,$A16>=2),D16&".",""),IF(AND($A$5>=3,$A16>=3),E16&".",""),IF(AND($A$5>=4,$A16>=4),F16&".",""),IF($A16="S",G16&".",""))) -> 1.1.0.2. | L16: SICRO | M16: 5213374 | N16: Placa em aço - 3,00 x 2,00 m - película retrorrefletiva tipo III + X - fornecimento e implantação | O16: un | P16: 1 | Q16: 3878.15 | R16: BDI 1 | S16: =IF($A16="S",IF($Q$10="Preço Unitário (R$)",PO.CustoUnitario,ROUND(PO.CustoUnitario*(1+$Z16),15-13*$X$6)),0) -> 4710.79 | T16: =IF($A16="S",VTOTAL1,IF($A16=0,0,ROUND(SomaAgrup,15-13*$X$7))) -> 4710.79 | U16: =IF($J16="","",IF($N16="","DESCRIÇÃO",IF(AND($J16="Serviço",$O16=""),"UNIDADE",IF($T16<=0,"SEM VALOR",IF(AND($Y16<>"",$Q16>$Y16),"ACIMA REF.",""))))) -> ACIMA REF. | V16: =IF(OR($A16=0,$A16="S",$A16>CFF!$A$9),"",MAX(V$12:OFFSET(V16,-1,0))+1) | W16: =IF(AND($J16="Serviço",$M16<>""),IF($L16="",$M16,CONCATENATE($L16,"-",$M16))) -> SICRO-5213374 | X16: =IF(AND(Fonte<>"",Código<>""),MATCH(Fonte&" "&IF(Fonte="sinapi",SUBSTITUTE(SUBSTITUTE(Código,"/00","/"),"/0","/"),Código),INDIRECT("'[Referência "&_xlnm.Database&".xls]Banco'!$a:$a"),0),"X") -> #REF! | Y16: =IF(Import.Desoneracao="sim",Referencia.Desonerado,Referencia.NaoDesonerado) -> 0 | Z16: =ROUND(IF(ISNUMBER(R16),R16,IF(LEFT(R16,3)="BDI",HLOOKUP(R16,DADOS!$T$37:$X$38,2,FALSE),0)),15-11*$X$5) -> 0.2147
A17: =CHOOSE(1+LOG(1+2*(J17="Meta")+4*(J17="Nível 2")+8*(J17="Nível 3")+16*(J17="Nível 4")+32*(J17="Serviço"),2),0,1,2,3,4,"S") -> 2 | B17: =IF(OR(A17="S",A17=0),0,IF(ISERROR(I17),H17,SMALL(H17:I17,1))) -> 2 | C17: =IF($A17=1,OFFSET(C17,-1,0)+1,OFFSET(C17,-1,0)) -> 1 | D17: =IF($A17=1,0,IF($A17=2,OFFSET(D17,-1,0)+1,OFFSET(D17,-1,0))) -> 2 | E17: =IF(AND($A17<=2,$A17<>0),0,IF($A17=3,OFFSET(E17,-1,0)+1,OFFSET(E17,-1,0))) -> 0 | F17: =IF(AND($A17<=3,$A17<>0),0,IF($A17=4,OFFSET(F17,-1,0)+1,OFFSET(F17,-1,0))) -> 0 | G17: =IF(AND($A17<=4,$A17<>0),0,IF($A17="S",OFFSET(G17,-1,0)+1,OFFSET(G17,-1,0))) -> 0 | H17: =IF(OR($A17="S",$A17=0),0,MATCH(0,OFFSET($B17,1,$A17,ROW($A$40)-ROW($A17)),0)) -> 23 | I17: =IF(OR($A17="S",$A17=0),0,MATCH(OFFSET($B17,0,$A17)+1,OFFSET($B17,1,$A17,ROW($A$40)-ROW($A17)),0)) -> 2 | J17: Nível 2 | K17: =IF($A17=0,"-",CONCATENATE(C17&".",IF(AND($A$5>=2,$A17>=2),D17&".",""),IF(AND($A$5>=3,$A17>=3),E17&".",""),IF(AND($A$5>=4,$A17>=4),F17&".",""),IF($A17="S",G17&".",""))) -> 1.2. | L17: SINAPI | M17: 93575 | N17: ADMINISTRAÇÃO LOCAL DE OBRA | O17: MÊS | P17: 2 | Q17: 13223.17 | R17: BDI 1 | S17: =IF($A17="S",IF($Q$10="Preço Unitário (R$)",PO.CustoUnitario,ROUND(PO.CustoUnitario*(1+$Z17),15-13*$X$6)),0) -> 0 | T17: =IF($A17="S",VTOTAL1,IF($A17=0,0,ROUND(SomaAgrup,15-13*$X$7))) -> 55476.69 | U17: =IF($J17="","",IF($N17="","DESCRIÇÃO",IF(AND($J17="Serviço",$O17=""),"UNIDADE",IF($T17<=0,"SEM VALOR",IF(AND($Y17<>"",$Q17>$Y17),"ACIMA REF.",""))))) -> ACIMA REF. | V17: =IF(OR($A17=0,$A17="S",$A17>CFF!$A$9),"",MAX(V$12:OFFSET(V17,-1,0))+1) -> 3 | W17: =IF(AND($J17="Serviço",$M17<>""),IF($L17="",$M17,CONCATENATE($L17,"-",$M17))) -> FALSE | X17: =IF(AND(Fonte<>"",Código<>""),MATCH(Fonte&" "&IF(Fonte="sinapi",SUBSTITUTE(SUBSTITUTE(Código,"/00","/"),"/0","/"),Código),INDIRECT("'[Referência "&_xlnm.Database&".xls]Banco'!$a:$a"),0),"X") -> #REF! | Y17: =IF(Import.Desoneracao="sim",Referencia.Desonerado,Referencia.NaoDesonerado) -> 0 | Z17: =ROUND(IF(ISNUMBER(R17),R17,IF(LEFT(R17,3)="BDI",HLOOKUP(R17,DADOS!$T$37:$X$38,2,FALSE),0)),15-11*$X$5) -> 0.2147
A18: =CHOOSE(1+LOG(1+2*(J18="Meta")+4*(J18="Nível 2")+8*(J18="Nível 3")+16*(J18="Nível 4")+32*(J18="Serviço"),2),0,1,2,3,4,"S") -> S | B18: =IF(OR(A18="S",A18=0),0,IF(ISERROR(I18),H18,SMALL(H18:I18,1))) -> 0 | C18: =IF($A18=1,OFFSET(C18,-1,0)+1,OFFSET(C18,-1,0)) -> 1 | D18: =IF($A18=1,0,IF($A18=2,OFFSET(D18,-1,0)+1,OFFSET(D18,-1,0))) -> 2 | E18: =IF(AND($A18<=2,$A18<>0),0,IF($A18=3,OFFSET(E18,-1,0)+1,OFFSET(E18,-1,0))) -> 0 | F18: =IF(AND($A18<=3,$A18<>0),0,IF($A18=4,OFFSET(F18,-1,0)+1,OFFSET(F18,-1,0))) -> 0 | G18: =IF(AND($A18<=4,$A18<>0),0,IF($A18="S",OFFSET(G18,-1,0)+1,OFFSET(G18,-1,0))) -> 1 | H18: =IF(OR($A18="S",$A18=0),0,MATCH(0,OFFSET($B18,1,$A18,ROW($A$40)-ROW($A18)),0)) -> 0 | I18: =IF(OR($A18="S",$A18=0),0,MATCH(OFFSET($B18,0,$A18)+1,OFFSET($B18,1,$A18,ROW($A$40)-ROW($A18)),0)) -> 0 | J18: Serviço | K18: =IF($A18=0,"-",CONCATENATE(C18&".",IF(AND($A$5>=2,$A18>=2),D18&".",""),IF(AND($A$5>=3,$A18>=3),E18&".",""),IF(AND($A$5>=4,$A18>=4),F18&".",""),IF($A18="S",G18&".",""))) -> 1.2.0.1. | L18: COMPOSIÇÃO | M18: 02 | N18: ADMINISTRAÇÃO LOCAL DE OBRA | O18: UM | P18: 1 | Q18: 45671.1 | R18: BDI 1 | S18: =IF($A18="S",IF($Q$10="Preço Unitário (R$)",PO.CustoUnitario,ROUND(PO.CustoUnitario*(1+$Z18),15-13*$X$6)),0) -> 55476.69 | T18: =IF($A18="S",VTOTAL1,IF($A18=0,0,ROUND(SomaAgrup,15-13*$X$7))) -> 55476.69 | U18: =IF($J18="","",IF($N18="","DESCRIÇÃO",IF(AND($J18="Serviço",$O18=""),"UNIDADE",IF($T18<=0,"SEM VALOR",IF(AND($Y18<>"",$Q18>$Y18),"ACIMA REF.",""))))) -> ACIMA REF. | V18: =IF(OR($A18=0,$A18="S",$A18>CFF!$A$9),"",MAX(V$12:OFFSET(V18,-1,0))+1) | W18: =IF(AND($J18="Serviço",$M18<>""),IF($L18="",$M18,CONCATENATE($L18,"-",$M18))) -> COMPOSIÇÃO-02 | X18: =IF(AND(Fonte<>"",Código<>""),MATCH(Fonte&" "&IF(Fonte="sinapi",SUBSTITUTE(SUBSTITUTE(Código,"/00","/"),"/0","/"),Código),INDIRECT("'[Referência "&_xlnm.Database&".xls]Banco'!$a:$a"),0),"X") -> #REF! | Y18: =IF(Import.Desoneracao="sim",Referencia.Desonerado,Referencia.NaoDesonerado) -> 0 | Z18: =ROUND(IF(ISNUMBER(R18),R18,IF(LEFT(R18,3)="BDI",HLOOKUP(R18,DADOS!$T$37:$X$38,2,FALSE),0)),15-11*$X$5) -> 0.2147
A19: =CHOOSE(1+LOG(1+2*(J19="Meta")+4*(J19="Nível 2")+8*(J19="Nível 3")+16*(J19="Nível 4")+32*(J19="Serviço"),2),0,1,2,3,4,"S") -> 2 | B19: =IF(OR(A19="S",A19=0),0,IF(ISERROR(I19),H19,SMALL(H19:I19,1))) -> 2 | C19: =IF($A19=1,OFFSET(C19,-1,0)+1,OFFSET(C19,-1,0)) -> 1 | D19: =IF($A19=1,0,IF($A19=2,OFFSET(D19,-1,0)+1,OFFSET(D19,-1,0))) -> 3 | E19: =IF(AND($A19<=2,$A19<>0),0,IF($A19=3,OFFSET(E19,-1,0)+1,OFFSET(E19,-1,0))) -> 0 | F19: =IF(AND($A19<=3,$A19<>0),0,IF($A19=4,OFFSET(F19,-1,0)+1,OFFSET(F19,-1,0))) -> 0 | G19: =IF(AND($A19<=4,$A19<>0),0,IF($A19="S",OFFSET(G19,-1,0)+1,OFFSET(G19,-1,0))) -> 0 | H19: =IF(OR($A19="S",$A19=0),0,MATCH(0,OFFSET($B19,1,$A19,ROW($A$40)-ROW($A19)),0)) -> 21 | I19: =IF(OR($A19="S",$A19=0),0,MATCH(OFFSET($B19,0,$A19)+1,OFFSET($B19,1,$A19,ROW($A$40)-ROW($A19)),0)) -> 2 | J19: Nível 2 | K19: =IF($A19=0,"-",CONCATENATE(C19&".",IF(AND($A$5>=2,$A19>=2),D19&".",""),IF(AND($A$5>=3,$A19>=3),E19&".",""),IF(AND($A$5>=4,$A19>=4),F19&".",""),IF($A19="S",G19&".",""))) -> 1.3. | N19: TERRAPLENAGEM | O19: MÊS | P19: 2 | Q19: 4996.82 | S19: =IF($A19="S",IF($Q$10="Preço Unitário (R$)",PO.CustoUnitario,ROUND(PO.CustoUnitario*(1+$Z19),15-13*$X$6)),0) -> 0 | T19: =IF($A19="S",VTOTAL1,IF($A19=0,0,ROUND(SomaAgrup,15-13*$X$7))) -> 35463.75 | U19: =IF($J19="","",IF($N19="","DESCRIÇÃO",IF(AND($J19="Serviço",$O19=""),"UNIDADE",IF($T19<=0,"SEM VALOR",IF(AND($Y19<>"",$Q19>$Y19),"ACIMA REF.",""))))) -> ACIMA REF. | V19: =IF(OR($A19=0,$A19="S",$A19>CFF!$A$9),"",MAX(V$12:OFFSET(V19,-1,0))+1) -> 4 | W19: =IF(AND($J19="Serviço",$M19<>""),IF($L19="",$M19,CONCATENATE($L19,"-",$M19))) -> FALSE | X19: =IF(AND(Fonte<>"",Código<>""),MATCH(Fonte&" "&IF(Fonte="sinapi",SUBSTITUTE(SUBSTITUTE(Código,"/00","/"),"/0","/"),Código),INDIRECT("'[Referência "&_xlnm.Database&".xls]Banco'!$a:$a"),0),"X") -> X | Y19: =IF(Import.Desoneracao="sim",Referencia.Desonerado,Referencia.NaoDesonerado) -> 0 | Z19: =ROUND(IF(ISNUMBER(R19),R19,IF(LEFT(R19,3)="BDI",HLOOKUP(R19,DADOS!$T$37:$X$38,2,FALSE),0)),15-11*$X$5) -> 0
A20: =CHOOSE(1+LOG(1+2*(J20="Meta")+4*(J20="Nível 2")+8*(J20="Nível 3")+16*(J20="Nível 4")+32*(J20="Serviço"),2),0,1,2,3,4,"S") -> S | B20: =IF(OR(A20="S",A20=0),0,IF(ISERROR(I20),H20,SMALL(H20:I20,1))) -> 0 | C20: =IF($A20=1,OFFSET(C20,-1,0)+1,OFFSET(C20,-1,0)) -> 1 | D20: =IF($A20=1,0,IF($A20=2,OFFSET(D20,-1,0)+1,OFFSET(D20,-1,0))) -> 3 | E20: =IF(AND($A20<=2,$A20<>0),0,IF($A20=3,OFFSET(E20,-1,0)+1,OFFSET(E20,-1,0))) -> 0 | F20: =IF(AND($A20<=3,$A20<>0),0,IF($A20=4,OFFSET(F20,-1,0)+1,OFFSET(F20,-1,0))) -> 0 | G20: =IF(AND($A20<=4,$A20<>0),0,IF($A20="S",OFFSET(G20,-1,0)+1,OFFSET(G20,-1,0))) -> 1 | H20: =IF(OR($A20="S",$A20=0),0,MATCH(0,OFFSET($B20,1,$A20,ROW($A$40)-ROW($A20)),0)) -> 0 | I20: =IF(OR($A20="S",$A20=0),0,MATCH(OFFSET($B20,0,$A20)+1,OFFSET($B20,1,$A20,ROW($A$40)-ROW($A20)),0)) -> 0 | J20: Serviço | K20: =IF($A20=0,"-",CONCATENATE(C20&".",IF(AND($A$5>=2,$A20>=2),D20&".",""),IF(AND($A$5>=3,$A20>=3),E20&".",""),IF(AND($A$5>=4,$A20>=4),F20&".",""),IF($A20="S",G20&".",""))) -> 1.3.0.1. | L20: COMPOSIÇÃO | M20: 03 | N20: NIVELAMENTO E COMPACTAÇÃO DE BASE DE BRITA GRADUADA | O20: m³ | P20: 1891.4 | Q20: 15.44 | R20: BDI 1 | S20: =IF($A20="S",IF($Q$10="Preço Unitário (R$)",PO.CustoUnitario,ROUND(PO.CustoUnitario*(1+$Z20),15-13*$X$6)),0) -> 18.75 | T20: =IF($A20="S",VTOTAL1,IF($A20=0,0,ROUND(SomaAgrup,15-13*$X$7))) -> 35463.75 | U20: =IF($J20="","",IF($N20="","DESCRIÇÃO",IF(AND($J20="Serviço",$O20=""),"UNIDADE",IF($T20<=0,"SEM VALOR",IF(AND($Y20<>"",$Q20>$Y20),"ACIMA REF.",""))))) -> ACIMA REF. | V20: =IF(OR($A20=0,$A20="S",$A20>CFF!$A$9),"",MAX(V$12:OFFSET(V20,-1,0))+1) | W20: =IF(AND($J20="Serviço",$M20<>""),IF($L20="",$M20,CONCATENATE($L20,"-",$M20))) -> COMPOSIÇÃO-03 | X20: =IF(AND(Fonte<>"",Código<>""),MATCH(Fonte&" "&IF(Fonte="sinapi",SUBSTITUTE(SUBSTITUTE(Código,"/00","/"),"/0","/"),Código),INDIRECT("'[Referência "&_xlnm.Database&".xls]Banco'!$a:$a"),0),"X") -> #REF! | Y20: =IF(Import.Desoneracao="sim",Referencia.Desonerado,Referencia.NaoDesonerado) -> 0 | Z20: =ROUND(IF(ISNUMBER(R20),R20,IF(LEFT(R20,3)="BDI",HLOOKUP(R20,DADOS!$T$37:$X$38,2,FALSE),0)),15-11*$X$5) -> 0.2147
A21: =CHOOSE(1+LOG(1+2*(J21="Meta")+4*(J21="Nível 2")+8*(J21="Nível 3")+16*(J21="Nível 4")+32*(J21="Serviço"),2),0,1,2,3,4,"S") -> 2 | B21: =IF(OR(A21="S",A21=0),0,IF(ISERROR(I21),H21,SMALL(H21:I21,1))) -> 9 | C21: =IF($A21=1,OFFSET(C21,-1,0)+1,OFFSET(C21,-1,0)) -> 1 | D21: =IF($A21=1,0,IF($A21=2,OFFSET(D21,-1,0)+1,OFFSET(D21,-1,0))) -> 4 | E21: =IF(AND($A21<=2,$A21<>0),0,IF($A21=3,OFFSET(E21,-1,0)+1,OFFSET(E21,-1,0))) -> 0 | F21: =IF(AND($A21<=3,$A21<>0),0,IF($A21=4,OFFSET(F21,-1,0)+1,OFFSET(F21,-1,0))) -> 0 | G21: =IF(AND($A21<=4,$A21<>0),0,IF($A21="S",OFFSET(G21,-1,0)+1,OFFSET(G21,-1,0))) -> 0 | H21: =IF(OR($A21="S",$A21=0),0,MATCH(0,OFFSET($B21,1,$A21,ROW($A$40)-ROW($A21)),0)) -> 19 | I21: =IF(OR($A21="S",$A21=0),0,MATCH(OFFSET($B21,0,$A21)+1,OFFSET($B21,1,$A21,ROW($A$40)-ROW($A21)),0)) -> 9 | J21: Nível 2 | K21: =IF($A21=0,"-",CONCATENATE(C21&".",IF(AND($A$5>=2,$A21>=2),D21&".",""),IF(AND($A$5>=3,$A21>=3),E21&".",""),IF(AND($A$5>=4,$A21>=4),F21&".",""),IF($A21="S",G21&".",""))) -> 1.4. | N21: PAVIMENTAÇÃO | O21: =Referencia.Unidade | P21: 0 | R21: BDI 1 | S21: =IF($A21="S",IF($Q$10="Preço Unitário (R$)",PO.CustoUnitario,ROUND(PO.CustoUnitario*(1+$Z21),15-13*$X$6)),0) -> 0 | T21: =IF($A21="S",VTOTAL1,IF($A21=0,0,ROUND(SomaAgrup,15-13*$X$7))) -> 889638.21 | U21: =IF($J21="","",IF($N21="","DESCRIÇÃO",IF(AND($J21="Serviço",$O21=""),"UNIDADE",IF($T21<=0,"SEM VALOR",IF(AND($Y21<>"",$Q21>$Y21),"ACIMA REF.",""))))) | V21: =IF(OR($A21=0,$A21="S",$A21>CFF!$A$9),"",MAX(V$12:OFFSET(V21,-1,0))+1) -> 5 | W21: =IF(AND($J21="Serviço",$M21<>""),IF($L21="",$M21,CONCATENATE($L21,"-",$M21))) -> FALSE | X21: =IF(AND(Fonte<>"",Código<>""),MATCH(Fonte&" "&IF(Fonte="sinapi",SUBSTITUTE(SUBSTITUTE(Código,"/00","/"),"/0","/"),Código),INDIRECT("'[Referência "&_xlnm.Database&".xls]Banco'!$a:$a"),0),"X") -> X | Y21: =IF(Import.Desoneracao="sim",Referencia.Desonerado,Referencia.NaoDesonerado) -> 0 | Z21: =ROUND(IF(ISNUMBER(R21),R21,IF(LEFT(R21,3)="BDI",HLOOKUP(R21,DADOS!$T$37:$X$38,2,FALSE),0)),15-11*$X$5) -> 0.2147
A22: =CHOOSE(1+LOG(1+2*(J22="Meta")+4*(J22="Nível 2")+8*(J22="Nível 3")+16*(J22="Nível 4")+32*(J22="Serviço"),2),0,1,2,3,4,"S") -> S | B22: =IF(OR(A22="S",A22=0),0,IF(ISERROR(I22),H22,SMALL(H22:I22,1))) -> 0 | C22: =IF($A22=1,OFFSET(C22,-1,0)+1,OFFSET(C22,-1,0)) -> 1 | D22: =IF($A22=1,0,IF($A22=2,OFFSET(D22,-1,0)+1,OFFSET(D22,-1,0))) -> 4 | E22: =IF(AND($A22<=2,$A22<>0),0,IF($A22=3,OFFSET(E22,-1,0)+1,OFFSET(E22,-1,0))) -> 0 | F22: =IF(AND($A22<=3,$A22<>0),0,IF($A22=4,OFFSET(F22,-1,0)+1,OFFSET(F22,-1,0))) -> 0 | G22: =IF(AND($A22<=4,$A22<>0),0,IF($A22="S",OFFSET(G22,-1,0)+1,OFFSET(G22,-1,0))) -> 1 | H22: =IF(OR($A22="S",$A22=0),0,MATCH(0,OFFSET($B22,1,$A22,ROW($A$40)-ROW($A22)),0)) -> 0 | I22: =IF(OR($A22="S",$A22=0),0,MATCH(OFFSET($B22,0,$A22)+1,OFFSET($B22,1,$A22,ROW($A$40)-ROW($A22)),0)) -> 0 | J22: Serviço | K22: =IF($A22=0,"-",CONCATENATE(C22&".",IF(AND($A$5>=2,$A22>=2),D22&".",""),IF(AND($A$5>=3,$A22>=3),E22&".",""),IF(AND($A$5>=4,$A22>=4),F22&".",""),IF($A22="S",G22&".",""))) -> 1.4.0.1. | L22: SICRO | M22: 4011351 | N22: Imprimação com asfalto diluído | O22: m² | P22: 10766.7 | Q22: 0.64 | R22: BDI 1 | S22: =IF($A22="S",IF($Q$10="Preço Unitário (R$)",PO.CustoUnitario,ROUND(PO.CustoUnitario*(1+$Z22),15-13*$X$6)),0) -> 0.78 | T22: =IF($A22="S",VTOTAL1,IF($A22=0,0,ROUND(SomaAgrup,15-13*$X$7))) -> 8398.03 | U22: =IF($J22="","",IF($N22="","DESCRIÇÃO",IF(AND($J22="Serviço",$O22=""),"UNIDADE",IF($T22<=0,"SEM VALOR",IF(AND($Y22<>"",$Q22>$Y22),"ACIMA REF.",""))))) -> ACIMA REF. | V22: =IF(OR($A22=0,$A22="S",$A22>CFF!$A$9),"",MAX(V$12:OFFSET(V22,-1,0))+1) | W22: =IF(AND($J22="Serviço",$M22<>""),IF($L22="",$M22,CONCATENATE($L22,"-",$M22))) -> SICRO-4011351 | X22: =IF(AND(Fonte<>"",Código<>""),MATCH(Fonte&" "&IF(Fonte="sinapi",SUBSTITUTE(SUBSTITUTE(Código,"/00","/"),"/0","/"),Código),INDIRECT("'[Referência "&_xlnm.Database&".xls]Banco'!$a:$a"),0),"X") -> #REF! | Y22: =IF(Import.Desoneracao="sim",Referencia.Desonerado,Referencia.NaoDesonerado) -> 0 | Z22: =ROUND(IF(ISNUMBER(R22),R22,IF(LEFT(R22,3)="BDI",HLOOKUP(R22,DADOS!$T$37:$X$38,2,FALSE),0)),15-11*$X$5) -> 0.2147
A23: =CHOOSE(1+LOG(1+2*(J23="Meta")+4*(J23="Nível 2")+8*(J23="Nível 3")+16*(J23="Nível 4")+32*(J23="Serviço"),2),0,1,2,3,4,"S") -> S | B23: =IF(OR(A23="S",A23=0),0,IF(ISERROR(I23),H23,SMALL(H23:I23,1))) -> 0 | C23: =IF($A23=1,OFFSET(C23,-1,0)+1,OFFSET(C23,-1,0)) -> 1 | D23: =IF($A23=1,0,IF($A23=2,OFFSET(D23,-1,0)+1,OFFSET(D23,-1,0))) -> 4 | E23: =IF(AND($A23<=2,$A23<>0),0,IF($A23=3,OFFSET(E23,-1,0)+1,OFFSET(E23,-1,0))) -> 0 | F23: =IF(AND($A23<=3,$A23<>0),0,IF($A23=4,OFFSET(F23,-1,0)+1,OFFSET(F23,-1,0))) -> 0 | G23: =IF(AND($A23<=4,$A23<>0),0,IF($A23="S",OFFSET(G23,-1,0)+1,OFFSET(G23,-1,0))) -> 2 | H23: =IF(OR($A23="S",$A23=0),0,MATCH(0,OFFSET($B23,1,$A23,ROW($A$40)-ROW($A23)),0)) -> 0 | I23: =IF(OR($A23="S",$A23=0),0,MATCH(OFFSET($B23,0,$A23)+1,OFFSET($B23,1,$A23,ROW($A$40)-ROW($A23)),0)) -> 0 | J23: Serviço | K23: =IF($A23=0,"-",CONCATENATE(C23&".",IF(AND($A$5>=2,$A23>=2),D23&".",""),IF(AND($A$5>=3,$A23>=3),E23&".",""),IF(AND($A$5>=4,$A23>=4),F23&".",""),IF($A23="S",G23&".",""))) -> 1.4.0.2. | L23: SICRO | M23: 4011353 | N23: Pintura de ligação | O23: m² | P23: 10766.7 | Q23: 0.48 | R23: BDI 1 | S23: =IF($A23="S",IF($Q$10="Preço Unitário (R$)",PO.CustoUnitario,ROUND(PO.CustoUnitario*(1+$Z23),15-13*$X$6)),0) -> 0.58 | T23: =IF($A23="S",VTOTAL1,IF($A23=0,0,ROUND(SomaAgrup,15-13*$X$7))) -> 6244.69 | U23: =IF($J23="","",IF($N23="","DESCRIÇÃO",IF(AND($J23="Serviço",$O23=""),"UNIDADE",IF($T23<=0,"SEM VALOR",IF(AND($Y23<>"",$Q23>$Y23),"ACIMA REF.",""))))) -> ACIMA REF. | V23: =IF(OR($A23=0,$A23="S",$A23>CFF!$A$9),"",MAX(V$12:OFFSET(V23,-1,0))+1) | W23: =IF(AND($J23="Serviço",$M23<>""),IF($L23="",$M23,CONCATENATE($L23,"-",$M23))) -> SICRO-4011353 | X23: =IF(AND(Fonte<>"",Código<>""),MATCH(Fonte&" "&IF(Fonte="sinapi",SUBSTITUTE(SUBSTITUTE(Código,"/00","/"),"/0","/"),Código),INDIRECT("'[Referência "&_xlnm.Database&".xls]Banco'!$a:$a"),0),"X") -> #REF! | Y23: =IF(Import.Desoneracao="sim",Referencia.Desonerado,Referencia.NaoDesonerado) -> 0 | Z23: =ROUND(IF(ISNUMBER(R23),R23,IF(LEFT(R23,3)="BDI",HLOOKUP(R23,DADOS!$T$37:$X$38,2,FALSE),0)),15-11*$X$5) -> 0.2147
A24: =CHOOSE(1+LOG(1+2*(J24="Meta")+4*(J24="Nível 2")+8*(J24="Nível 3")+16*(J24="Nível 4")+32*(J24="Serviço"),2),0,1,2,3,4,"S") -> S | B24: =IF(OR(A24="S",A24=0),0,IF(ISERROR(I24),H24,SMALL(H24:I24,1))) -> 0 | C24: =IF($A24=1,OFFSET(C24,-1,0)+1,OFFSET(C24,-1,0)) -> 1 | D24: =IF($A24=1,0,IF($A24=2,OFFSET(D24,-1,0)+1,OFFSET(D24,-1,0))) -> 4 | E24: =IF(AND($A24<=2,$A24<>0),0,IF($A24=3,OFFSET(E24,-1,0)+1,OFFSET(E24,-1,0))) -> 0 | F24: =IF(AND($A24<=3,$A24<>0),0,IF($A24=4,OFFSET(F24,-1,0)+1,OFFSET(F24,-1,0))) -> 0 | G24: =IF(AND($A24<=4,$A24<>0),0,IF($A24="S",OFFSET(G24,-1,0)+1,OFFSET(G24,-1,0))) -> 3 | H24: =IF(OR($A24="S",$A24=0),0,MATCH(0,OFFSET($B24,1,$A24,ROW($A$40)-ROW($A24)),0)) -> 0 | I24: =IF(OR($A24="S",$A24=0),0,MATCH(OFFSET($B24,0,$A24)+1,OFFSET($B24,1,$A24,ROW($A$40)-ROW($A24)),0)) -> 0 | J24: Serviço | K24: =IF($A24=0,"-",CONCATENATE(C24&".",IF(AND($A$5>=2,$A24>=2),D24&".",""),IF(AND($A$5>=3,$A24>=3),E24&".",""),IF(AND($A$5>=4,$A24>=4),F24&".",""),IF($A24="S",G24&".",""))) -> 1.4.0.3. | L24: SICRO | M24: 4011463 | N24: Concreto asfáltico - faixa C-12,5 - areia e brita comerciais | O24: t | P24: =538.335*2.55 -> 1372.7542 | Q24: 187.41 | R24: BDI 1 | S24: =IF($A24="S",IF($Q$10="Preço Unitário (R$)",PO.CustoUnitario,ROUND(PO.CustoUnitario*(1+$Z24),15-13*$X$6)),0) -> 227.65 | T24: =IF($A24="S",VTOTAL1,IF($A24=0,0,ROUND(SomaAgrup,15-13*$X$7))) -> 312506.54 | U24: =IF($J24="","",IF($N24="","DESCRIÇÃO",IF(AND($J24="Serviço",$O24=""),"UNIDADE",IF($T24<=0,"SEM VALOR",IF(AND($Y24<>"",$Q24>$Y24),"ACIMA REF.",""))))) -> ACIMA REF. | V24: =IF(OR($A24=0,$A24="S",$A24>CFF!$A$9),"",MAX(V$12:OFFSET(V24,-1,0))+1) | W24: =IF(AND($J24="Serviço",$M24<>""),IF($L24="",$M24,CONCATENATE($L24,"-",$M24))) -> SICRO-4011463 | X24: =IF(AND(Fonte<>"",Código<>""),MATCH(Fonte&" "&IF(Fonte="sinapi",SUBSTITUTE(SUBSTITUTE(Código,"/00","/"),"/0","/"),Código),INDIRECT("'[Referência "&_xlnm.Database&".xls]Banco'!$a:$a"),0),"X") -> #REF! | Y24: =IF(Import.Desoneracao="sim",Referencia.Desonerado,Referencia.NaoDesonerado) -> 0 | Z24: =ROUND(IF(ISNUMBER(R24),R24,IF(LEFT(R24,3)="BDI",HLOOKUP(R24,DADOS!$T$37:$X$38,2,FALSE),0)),15-11*$X$5) -> 0.2147
A25: =CHOOSE(1+LOG(1+2*(J25="Meta")+4*(J25="Nível 2")+8*(J25="Nível 3")+16*(J25="Nível 4")+32*(J25="Serviço"),2),0,1,2,3,4,"S") -> S | B25: =IF(OR(A25="S",A25=0),0,IF(ISERROR(I25),H25,SMALL(H25:I25,1))) -> 0 | C25: =IF($A25=1,OFFSET(C25,-1,0)+1,OFFSET(C25,-1,0)) -> 1 | D25: =IF($A25=1,0,IF($A25=2,OFFSET(D25,-1,0)+1,OFFSET(D25,-1,0))) -> 4 | E25: =IF(AND($A25<=2,$A25<>0),0,IF($A25=3,OFFSET(E25,-1,0)+1,OFFSET(E25,-1,0))) -> 0 | F25: =IF(AND($A25<=3,$A25<>0),0,IF($A25=4,OFFSET(F25,-1,0)+1,OFFSET(F25,-1,0))) -> 0 | G25: =IF(AND($A25<=4,$A25<>0),0,IF($A25="S",OFFSET(G25,-1,0)+1,OFFSET(G25,-1,0))) -> 4 | H25: =IF(OR($A25="S",$A25=0),0,MATCH(0,OFFSET($B25,1,$A25,ROW($A$40)-ROW($A25)),0)) -> 0 | I25: =IF(OR($A25="S",$A25=0),0,MATCH(OFFSET($B25,0,$A25)+1,OFFSET($B25,1,$A25,ROW($A$40)-ROW($A25)),0)) -> 0 | J25: Serviço | K25: =IF($A25=0,"-",CONCATENATE(C25&".",IF(AND($A$5>=2,$A25>=2),D25&".",""),IF(AND($A$5>=3,$A25>=3),E25&".",""),IF(AND($A$5>=4,$A25>=4),F25&".",""),IF($A25="S",G25&".",""))) -> 1.4.0.4. | L25: SICRO | M25: 5914612 | N25: Transporte de mistura betuminosa a quente com caminhão com caçamba térmica de 6 m³ - rodovia pavimentada | O25: tkm | P25: =P24*20 -> 27455.085 | Q25: 0.94 | R25: BDI 1 | S25: =IF($A25="S",IF($Q$10="Preço Unitário (R$)",PO.CustoUnitario,ROUND(PO.CustoUnitario*(1+$Z25),15-13*$X$6)),0) -> 1.14 | T25: =IF($A25="S",VTOTAL1,IF($A25=0,0,ROUND(SomaAgrup,15-13*$X$7))) -> 31298.8 | U25: =IF($J25="","",IF($N25="","DESCRIÇÃO",IF(AND($J25="Serviço",$O25=""),"UNIDADE",IF($T25<=0,"SEM VALOR",IF(AND($Y25<>"",$Q25>$Y25),"ACIMA REF.",""))))) -> ACIMA REF. | V25: =IF(OR($A25=0,$A25="S",$A25>CFF!$A$9),"",MAX(V$12:OFFSET(V25,-1,0))+1) | W25: =IF(AND($J25="Serviço",$M25<>""),IF($L25="",$M25,CONCATENATE($L25,"-",$M25))) -> SICRO-5914612 | X25: =IF(AND(Fonte<>"",Código<>""),MATCH(Fonte&" "&IF(Fonte="sinapi",SUBSTITUTE(SUBSTITUTE(Código,"/00","/"),"/0","/"),Código),INDIRECT("'[Referência "&_xlnm.Database&".xls]Banco'!$a:$a"),0),"X") -> #REF! | Y25: =IF(Import.Desoneracao="sim",Referencia.Desonerado,Referencia.NaoDesonerado) -> 0 | Z25: =ROUND(IF(ISNUMBER(R25),R25,IF(LEFT(R25,3)="BDI",HLOOKUP(R25,DADOS!$T$37:$X$38,2,FALSE),0)),15-11*$X$5) -> 0.2147
A26: =CHOOSE(1+LOG(1+2*(J26="Meta")+4*(J26="Nível 2")+8*(J26="Nível 3")+16*(J26="Nível 4")+32*(J26="Serviço"),2),0,1,2,3,4,"S") -> S | B26: =IF(OR(A26="S",A26=0),0,IF(ISERROR(I26),H26,SMALL(H26:I26,1))) -> 0 | C26: =IF($A26=1,OFFSET(C26,-1,0)+1,OFFSET(C26,-1,0)) -> 1 | D26: =IF($A26=1,0,IF($A26=2,OFFSET(D26,-1,0)+1,OFFSET(D26,-1,0))) -> 4 | E26: =IF(AND($A26<=2,$A26<>0),0,IF($A26=3,OFFSET(E26,-1,0)+1,OFFSET(E26,-1,0))) -> 0 | F26: =IF(AND($A26<=3,$A26<>0),0,IF($A26=4,OFFSET(F26,-1,0)+1,OFFSET(F26,-1,0))) -> 0 | G26: =IF(AND($A26<=4,$A26<>0),0,IF($A26="S",OFFSET(G26,-1,0)+1,OFFSET(G26,-1,0))) -> 5 | H26: =IF(OR($A26="S",$A26=0),0,MATCH(0,OFFSET($B26,1,$A26,ROW($A$40)-ROW($A26)),0)) -> 0 | I26: =IF(OR($A26="S",$A26=0),0,MATCH(OFFSET($B26,0,$A26)+1,OFFSET($B26,1,$A26,ROW($A$40)-ROW($A26)),0)) -> 0 | J26: Serviço | K26: =IF($A26=0,"-",CONCATENATE(C26&".",IF(AND($A$5>=2,$A26>=2),D26&".",""),IF(AND($A$5>=3,$A26>=3),E26&".",""),IF(AND($A$5>=4,$A26>=4),F26&".",""),IF($A26="S",G26&".",""))) -> 1.4.0.5. | L26: Cotação | M26: 01 | N26: ASFALTO DILUÍDO CM-30 PARA USO EM PAVIMENTAÇÃO ASFÁLTICA - ACRESCIDO DE ICMS (R$ 4,82594/Kg S/ICMS) | O26: T | P26: =P22*0.0012 -> 12.92004 | Q26: 6121.3 | R26: BDI 2 | S26: =IF($A26="S",IF($Q$10="Preço Unitário (R$)",PO.CustoUnitario,ROUND(PO.CustoUnitario*(1+$Z26),15-13*$X$6)),0) -> 7039.5 | T26: =IF($A26="S",VTOTAL1,IF($A26=0,0,ROUND(SomaAgrup,15-13*$X$7))) -> 90950.34 | U26: =IF($J26="","",IF($N26="","DESCRIÇÃO",IF(AND($J26="Serviço",$O26=""),"UNIDADE",IF($T26<=0,"SEM VALOR",IF(AND($Y26<>"",$Q26>$Y26),"ACIMA REF.",""))))) -> ACIMA REF. | V26: =IF(OR($A26=0,$A26="S",$A26>CFF!$A$9),"",MAX(V$12:OFFSET(V26,-1,0))+1) | W26: =IF(AND($J26="Serviço",$M26<>""),IF($L26="",$M26,CONCATENATE($L26,"-",$M26))) -> Cotação-01 | X26: =IF(AND(Fonte<>"",Código<>""),MATCH(Fonte&" "&IF(Fonte="sinapi",SUBSTITUTE(SUBSTITUTE(Código,"/00","/"),"/0","/"),Código),INDIRECT("'[Referência "&_xlnm.Database&".xls]Banco'!$a:$a"),0),"X") -> #REF! | Y26: =IF(Import.Desoneracao="sim",Referencia.Desonerado,Referencia.NaoDesonerado) -> 0 | Z26: =ROUND(IF(ISNUMBER(R26),R26,IF(LEFT(R26,3)="BDI",HLOOKUP(R26,DADOS!$T$37:$X$38,2,FALSE),0)),15-11*$X$5) -> 0.15
A27: =CHOOSE(1+LOG(1+2*(J27="Meta")+4*(J27="Nível 2")+8*(J27="Nível 3")+16*(J27="Nível 4")+32*(J27="Serviço"),2),0,1,2,3,4,"S") -> S | B27: =IF(OR(A27="S",A27=0),0,IF(ISERROR(I27),H27,SMALL(H27:I27,1))) -> 0 | C27: =IF($A27=1,OFFSET(C27,-1,0)+1,OFFSET(C27,-1,0)) -> 1 | D27: =IF($A27=1,0,IF($A27=2,OFFSET(D27,-1,0)+1,OFFSET(D27,-1,0))) -> 4 | E27: =IF(AND($A27<=2,$A27<>0),0,IF($A27=3,OFFSET(E27,-1,0)+1,OFFSET(E27,-1,0))) -> 0 | F27: =IF(AND($A27<=3,$A27<>0),0,IF($A27=4,OFFSET(F27,-1,0)+1,OFFSET(F27,-1,0))) -> 0 | G27: =IF(AND($A27<=4,$A27<>0),0,IF($A27="S",OFFSET(G27,-1,0)+1,OFFSET(G27,-1,0))) -> 6 | H27: =IF(OR($A27="S",$A27=0),0,MATCH(0,OFFSET($B27,1,$A27,ROW($A$40)-ROW($A27)),0)) -> 0 | I27: =IF(OR($A27="S",$A27=0),0,MATCH(OFFSET($B27,0,$A27)+1,OFFSET($B27,1,$A27,ROW($A$40)-ROW($A27)),0)) -> 0 | J27: Serviço | K27: =IF($A27=0,"-",CONCATENATE(C27&".",IF(AND($A$5>=2,$A27>=2),D27&".",""),IF(AND($A$5>=3,$A27>=3),E27&".",""),IF(AND($A$5>=4,$A27>=4),F27&".",""),IF($A27="S",G27&".",""))) -> 1.4.0.6. | L27: Cotação | M27: 02 | N27: CIMENTO ASFÁLTICO CAP 50/70 - ACRESCIDO ICMS (R$ 3,88251/Kg S/ICMS) | O27: T | P27: =P24*0.055 -> 75.501484 | Q27: 4762.11 | R27: BDI 2 | S27: =IF($A27="S",IF($Q$10="Preço Unitário (R$)",PO.CustoUnitario,ROUND(PO.CustoUnitario*(1+$Z27),15-13*$X$6)),0) -> 5476.43 | T27: =IF($A27="S",VTOTAL1,IF($A27=0,0,ROUND(SomaAgrup,15-13*$X$7))) -> 413470.47 | U27: =IF($J27="","",IF($N27="","DESCRIÇÃO",IF(AND($J27="Serviço",$O27=""),"UNIDADE",IF($T27<=0,"SEM VALOR",IF(AND($Y27<>"",$Q27>$Y27),"ACIMA REF.",""))))) -> ACIMA REF. | V27: =IF(OR($A27=0,$A27="S",$A27>CFF!$A$9),"",MAX(V$12:OFFSET(V27,-1,0))+1) | W27: =IF(AND($J27="Serviço",$M27<>""),IF($L27="",$M27,CONCATENATE($L27,"-",$M27))) -> Cotação-02 | X27: =IF(AND(Fonte<>"",Código<>""),MATCH(Fonte&" "&IF(Fonte="sinapi",SUBSTITUTE(SUBSTITUTE(Código,"/00","/"),"/0","/"),Código),INDIRECT("'[Referência "&_xlnm.Database&".xls]Banco'!$a:$a"),0),"X") -> #REF! | Y27: =IF(Import.Desoneracao="sim",Referencia.Desonerado,Referencia.NaoDesonerado) -> 0 | Z27: =ROUND(IF(ISNUMBER(R27),R27,IF(LEFT(R27,3)="BDI",HLOOKUP(R27,DADOS!$T$37:$X$38,2,FALSE),0)),15-11*$X$5) -> 0.15
A28: =CHOOSE(1+LOG(1+2*(J28="Meta")+4*(J28="Nível 2")+8*(J28="Nível 3")+16*(J28="Nível 4")+32*(J28="Serviço"),2),0,1,2,3,4,"S") -> S | B28: =IF(OR(A28="S",A28=0),0,IF(ISERROR(I28),H28,SMALL(H28:I28,1))) -> 0 | C28: =IF($A28=1,OFFSET(C28,-1,0)+1,OFFSET(C28,-1,0)) -> 1 | D28: =IF($A28=1,0,IF($A28=2,OFFSET(D28,-1,0)+1,OFFSET(D28,-1,0))) -> 4 | E28: =IF(AND($A28<=2,$A28<>0),0,IF($A28=3,OFFSET(E28,-1,0)+1,OFFSET(E28,-1,0))) -> 0 | F28: =IF(AND($A28<=3,$A28<>0),0,IF($A28=4,OFFSET(F28,-1,0)+1,OFFSET(F28,-1,0))) -> 0 | G28: =IF(AND($A28<=4,$A28<>0),0,IF($A28="S",OFFSET(G28,-1,0)+1,OFFSET(G28,-1,0))) -> 7 | H28: =IF(OR($A28="S",$A28=0),0,MATCH(0,OFFSET($B28,1,$A28,ROW($A$40)-ROW($A28)),0)) -> 0 | I28: =IF(OR($A28="S",$A28=0),0,MATCH(OFFSET($B28,0,$A28)+1,OFFSET($B28,1,$A28,ROW($A$40)-ROW($A28)),0)) -> 0 | J28: Serviço | K28: =IF($A28=0,"-",CONCATENATE(C28&".",IF(AND($A$5>=2,$A28>=2),D28&".",""),IF(AND($A$5>=3,$A28>=3),E28&".",""),IF(AND($A$5>=4,$A28>=4),F28&".",""),IF($A28="S",G28&".",""))) -> 1.4.0.7. | L28: Cotação | M28: 03 | N28: EMULSÃO ASFÁLTICA CATIONICA RR-1C PARA USO EM PAVIMENTAÇÃO ASFÁLTICA - ACRESCIDO DE ICMS (R$ 2,78839/Kg S/ICMS) | O28: T | P28: =0.0005*P23 -> 5.38335 | Q28: 3514.04 | R28: BDI 2 | S28: =IF($A28="S",IF($Q$10="Preço Unitário (R$)",PO.CustoUnitario,ROUND(PO.CustoUnitario*(1+$Z28),15-13*$X$6)),0) -> 4041.15 | T28: =IF($A28="S",VTOTAL1,IF($A28=0,0,ROUND(SomaAgrup,15-13*$X$7))) -> 21741.39 | U28: =IF($J28="","",IF($N28="","DESCRIÇÃO",IF(AND($J28="Serviço",$O28=""),"UNIDADE",IF($T28<=0,"SEM VALOR",IF(AND($Y28<>"",$Q28>$Y28),"ACIMA REF.",""))))) -> ACIMA REF. | V28: =IF(OR($A28=0,$A28="S",$A28>CFF!$A$9),"",MAX(V$12:OFFSET(V28,-1,0))+1) | W28: =IF(AND($J28="Serviço",$M28<>""),IF($L28="",$M28,CONCATENATE($L28,"-",$M28))) -> Cotação-03 | X28: =IF(AND(Fonte<>"",Código<>""),MATCH(Fonte&" "&IF(Fonte="sinapi",SUBSTITUTE(SUBSTITUTE(Código,"/00","/"),"/0","/"),Código),INDIRECT("'[Referência "&_xlnm.Database&".xls]Banco'!$a:$a"),0),"X") -> #REF! | Y28: =IF(Import.Desoneracao="sim",Referencia.Desonerado,Referencia.NaoDesonerado) -> 0 | Z28: =ROUND(IF(ISNUMBER(R28),R28,IF(LEFT(R28,3)="BDI",HLOOKUP(R28,DADOS!$T$37:$X$38,2,FALSE),0)),15-11*$X$5) -> 0.15
A29: =CHOOSE(1+LOG(1+2*(J29="Meta")+4*(J29="Nível 2")+8*(J29="Nível 3")+16*(J29="Nível 4")+32*(J29="Serviço"),2),0,1,2,3,4,"S") -> S | B29: =IF(OR(A29="S",A29=0),0,IF(ISERROR(I29),H29,SMALL(H29:I29,1))) -> 0 | C29: =IF($A29=1,OFFSET(C29,-1,0)+1,OFFSET(C29,-1,0)) -> 1 | D29: =IF($A29=1,0,IF($A29=2,OFFSET(D29,-1,0)+1,OFFSET(D29,-1,0))) -> 4 | E29: =IF(AND($A29<=2,$A29<>0),0,IF($A29=3,OFFSET(E29,-1,0)+1,OFFSET(E29,-1,0))) -> 0 | F29: =IF(AND($A29<=3,$A29<>0),0,IF($A29=4,OFFSET(F29,-1,0)+1,OFFSET(F29,-1,0))) -> 0 | G29: =IF(AND($A29<=4,$A29<>0),0,IF($A29="S",OFFSET(G29,-1,0)+1,OFFSET(G29,-1,0))) -> 8 | H29: =IF(OR($A29="S",$A29=0),0,MATCH(0,OFFSET($B29,1,$A29,ROW($A$40)-ROW($A29)),0)) -> 0 | I29: =IF(OR($A29="S",$A29=0),0,MATCH(OFFSET($B29,0,$A29)+1,OFFSET($B29,1,$A29,ROW($A$40)-ROW($A29)),0)) -> 0 | J29: Serviço | K29: =IF($A29=0,"-",CONCATENATE(C29&".",IF(AND($A$5>=2,$A29>=2),D29&".",""),IF(AND($A$5>=3,$A29>=3),E29&".",""),IF(AND($A$5>=4,$A29>=4),F29&".",""),IF($A29="S",G29&".",""))) -> 1.4.0.8. | L29: SICRO | M29: 5914622 | N29: Transporte de material betuminoso com caminhão tanque distribuidor - rodovia pavimentada | O29: tkm | P29: =SUM(P26:P28)*20 -> 1876.0975 | Q29: 2.21 | R29: BDI 1 | S29: =IF($A29="S",IF($Q$10="Preço Unitário (R$)",PO.CustoUnitario,ROUND(PO.CustoUnitario*(1+$Z29),15-13*$X$6)),0) -> 2.68 | T29: =IF($A29="S",VTOTAL1,IF($A29=0,0,ROUND(SomaAgrup,15-13*$X$7))) -> 5027.95 | U29: =IF($J29="","",IF($N29="","DESCRIÇÃO",IF(AND($J29="Serviço",$O29=""),"UNIDADE",IF($T29<=0,"SEM VALOR",IF(AND($Y29<>"",$Q29>$Y29),"ACIMA REF.",""))))) -> ACIMA REF. | V29: =IF(OR($A29=0,$A29="S",$A29>CFF!$A$9),"",MAX(V$12:OFFSET(V29,-1,0))+1) | W29: =IF(AND($J29="Serviço",$M29<>""),IF($L29="",$M29,CONCATENATE($L29,"-",$M29))) -> SICRO-5914622 | X29: =IF(AND(Fonte<>"",Código<>""),MATCH(Fonte&" "&IF(Fonte="sinapi",SUBSTITUTE(SUBSTITUTE(Código,"/00","/"),"/0","/"),Código),INDIRECT("'[Referência "&_xlnm.Database&".xls]Banco'!$a:$a"),0),"X") -> #REF! | Y29: =IF(Import.Desoneracao="sim",Referencia.Desonerado,Referencia.NaoDesonerado) -> 0 | Z29: =ROUND(IF(ISNUMBER(R29),R29,IF(LEFT(R29,3)="BDI",HLOOKUP(R29,DADOS!$T$37:$X$38,2,FALSE),0)),15-11*$X$5) -> 0.2147
A30: =CHOOSE(1+LOG(1+2*(J30="Meta")+4*(J30="Nível 2")+8*(J30="Nível 3")+16*(J30="Nível 4")+32*(J30="Serviço"),2),0,1,2,3,4,"S") -> 2 | B30: =IF(OR(A30="S",A30=0),0,IF(ISERROR(I30),H30,SMALL(H30:I30,1))) -> 10 | C30: =IF($A30=1,OFFSET(C30,-1,0)+1,OFFSET(C30,-1,0)) -> 1 | D30: =IF($A30=1,0,IF($A30=2,OFFSET(D30,-1,0)+1,OFFSET(D30,-1,0))) -> 5 | E30: =IF(AND($A30<=2,$A30<>0),0,IF($A30=3,OFFSET(E30,-1,0)+1,OFFSET(E30,-1,0))) -> 0 | F30: =IF(AND($A30<=3,$A30<>0),0,IF($A30=4,OFFSET(F30,-1,0)+1,OFFSET(F30,-1,0))) -> 0 | G30: =IF(AND($A30<=4,$A30<>0),0,IF($A30="S",OFFSET(G30,-1,0)+1,OFFSET(G30,-1,0))) -> 0 | H30: =IF(OR($A30="S",$A30=0),0,MATCH(0,OFFSET($B30,1,$A30,ROW($A$40)-ROW($A30)),0)) -> 10 | I30: =IF(OR($A30="S",$A30=0),0,MATCH(OFFSET($B30,0,$A30)+1,OFFSET($B30,1,$A30,ROW($A$40)-ROW($A30)),0)) -> #N/A | J30: Nível 2 | K30: =IF($A30=0,"-",CONCATENATE(C30&".",IF(AND($A$5>=2,$A30>=2),D30&".",""),IF(AND($A$5>=3,$A30>=3),E30&".",""),IF(AND($A$5>=4,$A30>=4),F30&".",""),IF($A30="S",G30&".",""))) -> 1.5. | N30: SINALIZAÇÃO | O30: =Referencia.Unidade | P30: 0 | R30: BDI 1 | S30: =IF($A30="S",IF($Q$10="Preço Unitário (R$)",PO.CustoUnitario,ROUND(PO.CustoUnitario*(1+$Z30),15-13*$X$6)),0) -> 0 | T30: =IF($A30="S",VTOTAL1,IF($A30=0,0,ROUND(SomaAgrup,15-13*$X$7))) -> 67073.21 | U30: =IF($J30="","",IF($N30="","DESCRIÇÃO",IF(AND($J30="Serviço",$O30=""),"UNIDADE",IF($T30<=0,"SEM VALOR",IF(AND($Y30<>"",$Q30>$Y30),"ACIMA REF.",""))))) | V30: =IF(OR($A30=0,$A30="S",$A30>CFF!$A$9),"",MAX(V$12:OFFSET(V30,-1,0))+1) -> 6 | W30: =IF(AND($J30="Serviço",$M30<>""),IF($L30="",$M30,CONCATENATE($L30,"-",$M30))) -> FALSE | X30: =IF(AND(Fonte<>"",Código<>""),MATCH(Fonte&" "&IF(Fonte="sinapi",SUBSTITUTE(SUBSTITUTE(Código,"/00","/"),"/0","/"),Código),INDIRECT("'[Referência "&_xlnm.Database&".xls]Banco'!$a:$a"),0),"X") -> X | Y30: =IF(Import.Desoneracao="sim",Referencia.Desonerado,Referencia.NaoDesonerado) -> 0 | Z30: =ROUND(IF(ISNUMBER(R30),R30,IF(LEFT(R30,3)="BDI",HLOOKUP(R30,DADOS!$T$37:$X$38,2,FALSE),0)),15-11*$X$5) -> 0.2147
A31: =CHOOSE(1+LOG(1+2*(J31="Meta")+4*(J31="Nível 2")+8*(J31="Nível 3")+16*(J31="Nível 4")+32*(J31="Serviço"),2),0,1,2,3,4,"S") -> 3 | B31: =IF(OR(A31="S",A31=0),0,IF(ISERROR(I31),H31,SMALL(H31:I31,1))) -> 3 | C31: =IF($A31=1,OFFSET(C31,-1,0)+1,OFFSET(C31,-1,0)) -> 1 | D31: =IF($A31=1,0,IF($A31=2,OFFSET(D31,-1,0)+1,OFFSET(D31,-1,0))) -> 5 | E31: =IF(AND($A31<=2,$A31<>0),0,IF($A31=3,OFFSET(E31,-1,0)+1,OFFSET(E31,-1,0))) -> 1 | F31: =IF(AND($A31<=3,$A31<>0),0,IF($A31=4,OFFSET(F31,-1,0)+1,OFFSET(F31,-1,0))) -> 0 | G31: =IF(AND($A31<=4,$A31<>0),0,IF($A31="S",OFFSET(G31,-1,0)+1,OFFSET(G31,-1,0))) -> 0 | H31: =IF(OR($A31="S",$A31=0),0,MATCH(0,OFFSET($B31,1,$A31,ROW($A$40)-ROW($A31)),0)) -> 9 | I31: =IF(OR($A31="S",$A31=0),0,MATCH(OFFSET($B31,0,$A31)+1,OFFSET($B31,1,$A31,ROW($A$40)-ROW($A31)),0)) -> 3 | J31: Nível 3 | K31: =IF($A31=0,"-",CONCATENATE(C31&".",IF(AND($A$5>=2,$A31>=2),D31&".",""),IF(AND($A$5>=3,$A31>=3),E31&".",""),IF(AND($A$5>=4,$A31>=4),F31&".",""),IF($A31="S",G31&".",""))) -> 1.5.1. | N31: SINALIZAÇÃO HORIZONTAL | O31: =Referencia.Unidade | P31: 0 | R31: BDI 1 | S31: =IF($A31="S",IF($Q$10="Preço Unitário (R$)",PO.CustoUnitario,ROUND(PO.CustoUnitario*(1+$Z31),15-13*$X$6)),0) -> 0 | T31: =IF($A31="S",VTOTAL1,IF($A31=0,0,ROUND(SomaAgrup,15-13*$X$7))) -> 44261.25 | U31: =IF($J31="","",IF($N31="","DESCRIÇÃO",IF(AND($J31="Serviço",$O31=""),"UNIDADE",IF($T31<=0,"SEM VALOR",IF(AND($Y31<>"",$Q31>$Y31),"ACIMA REF.",""))))) | V31: =IF(OR($A31=0,$A31="S",$A31>CFF!$A$9),"",MAX(V$12:OFFSET(V31,-1,0))+1) | W31: =IF(AND($J31="Serviço",$M31<>""),IF($L31="",$M31,CONCATENATE($L31,"-",$M31))) -> FALSE | X31: =IF(AND(Fonte<>"",Código<>""),MATCH(Fonte&" "&IF(Fonte="sinapi",SUBSTITUTE(SUBSTITUTE(Código,"/00","/"),"/0","/"),Código),INDIRECT("'[Referência "&_xlnm.Database&".xls]Banco'!$a:$a"),0),"X") -> X | Y31: =IF(Import.Desoneracao="sim",Referencia.Desonerado,Referencia.NaoDesonerado) -> 0 | Z31: =ROUND(IF(ISNUMBER(R31),R31,IF(LEFT(R31,3)="BDI",HLOOKUP(R31,DADOS!$T$37:$X$38,2,FALSE),0)),15-11*$X$5) -> 0.2147
A32: =CHOOSE(1+LOG(1+2*(J32="Meta")+4*(J32="Nível 2")+8*(J32="Nível 3")+16*(J32="Nível 4")+32*(J32="Serviço"),2),0,1,2,3,4,"S") -> S | B32: =IF(OR(A32="S",A32=0),0,IF(ISERROR(I32),H32,SMALL(H32:I32,1))) -> 0 | C32: =IF($A32=1,OFFSET(C32,-1,0)+1,OFFSET(C32,-1,0)) -> 1 | D32: =IF($A32=1,0,IF($A32=2,OFFSET(D32,-1,0)+1,OFFSET(D32,-1,0))) -> 5 | E32: =IF(AND($A32<=2,$A32<>0),0,IF($A32=3,OFFSET(E32,-1,0)+1,OFFSET(E32,-1,0))) -> 1 | F32: =IF(AND($A32<=3,$A32<>0),0,IF($A32=4,OFFSET(F32,-1,0)+1,OFFSET(F32,-1,0))) -> 0 | G32: =IF(AND($A32<=4,$A32<>0),0,IF($A32="S",OFFSET(G32,-1,0)+1,OFFSET(G32,-1,0))) -> 1 | H32: =IF(OR($A32="S",$A32=0),0,MATCH(0,OFFSET($B32,1,$A32,ROW($A$40)-ROW($A32)),0)) -> 0 | I32: =IF(OR($A32="S",$A32=0),0,MATCH(OFFSET($B32,0,$A32)+1,OFFSET($B32,1,$A32,ROW($A$40)-ROW($A32)),0)) -> 0 | J32: Serviço | K32: =IF($A32=0,"-",CONCATENATE(C32&".",IF(AND($A$5>=2,$A32>=2),D32&".",""),IF(AND($A$5>=3,$A32>=3),E32&".",""),IF(AND($A$5>=4,$A32>=4),F32&".",""),IF($A32="S",G32&".",""))) -> 1.5.1.1. | L32: SINAPI | M32: 102512 | N32: PINTURA DE EIXO VIÁRIO SOBRE ASFALTO COM TINTA RETRORREFLETIVA A BASE DE RESINA ACRÍLICA COM MICROESFERAS DE VIDRO | O32: M² | P32: =(1233*4)+(73*3) -> 5151 | Q32: 7.04 | R32: BDI 1 | S32: =IF($A32="S",IF($Q$10="Preço Unitário (R$)",PO.CustoUnitario,ROUND(PO.CustoUnitario*(1+$Z32),15-13*$X$6)),0) -> 8.55 | T32: =IF($A32="S",VTOTAL1,IF($A32=0,0,ROUND(SomaAgrup,15-13*$X$7))) -> 44041.05 | U32: =IF($J32="","",IF($N32="","DESCRIÇÃO",IF(AND($J32="Serviço",$O32=""),"UNIDADE",IF($T32<=0,"SEM VALOR",IF(AND($Y32<>"",$Q32>$Y32),"ACIMA REF.",""))))) -> ACIMA REF. | V32: =IF(OR($A32=0,$A32="S",$A32>CFF!$A$9),"",MAX(V$12:OFFSET(V32,-1,0))+1) | W32: =IF(AND($J32="Serviço",$M32<>""),IF($L32="",$M32,CONCATENATE($L32,"-",$M32))) -> SINAPI-102512 | X32: =IF(AND(Fonte<>"",Código<>""),MATCH(Fonte&" "&IF(Fonte="sinapi",SUBSTITUTE(SUBSTITUTE(Código,"/00","/"),"/0","/"),Código),INDIRECT("'[Referência "&_xlnm.Database&".xls]Banco'!$a:$a"),0),"X") -> #REF! | Y32: =IF(Import.Desoneracao="sim",Referencia.Desonerado,Referencia.NaoDesonerado) -> 0 | Z32: =ROUND(IF(ISNUMBER(R32),R32,IF(LEFT(R32,3)="BDI",HLOOKUP(R32,DADOS!$T$37:$X$38,2,FALSE),0)),15-11*$X$5) -> 0.2147
A33: =CHOOSE(1+LOG(1+2*(J33="Meta")+4*(J33="Nível 2")+8*(J33="Nível 3")+16*(J33="Nível 4")+32*(J33="Serviço"),2),0,1,2,3,4,"S") -> S | B33: =IF(OR(A33="S",A33=0),0,IF(ISERROR(I33),H33,SMALL(H33:I33,1))) -> 0 | C33: =IF($A33=1,OFFSET(C33,-1,0)+1,OFFSET(C33,-1,0)) -> 1 | D33: =IF($A33=1,0,IF($A33=2,OFFSET(D33,-1,0)+1,OFFSET(D33,-1,0))) -> 5 | E33: =IF(AND($A33<=2,$A33<>0),0,IF($A33=3,OFFSET(E33,-1,0)+1,OFFSET(E33,-1,0))) -> 1 | F33: =IF(AND($A33<=3,$A33<>0),0,IF($A33=4,OFFSET(F33,-1,0)+1,OFFSET(F33,-1,0))) -> 0 | G33: =IF(AND($A33<=4,$A33<>0),0,IF($A33="S",OFFSET(G33,-1,0)+1,OFFSET(G33,-1,0))) -> 2 | H33: =IF(OR($A33="S",$A33=0),0,MATCH(0,OFFSET($B33,1,$A33,ROW($A$40)-ROW($A33)),0)) -> 0 | I33: =IF(OR($A33="S",$A33=0),0,MATCH(OFFSET($B33,0,$A33)+1,OFFSET($B33,1,$A33,ROW($A$40)-ROW($A33)),0)) -> 0 | J33: Serviço | K33: =IF($A33=0,"-",CONCATENATE(C33&".",IF(AND($A$5>=2,$A33>=2),D33&".",""),IF(AND($A$5>=3,$A33>=3),E33&".",""),IF(AND($A$5>=4,$A33>=4),F33&".",""),IF($A33="S",G33&".",""))) -> 1.5.1.2. | L33: SINAPI | M33: 102509 | N33: PINTURA DE FAIXA DE PEDESTRE OU ZEBRADA TINTA RETRORREFLETIVA A BASE DE RESINA ACRÍLICA COM MICROESFERAS DE VIDRO | O33: M² | P33: 6 | Q33: 30.21 | R33: BDI 1 | S33: =IF($A33="S",IF($Q$10="Preço Unitário (R$)",PO.CustoUnitario,ROUND(PO.CustoUnitario*(1+$Z33),15-13*$X$6)),0) -> 36.7 | T33: =IF($A33="S",VTOTAL1,IF($A33=0,0,ROUND(SomaAgrup,15-13*$X$7))) -> 220.2 | U33: =IF($J33="","",IF($N33="","DESCRIÇÃO",IF(AND($J33="Serviço",$O33=""),"UNIDADE",IF($T33<=0,"SEM VALOR",IF(AND($Y33<>"",$Q33>$Y33),"ACIMA REF.",""))))) -> ACIMA REF. | V33: =IF(OR($A33=0,$A33="S",$A33>CFF!$A$9),"",MAX(V$12:OFFSET(V33,-1,0))+1) | W33: =IF(AND($J33="Serviço",$M33<>""),IF($L33="",$M33,CONCATENATE($L33,"-",$M33))) -> SINAPI-102509 | X33: =IF(AND(Fonte<>"",Código<>""),MATCH(Fonte&" "&IF(Fonte="sinapi",SUBSTITUTE(SUBSTITUTE(Código,"/00","/"),"/0","/"),Código),INDIRECT("'[Referência "&_xlnm.Database&".xls]Banco'!$a:$a"),0),"X") -> #REF! | Y33: =IF(Import.Desoneracao="sim",Referencia.Desonerado,Referencia.NaoDesonerado) -> 0 | Z33: =ROUND(IF(ISNUMBER(R33),R33,IF(LEFT(R33,3)="BDI",HLOOKUP(R33,DADOS!$T$37:$X$38,2,FALSE),0)),15-11*$X$5) -> 0.2147
A34: =CHOOSE(1+LOG(1+2*(J34="Meta")+4*(J34="Nível 2")+8*(J34="Nível 3")+16*(J34="Nível 4")+32*(J34="Serviço"),2),0,1,2,3,4,"S") -> 3 | B34: =IF(OR(A34="S",A34=0),0,IF(ISERROR(I34),H34,SMALL(H34:I34,1))) -> 6 | C34: =IF($A34=1,OFFSET(C34,-1,0)+1,OFFSET(C34,-1,0)) -> 1 | D34: =IF($A34=1,0,IF($A34=2,OFFSET(D34,-1,0)+1,OFFSET(D34,-1,0))) -> 5 | E34: =IF(AND($A34<=2,$A34<>0),0,IF($A34=3,OFFSET(E34,-1,0)+1,OFFSET(E34,-1,0))) -> 2 | F34: =IF(AND($A34<=3,$A34<>0),0,IF($A34=4,OFFSET(F34,-1,0)+1,OFFSET(F34,-1,0))) -> 0 | G34: =IF(AND($A34<=4,$A34<>0),0,IF($A34="S",OFFSET(G34,-1,0)+1,OFFSET(G34,-1,0))) -> 0 | H34: =IF(OR($A34="S",$A34=0),0,MATCH(0,OFFSET($B34,1,$A34,ROW($A$40)-ROW($A34)),0)) -> 6 | I34: =IF(OR($A34="S",$A34=0),0,MATCH(OFFSET($B34,0,$A34)+1,OFFSET($B34,1,$A34,ROW($A$40)-ROW($A34)),0)) -> #N/A | J34: Nível 3 | K34: =IF($A34=0,"-",CONCATENATE(C34&".",IF(AND($A$5>=2,$A34>=2),D34&".",""),IF(AND($A$5>=3,$A34>=3),E34&".",""),IF(AND($A$5>=4,$A34>=4),F34&".",""),IF($A34="S",G34&".",""))) -> 1.5.2. | N34: SINALIZAÇÃO VERTICAL | O34: =Referencia.Unidade | P34: 0 | R34: BDI 1 | S34: =IF($A34="S",IF($Q$10="Preço Unitário (R$)",PO.CustoUnitario,ROUND(PO.CustoUnitario*(1+$Z34),15-13*$X$6)),0) -> 0 | T34: =IF($A34="S",VTOTAL1,IF($A34=0,0,ROUND(SomaAgrup,15-13*$X$7))) -> 22811.96 | U34: =IF($J34="","",IF($N34="","DESCRIÇÃO",IF(AND($J34="Serviço",$O34=""),"UNIDADE",IF($T34<=0,"SEM VALOR",IF(AND($Y34<>"",$Q34>$Y34),"ACIMA REF.",""))))) | V34: =IF(OR($A34=0,$A34="S",$A34>CFF!$A$9),"",MAX(V$12:OFFSET(V34,-1,0))+1) | W34: =IF(AND($J34="Serviço",$M34<>""),IF($L34="",$M34,CONCATENATE($L34,"-",$M34))) -> FALSE | X34: =IF(AND(Fonte<>"",Código<>""),MATCH(Fonte&" "&IF(Fonte="sinapi",SUBSTITUTE(SUBSTITUTE(Código,"/00","/"),"/0","/"),Código),INDIRECT("'[Referência "&_xlnm.Database&".xls]Banco'!$a:$a"),0),"X") -> X | Y34: =IF(Import.Desoneracao="sim",Referencia.Desonerado,Referencia.NaoDesonerado) -> 0 | Z34: =ROUND(IF(ISNUMBER(R34),R34,IF(LEFT(R34,3)="BDI",HLOOKUP(R34,DADOS!$T$37:$X$38,2,FALSE),0)),15-11*$X$5) -> 0.2147
A35: =CHOOSE(1+LOG(1+2*(J35="Meta")+4*(J35="Nível 2")+8*(J35="Nível 3")+16*(J35="Nível 4")+32*(J35="Serviço"),2),0,1,2,3,4,"S") -> S | B35: =IF(OR(A35="S",A35=0),0,IF(ISERROR(I35),H35,SMALL(H35:I35,1))) -> 0 | C35: =IF($A35=1,OFFSET(C35,-1,0)+1,OFFSET(C35,-1,0)) -> 1 | D35: =IF($A35=1,0,IF($A35=2,OFFSET(D35,-1,0)+1,OFFSET(D35,-1,0))) -> 5 | E35: =IF(AND($A35<=2,$A35<>0),0,IF($A35=3,OFFSET(E35,-1,0)+1,OFFSET(E35,-1,0))) -> 2 | F35: =IF(AND($A35<=3,$A35<>0),0,IF($A35=4,OFFSET(F35,-1,0)+1,OFFSET(F35,-1,0))) -> 0 | G35: =IF(AND($A35<=4,$A35<>0),0,IF($A35="S",OFFSET(G35,-1,0)+1,OFFSET(G35,-1,0))) -> 1 | H35: =IF(OR($A35="S",$A35=0),0,MATCH(0,OFFSET($B35,1,$A35,ROW($A$40)-ROW($A35)),0)) -> 0 | I35: =IF(OR($A35="S",$A35=0),0,MATCH(OFFSET($B35,0,$A35)+1,OFFSET($B35,1,$A35,ROW($A$40)-ROW($A35)),0)) -> 0 | J35: Serviço | K35: =IF($A35=0,"-",CONCATENATE(C35&".",IF(AND($A$5>=2,$A35>=2),D35&".",""),IF(AND($A$5>=3,$A35>=3),E35&".",""),IF(AND($A$5>=4,$A35>=4),F35&".",""),IF($A35="S",G35&".",""))) -> 1.5.2.1. | L35: SICRO | M35: 5213464 | N35: FORNECIMENTO E IMPLANTAÇÃO DE PLACA DE ADVERTÊNCIA EM AÇO, LADO DE 0,60 M - PELÍCULA RETRORREFLETIVA TIPO I + SI | O35: un. | P35: 6 | Q35: 281.03 | R35: BDI 1 | S35: =IF($A35="S",IF($Q$10="Preço Unitário (R$)",PO.CustoUnitario,ROUND(PO.CustoUnitario*(1+$Z35),15-13*$X$6)),0) -> 341.37 | T35: =IF($A35="S",VTOTAL1,IF($A35=0,0,ROUND(SomaAgrup,15-13*$X$7))) -> 2048.22 | U35: =IF($J35="","",IF($N35="","DESCRIÇÃO",IF(AND($J35="Serviço",$O35=""),"UNIDADE",IF($T35<=0,"SEM VALOR",IF(AND($Y35<>"",$Q35>$Y35),"ACIMA REF.",""))))) -> ACIMA REF. | V35: =IF(OR($A35=0,$A35="S",$A35>CFF!$A$9),"",MAX(V$12:OFFSET(V35,-1,0))+1) | W35: =IF(AND($J35="Serviço",$M35<>""),IF($L35="",$M35,CONCATENATE($L35,"-",$M35))) -> SICRO-5213464 | X35: =IF(AND(Fonte<>"",Código<>""),MATCH(Fonte&" "&IF(Fonte="sinapi",SUBSTITUTE(SUBSTITUTE(Código,"/00","/"),"/0","/"),Código),INDIRECT("'[Referência "&_xlnm.Database&".xls]Banco'!$a:$a"),0),"X") -> #REF! | Y35: =IF(Import.Desoneracao="sim",Referencia.Desonerado,Referencia.NaoDesonerado) -> 0 | Z35: =ROUND(IF(ISNUMBER(R35),R35,IF(LEFT(R35,3)="BDI",HLOOKUP(R35,DADOS!$T$37:$X$38,2,FALSE),0)),15-11*$X$5) -> 0.2147
A36: =CHOOSE(1+LOG(1+2*(J36="Meta")+4*(J36="Nível 2")+8*(J36="Nível 3")+16*(J36="Nível 4")+32*(J36="Serviço"),2),0,1,2,3,4,"S") -> S | B36: =IF(OR(A36="S",A36=0),0,IF(ISERROR(I36),H36,SMALL(H36:I36,1))) -> 0 | C36: =IF($A36=1,OFFSET(C36,-1,0)+1,OFFSET(C36,-1,0)) -> 1 | D36: =IF($A36=1,0,IF($A36=2,OFFSET(D36,-1,0)+1,OFFSET(D36,-1,0))) -> 5 | E36: =IF(AND($A36<=2,$A36<>0),0,IF($A36=3,OFFSET(E36,-1,0)+1,OFFSET(E36,-1,0))) -> 2 | F36: =IF(AND($A36<=3,$A36<>0),0,IF($A36=4,OFFSET(F36,-1,0)+1,OFFSET(F36,-1,0))) -> 0 | G36: =IF(AND($A36<=4,$A36<>0),0,IF($A36="S",OFFSET(G36,-1,0)+1,OFFSET(G36,-1,0))) -> 2 | H36: =IF(OR($A36="S",$A36=0),0,MATCH(0,OFFSET($B36,1,$A36,ROW($A$40)-ROW($A36)),0)) -> 0 | I36: =IF(OR($A36="S",$A36=0),0,MATCH(OFFSET($B36,0,$A36)+1,OFFSET($B36,1,$A36,ROW($A$40)-ROW($A36)),0)) -> 0 | J36: Serviço | K36: =IF($A36=0,"-",CONCATENATE(C36&".",IF(AND($A$5>=2,$A36>=2),D36&".",""),IF(AND($A$5>=3,$A36>=3),E36&".",""),IF(AND($A$5>=4,$A36>=4),F36&".",""),IF($A36="S",G36&".",""))) -> 1.5.2.2. | L36: SICRO | M36: 5213440 | N36: FORNECIMENTO E IMPLANTAÇÃO DE PLACA DE REGULAMENTAÇÃO EM AÇO D = 0,60 M - PELÍCULA RETRORREFLETIVA TIPO I + SI | O36: un. | P36: 4 | Q36: 281 | R36: BDI 1 | S36: =IF($A36="S",IF($Q$10="Preço Unitário (R$)",PO.CustoUnitario,ROUND(PO.CustoUnitario*(1+$Z36),15-13*$X$6)),0) -> 341.33 | T36: =IF($A36="S",VTOTAL1,IF($A36=0,0,ROUND(SomaAgrup,15-13*$X$7))) -> 1365.32 | U36: =IF($J36="","",IF($N36="","DESCRIÇÃO",IF(AND($J36="Serviço",$O36=""),"UNIDADE",IF($T36<=0,"SEM VALOR",IF(AND($Y36<>"",$Q36>$Y36),"ACIMA REF.",""))))) -> ACIMA REF. | V36: =IF(OR($A36=0,$A36="S",$A36>CFF!$A$9),"",MAX(V$12:OFFSET(V36,-1,0))+1) | W36: =IF(AND($J36="Serviço",$M36<>""),IF($L36="",$M36,CONCATENATE($L36,"-",$M36))) -> SICRO-5213440 | X36: =IF(AND(Fonte<>"",Código<>""),MATCH(Fonte&" "&IF(Fonte="sinapi",SUBSTITUTE(SUBSTITUTE(Código,"/00","/"),"/0","/"),Código),INDIRECT("'[Referência "&_xlnm.Database&".xls]Banco'!$a:$a"),0),"X") -> #REF! | Y36: =IF(Import.Desoneracao="sim",Referencia.Desonerado,Referencia.NaoDesonerado) -> 0 | Z36: =ROUND(IF(ISNUMBER(R36),R36,IF(LEFT(R36,3)="BDI",HLOOKUP(R36,DADOS!$T$37:$X$38,2,FALSE),0)),15-11*$X$5) -> 0.2147
A37: =CHOOSE(1+LOG(1+2*(J37="Meta")+4*(J37="Nível 2")+8*(J37="Nível 3")+16*(J37="Nível 4")+32*(J37="Serviço"),2),0,1,2,3,4,"S") -> S | B37: =IF(OR(A37="S",A37=0),0,IF(ISERROR(I37),H37,SMALL(H37:I37,1))) -> 0 | C37: =IF($A37=1,OFFSET(C37,-1,0)+1,OFFSET(C37,-1,0)) -> 1 | D37: =IF($A37=1,0,IF($A37=2,OFFSET(D37,-1,0)+1,OFFSET(D37,-1,0))) -> 5 | E37: =IF(AND($A37<=2,$A37<>0),0,IF($A37=3,OFFSET(E37,-1,0)+1,OFFSET(E37,-1,0))) -> 2 | F37: =IF(AND($A37<=3,$A37<>0),0,IF($A37=4,OFFSET(F37,-1,0)+1,OFFSET(F37,-1,0))) -> 0 | G37: =IF(AND($A37<=4,$A37<>0),0,IF($A37="S",OFFSET(G37,-1,0)+1,OFFSET(G37,-1,0))) -> 3 | H37: =IF(OR($A37="S",$A37=0),0,MATCH(0,OFFSET($B37,1,$A37,ROW($A$40)-ROW($A37)),0)) -> 0 | I37: =IF(OR($A37="S",$A37=0),0,MATCH(OFFSET($B37,0,$A37)+1,OFFSET($B37,1,$A37,ROW($A$40)-ROW($A37)),0)) -> 0 | J37: Serviço | K37: =IF($A37=0,"-",CONCATENATE(C37&".",IF(AND($A$5>=2,$A37>=2),D37&".",""),IF(AND($A$5>=3,$A37>=3),E37&".",""),IF(AND($A$5>=4,$A37>=4),F37&".",""),IF($A37="S",G37&".",""))) -> 1.5.2.3. | L37: SICRO | M37: 5213489 | N37: FORNECIMENTO E IMPLANTAÇÃO DE PLACA EM AÇO - 2,00 X 1,00 M - PELÍCULA RETRORREFLETIVA TIPO I + I | O37: un. | P37: 3 | Q37: 926.09 | R37: BDI 1 | S37: =IF($A37="S",IF($Q$10="Preço Unitário (R$)",PO.CustoUnitario,ROUND(PO.CustoUnitario*(1+$Z37),15-13*$X$6)),0) -> 1124.92 | T37: =IF($A37="S",VTOTAL1,IF($A37=0,0,ROUND(SomaAgrup,15-13*$X$7))) -> 3374.76 | U37: =IF($J37="","",IF($N37="","DESCRIÇÃO",IF(AND($J37="Serviço",$O37=""),"UNIDADE",IF($T37<=0,"SEM VALOR",IF(AND($Y37<>"",$Q37>$Y37),"ACIMA REF.",""))))) -> ACIMA REF. | V37: =IF(OR($A37=0,$A37="S",$A37>CFF!$A$9),"",MAX(V$12:OFFSET(V37,-1,0))+1) | W37: =IF(AND($J37="Serviço",$M37<>""),IF($L37="",$M37,CONCATENATE($L37,"-",$M37))) -> SICRO-5213489 | X37: =IF(AND(Fonte<>"",Código<>""),MATCH(Fonte&" "&IF(Fonte="sinapi",SUBSTITUTE(SUBSTITUTE(Código,"/00","/"),"/0","/"),Código),INDIRECT("'[Referência "&_xlnm.Database&".xls]Banco'!$a:$a"),0),"X") -> #REF! | Y37: =IF(Import.Desoneracao="sim",Referencia.Desonerado,Referencia.NaoDesonerado) -> 0 | Z37: =ROUND(IF(ISNUMBER(R37),R37,IF(LEFT(R37,3)="BDI",HLOOKUP(R37,DADOS!$T$37:$X$38,2,FALSE),0)),15-11*$X$5) -> 0.2147
A38: =CHOOSE(1+LOG(1+2*(J38="Meta")+4*(J38="Nível 2")+8*(J38="Nível 3")+16*(J38="Nível 4")+32*(J38="Serviço"),2),0,1,2,3,4,"S") -> S | B38: =IF(OR(A38="S",A38=0),0,IF(ISERROR(I38),H38,SMALL(H38:I38,1))) -> 0 | C38: =IF($A38=1,OFFSET(C38,-1,0)+1,OFFSET(C38,-1,0)) -> 1 | D38: =IF($A38=1,0,IF($A38=2,OFFSET(D38,-1,0)+1,OFFSET(D38,-1,0))) -> 5 | E38: =IF(AND($A38<=2,$A38<>0),0,IF($A38=3,OFFSET(E38,-1,0)+1,OFFSET(E38,-1,0))) -> 2 | F38: =IF(AND($A38<=3,$A38<>0),0,IF($A38=4,OFFSET(F38,-1,0)+1,OFFSET(F38,-1,0))) -> 0 | G38: =IF(AND($A38<=4,$A38<>0),0,IF($A38="S",OFFSET(G38,-1,0)+1,OFFSET(G38,-1,0))) -> 4 | H38: =IF(OR($A38="S",$A38=0),0,MATCH(0,OFFSET($B38,1,$A38,ROW($A$40)-ROW($A38)),0)) -> 0 | I38: =IF(OR($A38="S",$A38=0),0,MATCH(OFFSET($B38,0,$A38)+1,OFFSET($B38,1,$A38,ROW($A$40)-ROW($A38)),0)) -> 0 | J38: Serviço | K38: =IF($A38=0,"-",CONCATENATE(C38&".",IF(AND($A$5>=2,$A38>=2),D38&".",""),IF(AND($A$5>=3,$A38>=3),E38&".",""),IF(AND($A$5>=4,$A38>=4),F38&".",""),IF($A38="S",G38&".",""))) -> 1.5.2.4. | L38: SICRO | M38: 5213863 | N38: FORNECIMENTO E IMPLANTAÇÃO DE SUPORTE METÁLICO GALVANIZADO PARA PLACA DE ADVERTÊNCIA OU REGULAMENTAÇÃO - LADO OU DIÂMETRO DE 0,60 M | O38: un. | P38: 12 | Q38: 492.6 | R38: BDI 1 | S38: =IF($A38="S",IF($Q$10="Preço Unitário (R$)",PO.CustoUnitario,ROUND(PO.CustoUnitario*(1+$Z38),15-13*$X$6)),0) -> 598.36 | T38: =IF($A38="S",VTOTAL1,IF($A38=0,0,ROUND(SomaAgrup,15-13*$X$7))) -> 7180.32 | U38: =IF($J38="","",IF($N38="","DESCRIÇÃO",IF(AND($J38="Serviço",$O38=""),"UNIDADE",IF($T38<=0,"SEM VALOR",IF(AND($Y38<>"",$Q38>$Y38),"ACIMA REF.",""))))) -> ACIMA REF. | V38: =IF(OR($A38=0,$A38="S",$A38>CFF!$A$9),"",MAX(V$12:OFFSET(V38,-1,0))+1) | W38: =IF(AND($J38="Serviço",$M38<>""),IF($L38="",$M38,CONCATENATE($L38,"-",$M38))) -> SICRO-5213863 | X38: =IF(AND(Fonte<>"",Código<>""),MATCH(Fonte&" "&IF(Fonte="sinapi",SUBSTITUTE(SUBSTITUTE(Código,"/00","/"),"/0","/"),Código),INDIRECT("'[Referência "&_xlnm.Database&".xls]Banco'!$a:$a"),0),"X") -> #REF! | Y38: =IF(Import.Desoneracao="sim",Referencia.Desonerado,Referencia.NaoDesonerado) -> 0 | Z38: =ROUND(IF(ISNUMBER(R38),R38,IF(LEFT(R38,3)="BDI",HLOOKUP(R38,DADOS!$T$37:$X$38,2,FALSE),0)),15-11*$X$5) -> 0.2147
A39: =CHOOSE(1+LOG(1+2*(J39="Meta")+4*(J39="Nível 2")+8*(J39="Nível 3")+16*(J39="Nível 4")+32*(J39="Serviço"),2),0,1,2,3,4,"S") -> S | B39: =IF(OR(A39="S",A39=0),0,IF(ISERROR(I39),H39,SMALL(H39:I39,1))) -> 0 | C39: =IF($A39=1,OFFSET(C39,-1,0)+1,OFFSET(C39,-1,0)) -> 1 | D39: =IF($A39=1,0,IF($A39=2,OFFSET(D39,-1,0)+1,OFFSET(D39,-1,0))) -> 5 | E39: =IF(AND($A39<=2,$A39<>0),0,IF($A39=3,OFFSET(E39,-1,0)+1,OFFSET(E39,-1,0))) -> 2 | F39: =IF(AND($A39<=3,$A39<>0),0,IF($A39=4,OFFSET(F39,-1,0)+1,OFFSET(F39,-1,0))) -> 0 | G39: =IF(AND($A39<=4,$A39<>0),0,IF($A39="S",OFFSET(G39,-1,0)+1,OFFSET(G39,-1,0))) -> 5 | H39: =IF(OR($A39="S",$A39=0),0,MATCH(0,OFFSET($B39,1,$A39,ROW($A$40)-ROW($A39)),0)) -> 0 | I39: =IF(OR($A39="S",$A39=0),0,MATCH(OFFSET($B39,0,$A39)+1,OFFSET($B39,1,$A39,ROW($A$40)-ROW($A39)),0)) -> 0 | J39: Serviço | K39: =IF($A39=0,"-",CONCATENATE(C39&".",IF(AND($A$5>=2,$A39>=2),D39&".",""),IF(AND($A$5>=3,$A39>=3),E39&".",""),IF(AND($A$5>=4,$A39>=4),F39&".",""),IF($A39="S",G39&".",""))) -> 1.5.2.5. | L39: SICRO | M39: 5213868 | N39: FORNECIMENTO E IMPLANTAÇÃO DE SUPORTE METÁLICO GALVANIZADO PARA PLACAS - 2,00 X 1,00 M | O39: un. | P39: 6 | Q39: 1213.38 | R39: BDI 1 | S39: =IF($A39="S",IF($Q$10="Preço Unitário (R$)",PO.CustoUnitario,ROUND(PO.CustoUnitario*(1+$Z39),15-13*$X$6)),0) -> 1473.89 | T39: =IF($A39="S",VTOTAL1,IF($A39=0,0,ROUND(SomaAgrup,15-13*$X$7))) -> 8843.34 | U39: =IF($J39="","",IF($N39="","DESCRIÇÃO",IF(AND($J39="Serviço",$O39=""),"UNIDADE",IF($T39<=0,"SEM VALOR",IF(AND($Y39<>"",$Q39>$Y39),"ACIMA REF.",""))))) -> ACIMA REF. | V39: =IF(OR($A39=0,$A39="S",$A39>CFF!$A$9),"",MAX(V$12:OFFSET(V39,-1,0))+1) | W39: =IF(AND($J39="Serviço",$M39<>""),IF($L39="",$M39,CONCATENATE($L39,"-",$M39))) -> SICRO-5213868 | X39: =IF(AND(Fonte<>"",Código<>""),MATCH(Fonte&" "&IF(Fonte="sinapi",SUBSTITUTE(SUBSTITUTE(Código,"/00","/"),"/0","/"),Código),INDIRECT("'[Referência "&_xlnm.Database&".xls]Banco'!$a:$a"),0),"X") -> #REF! | Y39: =IF(Import.Desoneracao="sim",Referencia.Desonerado,Referencia.NaoDesonerado) -> 0 | Z39: =ROUND(IF(ISNUMBER(R39),R39,IF(LEFT(R39,3)="BDI",HLOOKUP(R39,DADOS!$T$37:$X$38,2,FALSE),0)),15-11*$X$5) -> 0.2147
A40: -1 | C40: 0 | D40: 0 | E40: 0 | F40: 0 | G40: 0
K41: Encargos sociais: | M41: Para elaboração deste orçamento, foram utilizados os encargos sociais do SINAPI para a Unidade da Federação indicada.
K43: Observações:
K48: =IF(AND($X$3=FALSE,$X$4=FALSE,$X$5=FALSE,$X$6=FALSE,$X$7=FALSE),"Não foi considerado arredondamento nos valores da planilha.",CONCATENATE("Foi considerado arredondamento de duas casas decimais para ",IF($X$3=TRUE,"Quantidade; ",""),IF($X$4=TRUE,"Custo Unitário; ",""),IF($X$5=TRUE,"BDI; ",""),IF($X$6=TRUE,"Preço Unitário; ",""),IF($X$7=TRUE,"Preço Total.",""))) -> Foi considerado arredondamento de duas casas decimais para Quantidade; Custo Unitário; BDI; Preço Unitário; Preço Total.
K51: =Import.Município -> Vista Alegre do Prata/RS
K52: Local
K54: =TODAY() -> 46199
K55: Data

Sheet PLQ
E1: PLQ - | F1: PLANILHA DE LEVANTAMENTO DE QUANTIDADES
E7: =OFFSET(PO!$P$12,ROW($E7)-ROW(E$12),0) -> 0
E9: - | F9: Única
A10: Nível | B10: Item | C10: Descrição | D10: Unid. | E10: Quantidade | F10: =IF(OFFSET(F10,0,-1)="Quantidade",1,OFFSET(F10,0,-1)+1) -> 1 | G10: =IF(OFFSET(G10,0,-1)="Quantidade",1,OFFSET(G10,0,-1)+1) -> 2 | H10: =IF(OFFSET(H10,0,-1)="Quantidade",1,OFFSET(H10,0,-1)+1) -> 3 | I10: =IF(OFFSET(I10,0,-1)="Quantidade",1,OFFSET(I10,0,-1)+1) -> 4 | J10: =IF(OFFSET(J10,0,-1)="Quantidade",1,OFFSET(J10,0,-1)+1) -> 5 | K10: =IF(OFFSET(K10,0,-1)="Quantidade",1,OFFSET(K10,0,-1)+1) -> 6 | L10: =IF(OFFSET(L10,0,-1)="Quantidade",1,OFFSET(L10,0,-1)+1) -> 7 | M10: =IF(OFFSET(M10,0,-1)="Quantidade",1,OFFSET(M10,0,-1)+1) -> 8 | ... O10: =IF(OFFSET(O10,0,-1)="Quantidade",1,OFFSET(O10,0,-1)+1) -> 10 | U10: =IF(OFFSET(U10,0,-1)="Quantidade",1,OFFSET(U10,0,-1)+1) -> 1
A11: =OFFSET(PO!J$12,ROW(A11)-ROW($A$12),0) -> Serviço | B11: =IF($A11=0,"",OFFSET(PO!K$12,ROW(B11)-ROW(B$12),0)) -> #VALUE! | C11: =IF(OFFSET(PO!N$12,ROW(C11)-ROW(C$12),0)=0,"",OFFSET(PO!N$12,ROW(C11)-ROW(C$12),0)) | D11: =IF(OFFSET(PO!O$12,ROW(D11)-ROW(D$12),0)=0,"",OFFSET(PO!O$12,ROW(D11)-ROW(D$12),0)) | E11: =IF($A11<>"Serviço",0,ROUND(SUMIF($F$9:$P$9,"<>",$F11:$P11),15-13*PO!$X$3)) -> 0 | F11: =OFFSET(PO!$P$12,ROW($E11)-ROW(F$12),0) -> 0
A12: =PO!J12 -> LOTE | C12: =PO!N12 -> Estrada entre comunidade Poméia e Comunidade Caravagio (trecho 02 estaca 0+300 a 2+009)
A13: =OFFSET(PO!J$12,ROW(A13)-ROW($A$12),0) -> Meta | B13: =IF($A13=0,"",OFFSET(PO!K$12,ROW(B13)-ROW(B$12),0)) -> 1. | C13: =IF(OFFSET(PO!N$12,ROW(C13)-ROW(C$12),0)=0,"",OFFSET(PO!N$12,ROW(C13)-ROW(C$12),0)) -> Estrada entre comunidade Poméia e Comunidade Caravagio (trecho 02 estaca 0+300 a 2+009) | D13: =IF(OFFSET(PO!O$12,ROW(D13)-ROW(D$12),0)=0,"",OFFSET(PO!O$12,ROW(D13)-ROW(D$12),0)) | E13: =IF($A13<>"Serviço",0,ROUND(SUMIF($F$9:$P$9,"<>",$F13:$P13),15-13*PO!$X$3)) -> 0 | F13: =OFFSET(PO!$P$12,ROW($E13)-ROW(F$12),0) -> 0
A14: =OFFSET(PO!J$12,ROW(A14)-ROW($A$12),0) -> Nível 2 | B14: =IF($A14=0,"",OFFSET(PO!K$12,ROW(B14)-ROW(B$12),0)) -> 1.1. | C14: =IF(OFFSET(PO!N$12,ROW(C14)-ROW(C$12),0)=0,"",OFFSET(PO!N$12,ROW(C14)-ROW(C$12),0)) -> SERVIÇOS PRELIMINARES | D14: =IF(OFFSET(PO!O$12,ROW(D14)-ROW(D$12),0)=0,"",OFFSET(PO!O$12,ROW(D14)-ROW(D$12),0)) | E14: =IF($A14<>"Serviço",0,ROUND(SUMIF($F$9:$P$9,"<>",$F14:$P14),15-13*PO!$X$3)) -> 0 | F14: =OFFSET(PO!$P$12,ROW($E14)-ROW(F$12),0) -> 0
A15: =OFFSET(PO!J$12,ROW(A15)-ROW($A$12),0) -> Serviço | B15: =IF($A15=0,"",OFFSET(PO!K$12,ROW(B15)-ROW(B$12),0)) -> 1.1.0.1. | C15: =IF(OFFSET(PO!N$12,ROW(C15)-ROW(C$12),0)=0,"",OFFSET(PO!N$12,ROW(C15)-ROW(C$12),0)) -> MOBILIZAÇÃO | D15: =IF(OFFSET(PO!O$12,ROW(D15)-ROW(D$12),0)=0,"",OFFSET(PO!O$12,ROW(D15)-ROW(D$12),0)) -> UN. | E15: =IF($A15<>"Serviço",0,ROUND(SUMIF($F$9:$P$9,"<>",$F15:$P15),15-13*PO!$X$3)) -> 1 | F15: =OFFSET(PO!$P$12,ROW($E15)-ROW(F$12),0) -> 1
A16: =OFFSET(PO!J$12,ROW(A16)-ROW($A$12),0) -> Serviço | B16: =IF($A16=0,"",OFFSET(PO!K$12,ROW(B16)-ROW(B$12),0)) -> 1.1.0.2. | C16: =IF(OFFSET(PO!N$12,ROW(C16)-ROW(C$12),0)=0,"",OFFSET(PO!N$12,ROW(C16)-ROW(C$12),0)) -> Placa em aço - 3,00 x 2,00 m - película retrorrefletiva tipo III + X - fornecimento e implantação | D16: =IF(OFFSET(PO!O$12,ROW(D16)-ROW(D$12),0)=0,"",OFFSET(PO!O$12,ROW(D16)-ROW(D$12),0)) -> un | E16: =IF($A16<>"Serviço",0,ROUND(SUMIF($F$9:$P$9,"<>",$F16:$P16),15-13*PO!$X$3)) -> 1 | F16: =OFFSET(PO!$P$12,ROW($E16)-ROW(F$12),0) -> 1
A17: =OFFSET(PO!J$12,ROW(A17)-ROW($A$12),0) -> Nível 2 | B17: =IF($A17=0,"",OFFSET(PO!K$12,ROW(B17)-ROW(B$12),0)) -> 1.2. | C17: =IF(OFFSET(PO!N$12,ROW(C17)-ROW(C$12),0)=0,"",OFFSET(PO!N$12,ROW(C17)-ROW(C$12),0)) -> ADMINISTRAÇÃO LOCAL DE OBRA | D17: =IF(OFFSET(PO!O$12,ROW(D17)-ROW(D$12),0)=0,"",OFFSET(PO!O$12,ROW(D17)-ROW(D$12),0)) -> MÊS | E17: =IF($A17<>"Serviço",0,ROUND(SUMIF($F$9:$P$9,"<>",$F17:$P17),15-13*PO!$X$3)) -> 0 | F17: =OFFSET(PO!$P$12,ROW($E17)-ROW(F$12),0) -> 2
A18: =OFFSET(PO!J$12,ROW(A18)-ROW($A$12),0) -> Serviço | B18: =IF($A18=0,"",OFFSET(PO!K$12,ROW(B18)-ROW(B$12),0)) -> 1.2.0.1. | C18: =IF(OFFSET(PO!N$12,ROW(C18)-ROW(C$12),0)=0,"",OFFSET(PO!N$12,ROW(C18)-ROW(C$12),0)) -> ADMINISTRAÇÃO LOCAL DE OBRA | D18: =IF(OFFSET(PO!O$12,ROW(D18)-ROW(D$12),0)=0,"",OFFSET(PO!O$12,ROW(D18)-ROW(D$12),0)) -> UM | E18: =IF($A18<>"Serviço",0,ROUND(SUMIF($F$9:$P$9,"<>",$F18:$P18),15-13*PO!$X$3)) -> 1 | F18: =OFFSET(PO!$P$12,ROW($E18)-ROW(F$12),0) -> 1
A19: =OFFSET(PO!J$12,ROW(A19)-ROW($A$12),0) -> Nível 2 | B19: =IF($A19=0,"",OFFSET(PO!K$12,ROW(B19)-ROW(B$12),0)) -> 1.3. | C19: =IF(OFFSET(PO!N$12,ROW(C19)-ROW(C$12),0)=0,"",OFFSET(PO!N$12,ROW(C19)-ROW(C$12),0)) -> TERRAPLENAGEM | D19: =IF(OFFSET(PO!O$12,ROW(D19)-ROW(D$12),0)=0,"",OFFSET(PO!O$12,ROW(D19)-ROW(D$12),0)) -> MÊS | E19: =IF($A19<>"Serviço",0,ROUND(SUMIF($F$9:$P$9,"<>",$F19:$P19),15-13*PO!$X$3)) -> 0 | F19: =OFFSET(PO!$P$12,ROW($E19)-ROW(F$12),0) -> 2
A20: =OFFSET(PO!J$12,ROW(A20)-ROW($A$12),0) -> Serviço | B20: =IF($A20=0,"",OFFSET(PO!K$12,ROW(B20)-ROW(B$12),0)) -> 1.3.0.1. | C20: =IF(OFFSET(PO!N$12,ROW(C20)-ROW(C$12),0)=0,"",OFFSET(PO!N$12,ROW(C20)-ROW(C$12),0)) -> NIVELAMENTO E COMPACTAÇÃO DE BASE DE BRITA GRADUADA | D20: =IF(OFFSET(PO!O$12,ROW(D20)-ROW(D$12),0)=0,"",OFFSET(PO!O$12,ROW(D20)-ROW(D$12),0)) -> m³ | E20: =IF($A20<>"Serviço",0,ROUND(SUMIF($F$9:$P$9,"<>",$F20:$P20),15-13*PO!$X$3)) -> 1891.4 | F20: =OFFSET(PO!$P$12,ROW($E20)-ROW(F$12),0) -> 1891.4
A21: =OFFSET(PO!J$12,ROW(A21)-ROW($A$12),0) -> Nível 2 | B21: =IF($A21=0,"",OFFSET(PO!K$12,ROW(B21)-ROW(B$12),0)) -> 1.4. | C21: =IF(OFFSET(PO!N$12,ROW(C21)-ROW(C$12),0)=0,"",OFFSET(PO!N$12,ROW(C21)-ROW(C$12),0)) -> PAVIMENTAÇÃO | D21: =IF(OFFSET(PO!O$12,ROW(D21)-ROW(D$12),0)=0,"",OFFSET(PO!O$12,ROW(D21)-ROW(D$12),0)) | E21: =IF($A21<>"Serviço",0,ROUND(SUMIF($F$9:$P$9,"<>",$F21:$P21),15-13*PO!$X$3)) -> 0 | F21: =OFFSET(PO!$P$12,ROW($E21)-ROW(F$12),0) -> 0
A22: =OFFSET(PO!J$12,ROW(A22)-ROW($A$12),0) -> Serviço | B22: =IF($A22=0,"",OFFSET(PO!K$12,ROW(B22)-ROW(B$12),0)) -> 1.4.0.1. | C22: =IF(OFFSET(PO!N$12,ROW(C22)-ROW(C$12),0)=0,"",OFFSET(PO!N$12,ROW(C22)-ROW(C$12),0)) -> Imprimação com asfalto diluído | D22: =IF(OFFSET(PO!O$12,ROW(D22)-ROW(D$12),0)=0,"",OFFSET(PO!O$12,ROW(D22)-ROW(D$12),0)) -> m² | E22: =IF($A22<>"Serviço",0,ROUND(SUMIF($F$9:$P$9,"<>",$F22:$P22),15-13*PO!$X$3)) -> 10766.7 | F22: =OFFSET(PO!$P$12,ROW($E22)-ROW(F$12),0) -> 10766.7
A23: =OFFSET(PO!J$12,ROW(A23)-ROW($A$12),0) -> Serviço | B23: =IF($A23=0,"",OFFSET(PO!K$12,ROW(B23)-ROW(B$12),0)) -> 1.4.0.2. | C23: =IF(OFFSET(PO!N$12,ROW(C23)-ROW(C$12),0)=0,"",OFFSET(PO!N$12,ROW(C23)-ROW(C$12),0)) -> Pintura de ligação | D23: =IF(OFFSET(PO!O$12,ROW(D23)-ROW(D$12),0)=0,"",OFFSET(PO!O$12,ROW(D23)-ROW(D$12),0)) -> m² | E23: =IF($A23<>"Serviço",0,ROUND(SUMIF($F$9:$P$9,"<>",$F23:$P23),15-13*PO!$X$3)) -> 10766.7 | F23: =OFFSET(PO!$P$12,ROW($E23)-ROW(F$12),0) -> 10766.7
A24: =OFFSET(PO!J$12,ROW(A24)-ROW($A$12),0) -> Serviço | B24: =IF($A24=0,"",OFFSET(PO!K$12,ROW(B24)-ROW(B$12),0)) -> 1.4.0.3. | C24: =IF(OFFSET(PO!N$12,ROW(C24)-ROW(C$12),0)=0,"",OFFSET(PO!N$12,ROW(C24)-ROW(C$12),0)) -> Concreto asfáltico - faixa C-12,5 - areia e brita comerciais | D24: =IF(OFFSET(PO!O$12,ROW(D24)-ROW(D$12),0)=0,"",OFFSET(PO!O$12,ROW(D24)-ROW(D$12),0)) -> t | E24: =IF($A24<>"Serviço",0,ROUND(SUMIF($F$9:$P$9,"<>",$F24:$P24),15-13*PO!$X$3)) -> 1372.75 | F24: =OFFSET(PO!$P$12,ROW($E24)-ROW(F$12),0) -> 1372.7542
... A39: =OFFSET(PO!J$12,ROW(A39)-ROW($A$12),0) -> Serviço | B39: =IF($A39=0,"",OFFSET(PO!K$12,ROW(B39)-ROW(B$12),0)) -> 1.5.2.5. | C39: =IF(OFFSET(PO!N$12,ROW(C39)-ROW(C$12),0)=0,"",OFFSET(PO!N$12,ROW(C39)-ROW(C$12),0)) -> FORNECIMENTO E IMPLANTAÇÃO DE SUPORTE METÁLICO GALVANIZADO PARA PLACAS - 2,00 X 1,00 M | D39: =IF(OFFSET(PO!O$12,ROW(D39)-ROW(D$12),0)=0,"",OFFSET(PO!O$12,ROW(D39)-ROW(D$12),0)) -> un. | E39: =IF($A39<>"Serviço",0,ROUND(SUMIF($F$9:$P$9,"<>",$F39:$P39),15-13*PO!$X$3)) -> 6 | F39: =OFFSET(PO!$P$12,ROW($E39)-ROW(F$12),0) -> 6
B42: =PO!$K$51 -> Vista Alegre do Prata/RS
B43: Local
B45: =PO!$K$54 -> 46199
B46: Data

Sheet CFF
O1: CFF - | P1: CRONOGRAMA FÍSICO-FINANCEIRO
P2: =CHOOSE(1+LOG(1+2*(TipoOrçamento="BASE")+4*(TipoOrçamento="LICITADO")+8*(TipoOrçamento="REPROGRAMADOAC")+16*(TipoOrçamento="REPROGRAMADONPL"),2),"nada","Cronograma Base para Licitação","Cronograma Licitado","Cronograma Licitado Reprogramado","Cronograma Base para Licitação - Reprogramado") -> Cronograma Base para Licitação
A8: Nível Máx Crono | L8: =IF(MAX($A$14:$A$37)<>MAX(PO!$V$12:$V$40),"ERRO: CRONOGRAMA DESATUALIZADO",IF(OR(COUNTIF($O$16:$X$16,">1")>0,OFFSET($X$17,0,-1)<>$N$14),"ERRO: CRONOGRAMA NÃO FECHA EM 100%","")) | N8: =IF(TipoOrçamento="REPROGRAMADOAC","Qtde de Medições realizadas","")
A9: 2 | N9: 1 | O9: =IF(AND(TipoOrçamento="REPROGRAMADOAC",$N$9>0),$N$9-1,0) -> 0 | P9: =OFFSET(P9,0,-1)+1 -> 1 | Q9: =OFFSET(Q9,0,-1)+1 -> 2 | R9: =OFFSET(R9,0,-1)+1 -> 3 | S9: =OFFSET(S9,0,-1)+1 -> 4 | T9: =OFFSET(T9,0,-1)+1 -> 5 | U9: =OFFSET(U9,0,-1)+1 -> 6 | V9: =OFFSET(V9,0,-1)+1 -> 7 | W9: =OFFSET(W9,0,-1)+1 -> 8 | AC9: =OFFSET(AC9,0,-1)+1 -> 1
A10: Lista Crono | B10: Último Nível | C10: Nível | D10: Altura | E10: N1 | F10: N2 | G10: N3 | H10: N4 | I10: Czero | J10: Cnível | K10: VTOTAL SOMA | L10: Item | M10: Descrição das Metas / Macrosserviços | N10: Valores Totais (R$) | O10: =IF(TipoOrçamento="REPROGRAMADOAC","Reinício de Obra","Início de Obra")&CHAR(10)&TEXT(DADOS!A48,"dd/mm/aa") -> Início de Obra 10/02/26 | P10: =IF(AND(TipoOrçamento="REPROGRAMADOAC",$N$9>0,N10="Valores Totais (R$)"),"Parcela "&$N$9&" Executado","Parcela "&P$9&CHAR(10)&TEXT(DATE(YEAR(DADOS!$A$48),MONTH(DADOS!$A$48)+P$9-IF(AND(TipoOrçamento="REPROGRAMADOAC",$N$9>0),$N$9,0),1),"mmm/aa")) -> Parcela 1 mar/26 | Q10: =IF(AND(TipoOrçamento="REPROGRAMADOAC",$N$9>0,O10="Valores Totais (R$)"),"Parcela "&$N$9&" Executado","Parcela "&Q$9&CHAR(10)&TEXT(DATE(YEAR(DADOS!$A$48),MONTH(DADOS!$A$48)+Q$9-IF(AND(TipoOrçamento="REPROGRAMADOAC",$N$9>0),$N$9,0),1),"mmm/aa")) -> Parcela 2 abr/26 | R10: =IF(AND(TipoOrçamento="REPROGRAMADOAC",$N$9>0,P10="Valores Totais (R$)"),"Parcela "&$N$9&" Executado","Parcela "&R$9&CHAR(10)&TEXT(DATE(YEAR(DADOS!$A$48),MONTH(DADOS!$A$48)+R$9-IF(AND(TipoOrçamento="REPROGRAMADOAC",$N$9>0),$N$9,0),1),"mmm/aa")) -> Parcela 3 mai/26 | S10: =IF(AND(TipoOrçamento="REPROGRAMADOAC",$N$9>0,Q10="Valores Totais (R$)"),"Parcela "&$N$9&" Executado","Parcela "&S$9&CHAR(10)&TEXT(DATE(YEAR(DADOS!$A$48),MONTH(DADOS!$A$48)+S$9-IF(AND(TipoOrçamento="REPROGRAMADOAC",$N$9>0),$N$9,0),1),"mmm/aa")) -> Parcela 4 jun/26 | T10: =IF(AND(TipoOrçamento="REPROGRAMADOAC",$N$9>0,R10="Valores Totais (R$)"),"Parcela "&$N$9&" Executado","Parcela "&T$9&CHAR(10)&TEXT(DATE(YEAR(DADOS!$A$48),MONTH(DADOS!$A$48)+T$9-IF(AND(TipoOrçamento="REPROGRAMADOAC",$N$9>0),$N$9,0),1),"mmm/aa")) -> Parcela 5 jul/26 | U10: =IF(AND(TipoOrçamento="REPROGRAMADOAC",$N$9>0,S10="Valores Totais (R$)"),"Parcela "&$N$9&" Executado","Parcela "&U$9&CHAR(10)&TEXT(DATE(YEAR(DADOS!$A$48),MONTH(DADOS!$A$48)+U$9-IF(AND(TipoOrçamento="REPROGRAMADOAC",$N$9>0),$N$9,0),1),"mmm/aa")) -> Parcela 6 ago/26 | V10: =IF(AND(TipoOrçamento="REPROGRAMADOAC",$N$9>0,T10="Valores Totais (R$)"),"Parcela "&$N$9&" Executado","Parcela "&V$9&CHAR(10)&TEXT(DATE(YEAR(DADOS!$A$48),MONTH(DADOS!$A$48)+V$9-IF(AND(TipoOrçamento="REPROGRAMADOAC",$N$9>0),$N$9,0),1),"mmm/aa")) -> Parcela 7 set/26 | W10: =IF(AND(TipoOrçamento="REPROGRAMADOAC",$N$9>0,U10="Valores Totais (R$)"),"Parcela "&$N$9&" Executado","Parcela "&W$9&CHAR(10)&TEXT(DATE(YEAR(DADOS!$A$48),MONTH(DADOS!$A$48)+W$9-IF(AND(TipoOrçamento="REPROGRAMADOAC",$N$9>0),$N$9,0),1),"mmm/aa")) -> Parcela 8 out/26 | AC10: =IF(AND(TipoOrçamento="REPROGRAMADOAC",$N$9>0,AA10="Valores Totais (R$)"),"Parcela "&$N$9&" Executado","Parcela "&AC$9&CHAR(10)&TEXT(DATE(YEAR(DADOS!$A$48),MONTH(DADOS!$A$48)+AC$9-IF(AND(TipoOrçamento="REPROGRAMADOAC",$N$9>0),$N$9,0),1),"mmm/aa")) -> Parcela 1 mar/26
L11: =INDEX(PO!K$12:K$40,MATCH($A13,PO!$V$12:$V$40,0)) -> #VALUE! | M11: =INDEX(PO!N$12:N$40,MATCH($A13,PO!$V$12:$V$40,0)) -> #VALUE! | N11: =IF(ROUND(K13,2)=0,K13,ROUND(K13,2)) -> #VALUE! | O11: Parcela (%) | P11: =IF($B13,0,P12-IF(ISNUMBER(O12),O12,0)) -> #VALUE! | Q11: =IF($B13,0,Q12-IF(ISNUMBER(P12),P12,0)) -> #VALUE! | R11: =IF($B13,0,R12-IF(ISNUMBER(Q12),Q12,0)) -> #VALUE! | S11: =IF($B13,0,S12-IF(ISNUMBER(R12),R12,0)) -> #VALUE! | T11: =IF($B13,0,T12-IF(ISNUMBER(S12),S12,0)) -> #VALUE! | U11: =IF($B13,0,U12-IF(ISNUMBER(T12),T12,0)) -> #VALUE! | V11: =IF($B13,0,V12-IF(ISNUMBER(U12),U12,0)) -> #VALUE! | W11: =IF($B13,0,W12-IF(ISNUMBER(V12),V12,0)) -> #VALUE! | AC11: =IF($B13,0,AC12-IF(ISNUMBER(AB12),AB12,0)) -> #VALUE!
O12: Acumulado (%) | P12: =MIN(IF($B13,P11+IF(ISNUMBER(O12),O12,0),P13/$N11),1) -> #VALUE! | Q12: =MIN(IF($B13,Q11+IF(ISNUMBER(P12),P12,0),Q13/$N11),1) -> #VALUE! | R12: =MIN(IF($B13,R11+IF(ISNUMBER(Q12),Q12,0),R13/$N11),1) -> #VALUE! | S12: =MIN(IF($B13,S11+IF(ISNUMBER(R12),R12,0),S13/$N11),1) -> #VALUE! | T12: =MIN(IF($B13,T11+IF(ISNUMBER(S12),S12,0),T13/$N11),1) -> #VALUE! | U12: =MIN(IF($B13,U11+IF(ISNUMBER(T12),T12,0),U13/$N11),1) -> #VALUE! | V12: =MIN(IF($B13,V11+IF(ISNUMBER(U12),U12,0),V13/$N11),1) -> #VALUE! | W12: =MIN(IF($B13,W11+IF(ISNUMBER(V12),V12,0),W13/$N11),1) -> #VALUE! | AC12: =MIN(IF($B13,AC11+IF(ISNUMBER(AB12),AB12,0),AC13/$N11),1) -> #VALUE!
A13: =OFFSET(A13,-CFF.NumLinha,0)+1 -> #VALUE! | B13: =$C13>=OFFSET($C13,CFF.NumLinha,0) -> #VALUE! | C13: =INDEX(PO!A$12:A$40,MATCH($A13,PO!$V$12:$V$40,0)) -> #VALUE! | D13: =IF(ISERROR(J13),I13,SMALL(I13:J13,1))-1 -> #VALUE! | E13: =IF($C13=1,OFFSET(E13,-CFF.NumLinha,0)+1,OFFSET(E13,-CFF.NumLinha,0)) -> #VALUE! | F13: =IF($C13=1,0,IF($C13=2,OFFSET(F13,-CFF.NumLinha,0)+1,OFFSET(F13,-CFF.NumLinha,0))) -> #VALUE! | G13: =IF(AND($C13<=2,$C13<>0),0,IF($C13=3,OFFSET(G13,-CFF.NumLinha,0)+1,OFFSET(G13,-CFF.NumLinha,0))) -> #VALUE! | H13: =IF(AND($C13<=3,$C13<>0),0,IF($C13=4,OFFSET(H13,-CFF.NumLinha,0)+1,OFFSET(H13,-CFF.NumLinha,0))) -> #VALUE! | I13: =MATCH(0,OFFSET($D13,1,$C13,ROW($A$36)-ROW($A13)),0) -> #VALUE! | J13: =MATCH(OFFSET($D13,0,$C13)+1,OFFSET($D13,1,$C13,ROW($A$36)-ROW($A13)),0) -> #VALUE! | K13: =ROUND(INDEX(PO!T$12:T$40,MATCH($A13,PO!$V$12:$V$40,0)),2)+10^-12 -> #VALUE! | O13: Acumulado (R$) | P13: =IF($B13,ROUND(P12*$N11,2),ROUND(SUMIF(OFFSET($B13,1,0,$D13),TRUE,OFFSET(P13,1,0,$D13))/SUMIF(OFFSET($B13,1,0,$D13),TRUE,OFFSET($K13,1,0,$D13))*$N11,2)) -> #VALUE! | Q13: =IF($B13,ROUND(Q12*$N11,2),ROUND(SUMIF(OFFSET($B13,1,0,$D13),TRUE,OFFSET(Q13,1,0,$D13))/SUMIF(OFFSET($B13,1,0,$D13),TRUE,OFFSET($K13,1,0,$D13))*$N11,2)) -> #VALUE! | R13: =IF($B13,ROUND(R12*$N11,2),ROUND(SUMIF(OFFSET($B13,1,0,$D13),TRUE,OFFSET(R13,1,0,$D13))/SUMIF(OFFSET($B13,1,0,$D13),TRUE,OFFSET($K13,1,0,$D13))*$N11,2)) -> #VALUE! | S13: =IF($B13,ROUND(S12*$N11,2),ROUND(SUMIF(OFFSET($B13,1,0,$D13),TRUE,OFFSET(S13,1,0,$D13))/SUMIF(OFFSET($B13,1,0,$D13),TRUE,OFFSET($K13,1,0,$D13))*$N11,2)) -> #VALUE! | T13: =IF($B13,ROUND(T12*$N11,2),ROUND(SUMIF(OFFSET($B13,1,0,$D13),TRUE,OFFSET(T13,1,0,$D13))/SUMIF(OFFSET($B13,1,0,$D13),TRUE,OFFSET($K13,1,0,$D13))*$N11,2)) -> #VALUE! | U13: =IF($B13,ROUND(U12*$N11,2),ROUND(SUMIF(OFFSET($B13,1,0,$D13),TRUE,OFFSET(U13,1,0,$D13))/SUMIF(OFFSET($B13,1,0,$D13),TRUE,OFFSET($K13,1,0,$D13))*$N11,2)) -> #VALUE! | V13: =IF($B13,ROUND(V12*$N11,2),ROUND(SUMIF(OFFSET($B13,1,0,$D13),TRUE,OFFSET(V13,1,0,$D13))/SUMIF(OFFSET($B13,1,0,$D13),TRUE,OFFSET($K13,1,0,$D13))*$N11,2)) -> #VALUE! | W13: =IF($B13,ROUND(W12*$N11,2),ROUND(SUMIF(OFFSET($B13,1,0,$D13),TRUE,OFFSET(W13,1,0,$D13))/SUMIF(OFFSET($B13,1,0,$D13),TRUE,OFFSET($K13,1,0,$D13))*$N11,2)) -> #VALUE! | AC13: =IF($B13,ROUND(AC12*$N11,2),ROUND(SUMIF(OFFSET($B13,1,0,$D13),TRUE,OFFSET(AC13,1,0,$D13))/SUMIF(OFFSET($B13,1,0,$D13),TRUE,OFFSET($K13,1,0,$D13))*$N11,2)) -> #VALUE!
L14: CRONOGRAMA GLOBAL DO LOTE | N14: =IF(PO!$T$12=0,10^-12,PO!$T$12) -> 1056367.9 | O14: Parcela (%) | P14: =ROUND(P15/$N14,4) -> 0.0357 | Q14: =ROUND(Q15/$N14,4) -> 0.4552 | R14: =ROUND(R15/$N14,4) -> 0.5091 | S14: =ROUND(S15/$N14,4) -> 0 | T14: =ROUND(T15/$N14,4) -> 0 | U14: =ROUND(U15/$N14,4) -> 0 | V14: =ROUND(V15/$N14,4) -> 0 | W14: =ROUND(W15/$N14,4) -> 0 | AC14: =ROUND(AC15/$N14,4) -> 0
O15: Parcela (R$) | P15: =P17-IF(ISNUMBER(O17),O17,0) -> 37662.44 | Q15: =Q17-IF(ISNUMBER(P17),P17,0) -> 480858.29 | R15: =R17-IF(ISNUMBER(Q17),Q17,0) -> 537847.13 | S15: =S17-IF(ISNUMBER(R17),R17,0) -> 0 | T15: =T17-IF(ISNUMBER(S17),S17,0) -> 0 | U15: =U17-IF(ISNUMBER(T17),T17,0) -> 0 | V15: =V17-IF(ISNUMBER(U17),U17,0) -> 0 | W15: =W17-IF(ISNUMBER(V17),V17,0) -> 0 | AC15: =AC17-IF(ISNUMBER(AB17),AB17,0) -> 0
O16: Acumulado (%) | P16: =ROUND(P17/$N14,4) -> 0.0357 | Q16: =ROUND(Q17/$N14,4) -> 0.4909 | R16: =ROUND(R17/$N14,4) -> 1 | S16: =ROUND(S17/$N14,4) -> 1 | T16: =ROUND(T17/$N14,4) -> 1 | U16: =ROUND(U17/$N14,4) -> 1 | V16: =ROUND(V17/$N14,4) -> 1 | W16: =ROUND(W17/$N14,4) -> 1 | AC16: =ROUND(AC17/$N14,4) -> 0
A17: 0 | D17: =ROW(D$36)-ROW(D18) -> 18 | O17: Acumulado (R$) | P17: =SUMIF(OFFSET($C17,1,0):$C$36,1,OFFSET(P17,1,0):P$36) -> 37662.44 | Q17: =SUMIF(OFFSET($C17,1,0):$C$36,1,OFFSET(Q17,1,0):Q$36) -> 518520.73 | R17: =SUMIF(OFFSET($C17,1,0):$C$36,1,OFFSET(R17,1,0):R$36) -> 1056367.9 | S17: =SUMIF(OFFSET($C17,1,0):$C$36,1,OFFSET(S17,1,0):S$36) -> 1056367.9 | T17: =SUMIF(OFFSET($C17,1,0):$C$36,1,OFFSET(T17,1,0):T$36) -> 1056367.9 | U17: =SUMIF(OFFSET($C17,1,0):$C$36,1,OFFSET(U17,1,0):U$36) -> 1056367.9 | V17: =SUMIF(OFFSET($C17,1,0):$C$36,1,OFFSET(V17,1,0):V$36) -> 1056367.9 | W17: =SUMIF(OFFSET($C17,1,0):$C$36,1,OFFSET(W17,1,0):W$36) -> 1056367.9 | AC17: =SUMIF(OFFSET($C17,1,0):$C$36,1,OFFSET(AC17,1,0):AC$36) -> 0
L18: =INDEX(PO!K$12:K$40,MATCH($A20,PO!$V$12:$V$40,0)) -> 1. | M18: =INDEX(PO!N$12:N$40,MATCH($A20,PO!$V$12:$V$40,0)) -> Estrada entre comunidade Poméia e Comunidade Caravagio (trecho 02 estaca 0+300 a 2+009) | N18: =IF(ROUND(K20,2)=0,K20,ROUND(K20,2)) -> 1056367.9 | O18: Parcela (%) | P18: 1 | AC18: =IF($B20,0,AC19-IF(ISNUMBER(AB19),AB19,0)) -> 0
O19: Acumulado (%) | P19: =MIN(IF($B20,P18+IF(ISNUMBER(O19),O19,0),P20/$N18),1) -> 0.03565277 | Q19: =MIN(IF($B20,Q18+IF(ISNUMBER(P19),P19,0),Q20/$N18),1) -> 0.49085243 | R19: =MIN(IF($B20,R18+IF(ISNUMBER(Q19),Q19,0),R20/$N18),1) -> 1 | S19: =MIN(IF($B20,S18+IF(ISNUMBER(R19),R19,0),S20/$N18),1) -> 1 | T19: =MIN(IF($B20,T18+IF(ISNUMBER(S19),S19,0),T20/$N18),1) -> 1 | U19: =MIN(IF($B20,U18+IF(ISNUMBER(T19),T19,0),U20/$N18),1) -> 1 | V19: =MIN(IF($B20,V18+IF(ISNUMBER(U19),U19,0),V20/$N18),1) -> 1 | W19: =MIN(IF($B20,W18+IF(ISNUMBER(V19),V19,0),W20/$N18),1) -> 1 | AC19: =MIN(IF($B20,AC18+IF(ISNUMBER(AB19),AB19,0),AC20/$N18),1) -> 0
A20: =OFFSET(A20,-CFF.NumLinha,0)+1 -> 1 | B20: =$C20>=OFFSET($C20,CFF.NumLinha,0) -> FALSE | C20: =INDEX(PO!A$12:A$40,MATCH($A20,PO!$V$12:$V$40,0)) -> 1 | D20: =IF(ISERROR(J20),I20,SMALL(I20:J20,1))-1 -> 15 | E20: =IF($C20=1,OFFSET(E20,-CFF.NumLinha,0)+1,OFFSET(E20,-CFF.NumLinha,0)) -> 1 | F20: =IF($C20=1,0,IF($C20=2,OFFSET(F20,-CFF.NumLinha,0)+1,OFFSET(F20,-CFF.NumLinha,0))) -> 0 | G20: =IF(AND($C20<=2,$C20<>0),0,IF($C20=3,OFFSET(G20,-CFF.NumLinha,0)+1,OFFSET(G20,-CFF.NumLinha,0))) -> 0 | H20: =IF(AND($C20<=3,$C20<>0),0,IF($C20=4,OFFSET(H20,-CFF.NumLinha,0)+1,OFFSET(H20,-CFF.NumLinha,0))) -> 0 | I20: =MATCH(0,OFFSET($D20,1,$C20,ROW($A$36)-ROW($A20)),0) -> 16 | J20: =MATCH(OFFSET($D20,0,$C20)+1,OFFSET($D20,1,$C20,ROW($A$36)-ROW($A20)),0) -> #N/A | K20: =ROUND(INDEX(PO!T$12:T$40,MATCH($A20,PO!$V$12:$V$40,0)),2)+10^-12 -> 1056367.9 | O20: Acumulado (R$) | P20: =IF($B20,ROUND(P19*$N18,2),ROUND(SUMIF(OFFSET($B20,1,0,$D20),TRUE,OFFSET(P20,1,0,$D20))/SUMIF(OFFSET($B20,1,0,$D20),TRUE,OFFSET($K20,1,0,$D20))*$N18,2)) -> 37662.44 | Q20: =IF($B20,ROUND(Q19*$N18,2),ROUND(SUMIF(OFFSET($B20,1,0,$D20),TRUE,OFFSET(Q20,1,0,$D20))/SUMIF(OFFSET($B20,1,0,$D20),TRUE,OFFSET($K20,1,0,$D20))*$N18,2)) -> 518520.73 | R20: =IF($B20,ROUND(R19*$N18,2),ROUND(SUMIF(OFFSET($B20,1,0,$D20),TRUE,OFFSET(R20,1,0,$D20))/SUMIF(OFFSET($B20,1,0,$D20),TRUE,OFFSET($K20,1,0,$D20))*$N18,2)) -> 1056367.9 | S20: =IF($B20,ROUND(S19*$N18,2),ROUND(SUMIF(OFFSET($B20,1,0,$D20),TRUE,OFFSET(S20,1,0,$D20))/SUMIF(OFFSET($B20,1,0,$D20),TRUE,OFFSET($K20,1,0,$D20))*$N18,2)) -> 1056367.9 | T20: =IF($B20,ROUND(T19*$N18,2),ROUND(SUMIF(OFFSET($B20,1,0,$D20),TRUE,OFFSET(T20,1,0,$D20))/SUMIF(OFFSET($B20,1,0,$D20),TRUE,OFFSET($K20,1,0,$D20))*$N18,2)) -> 1056367.9 | U20: =IF($B20,ROUND(U19*$N18,2),ROUND(SUMIF(OFFSET($B20,1,0,$D20),TRUE,OFFSET(U20,1,0,$D20))/SUMIF(OFFSET($B20,1,0,$D20),TRUE,OFFSET($K20,1,0,$D20))*$N18,2)) -> 1056367.9 | V20: =IF($B20,ROUND(V19*$N18,2),ROUND(SUMIF(OFFSET($B20,1,0,$D20),TRUE,OFFSET(V20,1,0,$D20))/SUMIF(OFFSET($B20,1,0,$D20),TRUE,OFFSET($K20,1,0,$D20))*$N18,2)) -> 1056367.9 | W20: =IF($B20,ROUND(W19*$N18,2),ROUND(SUMIF(OFFSET($B20,1,0,$D20),TRUE,OFFSET(W20,1,0,$D20))/SUMIF(OFFSET($B20,1,0,$D20),TRUE,OFFSET($K20,1,0,$D20))*$N18,2)) -> 1056367.9 | AC20: =IF($B20,ROUND(AC19*$N18,2),ROUND(SUMIF(OFFSET($B20,1,0,$D20),TRUE,OFFSET(AC20,1,0,$D20))/SUMIF(OFFSET($B20,1,0,$D20),TRUE,OFFSET($K20,1,0,$D20))*$N18,2)) -> 0
L21: =INDEX(PO!K$12:K$40,MATCH($A23,PO!$V$12:$V$40,0)) -> 1.1. | M21: =INDEX(PO!N$12:N$40,MATCH($A23,PO!$V$12:$V$40,0)) -> SERVIÇOS PRELIMINARES | N21: =IF(ROUND(K23,2)=0,K23,ROUND(K23,2)) -> 8716 | O21: Parcela (%) | P21: 1 | U21: =IF($B23,0,U22-IF(ISNUMBER(T22),T22,0)) -> 0 | V21: =IF($B23,0,V22-IF(ISNUMBER(U22),U22,0)) -> 0 | W21: =IF($B23,0,W22-IF(ISNUMBER(V22),V22,0)) -> 0 | AC21: =IF($B23,0,AC22-IF(ISNUMBER(AB22),AB22,0)) -> 0
O22: Acumulado (%) | P22: =MIN(IF($B23,P21+IF(ISNUMBER(O22),O22,0),P23/$N21),1) -> 1 | Q22: =MIN(IF($B23,Q21+IF(ISNUMBER(P22),P22,0),Q23/$N21),1) -> 1 | R22: =MIN(IF($B23,R21+IF(ISNUMBER(Q22),Q22,0),R23/$N21),1) -> 1 | S22: =MIN(IF($B23,S21+IF(ISNUMBER(R22),R22,0),S23/$N21),1) -> 1 | T22: =MIN(IF($B23,T21+IF(ISNUMBER(S22),S22,0),T23/$N21),1) -> 1 | U22: =MIN(IF($B23,U21+IF(ISNUMBER(T22),T22,0),U23/$N21),1) -> 1 | V22: =MIN(IF($B23,V21+IF(ISNUMBER(U22),U22,0),V23/$N21),1) -> 1 | W22: =MIN(IF($B23,W21+IF(ISNUMBER(V22),V22,0),W23/$N21),1) -> 1 | AC22: =MIN(IF($B23,AC21+IF(ISNUMBER(AB22),AB22,0),AC23/$N21),1) -> 0
A23: =OFFSET(A23,-CFF.NumLinha,0)+1 -> 2 | B23: =$C23>=OFFSET($C23,CFF.NumLinha,0) -> TRUE | C23: =INDEX(PO!A$12:A$40,MATCH($A23,PO!$V$12:$V$40,0)) -> 2 | D23: =IF(ISERROR(J23),I23,SMALL(I23:J23,1))-1 -> 2 | E23: =IF($C23=1,OFFSET(E23,-CFF.NumLinha,0)+1,OFFSET(E23,-CFF.NumLinha,0)) -> 1 | F23: =IF($C23=1,0,IF($C23=2,OFFSET(F23,-CFF.NumLinha,0)+1,OFFSET(F23,-CFF.NumLinha,0))) -> 1 | G23: =IF(AND($C23<=2,$C23<>0),0,IF($C23=3,OFFSET(G23,-CFF.NumLinha,0)+1,OFFSET(G23,-CFF.NumLinha,0))) -> 0 | H23: =IF(AND($C23<=3,$C23<>0),0,IF($C23=4,OFFSET(H23,-CFF.NumLinha,0)+1,OFFSET(H23,-CFF.NumLinha,0))) -> 0 | I23: =MATCH(0,OFFSET($D23,1,$C23,ROW($A$36)-ROW($A23)),0) -> 13 | J23: =MATCH(OFFSET($D23,0,$C23)+1,OFFSET($D23,1,$C23,ROW($A$36)-ROW($A23)),0) -> 3 | K23: =ROUND(INDEX(PO!T$12:T$40,MATCH($A23,PO!$V$12:$V$40,0)),2)+10^-12 -> 8716 | O23: Acumulado (R$) | P23: =IF($B23,ROUND(P22*$N21,2),ROUND(SUMIF(OFFSET($B23,1,0,$D23),TRUE,OFFSET(P23,1,0,$D23))/SUMIF(OFFSET($B23,1,0,$D23),TRUE,OFFSET($K23,1,0,$D23))*$N21,2)) -> 8716 | Q23: =IF($B23,ROUND(Q22*$N21,2),ROUND(SUMIF(OFFSET($B23,1,0,$D23),TRUE,OFFSET(Q23,1,0,$D23))/SUMIF(OFFSET($B23,1,0,$D23),TRUE,OFFSET($K23,1,0,$D23))*$N21,2)) -> 8716 | R23: =IF($B23,ROUND(R22*$N21,2),ROUND(SUMIF(OFFSET($B23,1,0,$D23),TRUE,OFFSET(R23,1,0,$D23))/SUMIF(OFFSET($B23,1,0,$D23),TRUE,OFFSET($K23,1,0,$D23))*$N21,2)) -> 8716 | S23: =IF($B23,ROUND(S22*$N21,2),ROUND(SUMIF(OFFSET($B23,1,0,$D23),TRUE,OFFSET(S23,1,0,$D23))/SUMIF(OFFSET($B23,1,0,$D23),TRUE,OFFSET($K23,1,0,$D23))*$N21,2)) -> 8716 | T23: =IF($B23,ROUND(T22*$N21,2),ROUND(SUMIF(OFFSET($B23,1,0,$D23),TRUE,OFFSET(T23,1,0,$D23))/SUMIF(OFFSET($B23,1,0,$D23),TRUE,OFFSET($K23,1,0,$D23))*$N21,2)) -> 8716 | U23: =IF($B23,ROUND(U22*$N21,2),ROUND(SUMIF(OFFSET($B23,1,0,$D23),TRUE,OFFSET(U23,1,0,$D23))/SUMIF(OFFSET($B23,1,0,$D23),TRUE,OFFSET($K23,1,0,$D23))*$N21,2)) -> 8716 | V23: =IF($B23,ROUND(V22*$N21,2),ROUND(SUMIF(OFFSET($B23,1,0,$D23),TRUE,OFFSET(V23,1,0,$D23))/SUMIF(OFFSET($B23,1,0,$D23),TRUE,OFFSET($K23,1,0,$D23))*$N21,2)) -> 8716 | W23: =IF($B23,ROUND(W22*$N21,2),ROUND(SUMIF(OFFSET($B23,1,0,$D23),TRUE,OFFSET(W23,1,0,$D23))/SUMIF(OFFSET($B23,1,0,$D23),TRUE,OFFSET($K23,1,0,$D23))*$N21,2)) -> 8716 | AC23: =IF($B23,ROUND(AC22*$N21,2),ROUND(SUMIF(OFFSET($B23,1,0,$D23),TRUE,OFFSET(AC23,1,0,$D23))/SUMIF(OFFSET($B23,1,0,$D23),TRUE,OFFSET($K23,1,0,$D23))*$N21,2)) -> 0
L24: =INDEX(PO!K$12:K$40,MATCH($A26,PO!$V$12:$V$40,0)) -> 1.2. | M24: =INDEX(PO!N$12:N$40,MATCH($A26,PO!$V$12:$V$40,0)) -> ADMINISTRAÇÃO LOCAL DE OBRA | N24: =IF(ROUND(K26,2)=0,K26,ROUND(K26,2)) -> 55476.69 | O24: Parcela (%) | P24: 0.33 | Q24: 0.33 | R24: 0.34 | T24: 0.0803 | U24: =IF($B26,0,U25-IF(ISNUMBER(T25),T25,0)) -> 0 | V24: =IF($B26,0,V25-IF(ISNUMBER(U25),U25,0)) -> 0 | W24: =IF($B26,0,W25-IF(ISNUMBER(V25),V25,0)) -> 0 | AC24: =IF($B26,0,AC25-IF(ISNUMBER(AB25),AB25,0)) -> 0
O25: Acumulado (%) | P25: =MIN(IF($B26,P24+IF(ISNUMBER(O25),O25,0),P26/$N24),1) -> 0.33 | Q25: =MIN(IF($B26,Q24+IF(ISNUMBER(P25),P25,0),Q26/$N24),1) -> 0.66 | R25: =MIN(IF($B26,R24+IF(ISNUMBER(Q25),Q25,0),R26/$N24),1) -> 1 | S25: =MIN(IF($B26,S24+IF(ISNUMBER(R25),R25,0),S26/$N24),1) -> 1 | T25: =MIN(IF($B26,T24+IF(ISNUMBER(S25),S25,0),T26/$N24),1) -> 1 | U25: =MIN(IF($B26,U24+IF(ISNUMBER(T25),T25,0),U26/$N24),1) -> 1 | V25: =MIN(IF($B26,V24+IF(ISNUMBER(U25),U25,0),V26/$N24),1) -> 1 | W25: =MIN(IF($B26,W24+IF(ISNUMBER(V25),V25,0),W26/$N24),1) -> 1 | AC25: =MIN(IF($B26,AC24+IF(ISNUMBER(AB25),AB25,0),AC26/$N24),1) -> 0
A26: =OFFSET(A26,-CFF.NumLinha,0)+1 -> 3 | B26: =$C26>=OFFSET($C26,CFF.NumLinha,0) -> TRUE | C26: =INDEX(PO!A$12:A$40,MATCH($A26,PO!$V$12:$V$40,0)) -> 2 | D26: =IF(ISERROR(J26),I26,SMALL(I26:J26,1))-1 -> 2 | E26: =IF($C26=1,OFFSET(E26,-CFF.NumLinha,0)+1,OFFSET(E26,-CFF.NumLinha,0)) -> 1 | F26: =IF($C26=1,0,IF($C26=2,OFFSET(F26,-CFF.NumLinha,0)+1,OFFSET(F26,-CFF.NumLinha,0))) -> 2 | G26: =IF(AND($C26<=2,$C26<>0),0,IF($C26=3,OFFSET(G26,-CFF.NumLinha,0)+1,OFFSET(G26,-CFF.NumLinha,0))) -> 0 | H26: =IF(AND($C26<=3,$C26<>0),0,IF($C26=4,OFFSET(H26,-CFF.NumLinha,0)+1,OFFSET(H26,-CFF.NumLinha,0))) -> 0 | I26: =MATCH(0,OFFSET($D26,1,$C26,ROW($A$36)-ROW($A26)),0) -> 10 | J26: =MATCH(OFFSET($D26,0,$C26)+1,OFFSET($D26,1,$C26,ROW($A$36)-ROW($A26)),0) -> 3 | K26: =ROUND(INDEX(PO!T$12:T$40,MATCH($A26,PO!$V$12:$V$40,0)),2)+10^-12 -> 55476.69 | O26: Acumulado (R$) | P26: =IF($B26,ROUND(P25*$N24,2),ROUND(SUMIF(OFFSET($B26,1,0,$D26),TRUE,OFFSET(P26,1,0,$D26))/SUMIF(OFFSET($B26,1,0,$D26),TRUE,OFFSET($K26,1,0,$D26))*$N24,2)) -> 18307.31 | Q26: =IF($B26,ROUND(Q25*$N24,2),ROUND(SUMIF(OFFSET($B26,1,0,$D26),TRUE,OFFSET(Q26,1,0,$D26))/SUMIF(OFFSET($B26,1,0,$D26),TRUE,OFFSET($K26,1,0,$D26))*$N24,2)) -> 36614.62 | R26: =IF($B26,ROUND(R25*$N24,2),ROUND(SUMIF(OFFSET($B26,1,0,$D26),TRUE,OFFSET(R26,1,0,$D26))/SUMIF(OFFSET($B26,1,0,$D26),TRUE,OFFSET($K26,1,0,$D26))*$N24,2)) -> 55476.69 | S26: =IF($B26,ROUND(S25*$N24,2),ROUND(SUMIF(OFFSET($B26,1,0,$D26),TRUE,OFFSET(S26,1,0,$D26))/SUMIF(OFFSET($B26,1,0,$D26),TRUE,OFFSET($K26,1,0,$D26))*$N24,2)) -> 55476.69 | T26: =IF($B26,ROUND(T25*$N24,2),ROUND(SUMIF(OFFSET($B26,1,0,$D26),TRUE,OFFSET(T26,1,0,$D26))/SUMIF(OFFSET($B26,1,0,$D26),TRUE,OFFSET($K26,1,0,$D26))*$N24,2)) -> 55476.69 | U26: =IF($B26,ROUND(U25*$N24,2),ROUND(SUMIF(OFFSET($B26,1,0,$D26),TRUE,OFFSET(U26,1,0,$D26))/SUMIF(OFFSET($B26,1,0,$D26),TRUE,OFFSET($K26,1,0,$D26))*$N24,2)) -> 55476.69 | V26: =IF($B26,ROUND(V25*$N24,2),ROUND(SUMIF(OFFSET($B26,1,0,$D26),TRUE,OFFSET(V26,1,0,$D26))/SUMIF(OFFSET($B26,1,0,$D26),TRUE,OFFSET($K26,1,0,$D26))*$N24,2)) -> 55476.69 | W26: =IF($B26,ROUND(W25*$N24,2),ROUND(SUMIF(OFFSET($B26,1,0,$D26),TRUE,OFFSET(W26,1,0,$D26))/SUMIF(OFFSET($B26,1,0,$D26),TRUE,OFFSET($K26,1,0,$D26))*$N24,2)) -> 55476.69 | AC26: =IF($B26,ROUND(AC25*$N24,2),ROUND(SUMIF(OFFSET($B26,1,0,$D26),TRUE,OFFSET(AC26,1,0,$D26))/SUMIF(OFFSET($B26,1,0,$D26),TRUE,OFFSET($K26,1,0,$D26))*$N24,2)) -> 0
L27: =INDEX(PO!K$12:K$40,MATCH($A29,PO!$V$12:$V$40,0)) -> 1.3. | M27: =INDEX(PO!N$12:N$40,MATCH($A29,PO!$V$12:$V$40,0)) -> TERRAPLENAGEM | N27: =IF(ROUND(K29,2)=0,K29,ROUND(K29,2)) -> 35463.75 | O27: Parcela (%) | P27: 0.3 | Q27: 0.5 | R27: 0.2 | U27: =IF($B29,0,U28-IF(ISNUMBER(T28),T28,0)) -> 0 | V27: =IF($B29,0,V28-IF(ISNUMBER(U28),U28,0)) -> 0 | W27: =IF($B29,0,W28-IF(ISNUMBER(V28),V28,0)) -> 0 | AC27: =IF($B29,0,AC28-IF(ISNUMBER(AB28),AB28,0)) -> 0
O28: Acumulado (%) | P28: =MIN(IF($B29,P27+IF(ISNUMBER(O28),O28,0),P29/$N27),1) -> 0.3 | Q28: =MIN(IF($B29,Q27+IF(ISNUMBER(P28),P28,0),Q29/$N27),1) -> 0.8 | R28: =MIN(IF($B29,R27+IF(ISNUMBER(Q28),Q28,0),R29/$N27),1) -> 1 | S28: =MIN(IF($B29,S27+IF(ISNUMBER(R28),R28,0),S29/$N27),1) -> 1 | T28: =MIN(IF($B29,T27+IF(ISNUMBER(S28),S28,0),T29/$N27),1) -> 1 | U28: =MIN(IF($B29,U27+IF(ISNUMBER(T28),T28,0),U29/$N27),1) -> 1 | V28: =MIN(IF($B29,V27+IF(ISNUMBER(U28),U28,0),V29/$N27),1) -> 1 | W28: =MIN(IF($B29,W27+IF(ISNUMBER(V28),V28,0),W29/$N27),1) -> 1 | AC28: =MIN(IF($B29,AC27+IF(ISNUMBER(AB28),AB28,0),AC29/$N27),1) -> 0
A29: =OFFSET(A29,-CFF.NumLinha,0)+1 -> 4 | B29: =$C29>=OFFSET($C29,CFF.NumLinha,0) -> TRUE | C29: =INDEX(PO!A$12:A$40,MATCH($A29,PO!$V$12:$V$40,0)) -> 2 | D29: =IF(ISERROR(J29),I29,SMALL(I29:J29,1))-1 -> 2 | E29: =IF($C29=1,OFFSET(E29,-CFF.NumLinha,0)+1,OFFSET(E29,-CFF.NumLinha,0)) -> 1 | F29: =IF($C29=1,0,IF($C29=2,OFFSET(F29,-CFF.NumLinha,0)+1,OFFSET(F29,-CFF.NumLinha,0))) -> 3 | G29: =IF(AND($C29<=2,$C29<>0),0,IF($C29=3,OFFSET(G29,-CFF.NumLinha,0)+1,OFFSET(G29,-CFF.NumLinha,0))) -> 0 | H29: =IF(AND($C29<=3,$C29<>0),0,IF($C29=4,OFFSET(H29,-CFF.NumLinha,0)+1,OFFSET(H29,-CFF.NumLinha,0))) -> 0 | I29: =MATCH(0,OFFSET($D29,1,$C29,ROW($A$36)-ROW($A29)),0) -> 7 | J29: =MATCH(OFFSET($D29,0,$C29)+1,OFFSET($D29,1,$C29,ROW($A$36)-ROW($A29)),0) -> 3 | K29: =ROUND(INDEX(PO!T$12:T$40,MATCH($A29,PO!$V$12:$V$40,0)),2)+10^-12 -> 35463.75 | O29: Acumulado (R$) | P29: =IF($B29,ROUND(P28*$N27,2),ROUND(SUMIF(OFFSET($B29,1,0,$D29),TRUE,OFFSET(P29,1,0,$D29))/SUMIF(OFFSET($B29,1,0,$D29),TRUE,OFFSET($K29,1,0,$D29))*$N27,2)) -> 10639.13 | Q29: =IF($B29,ROUND(Q28*$N27,2),ROUND(SUMIF(OFFSET($B29,1,0,$D29),TRUE,OFFSET(Q29,1,0,$D29))/SUMIF(OFFSET($B29,1,0,$D29),TRUE,OFFSET($K29,1,0,$D29))*$N27,2)) -> 28371 | R29: =IF($B29,ROUND(R28*$N27,2),ROUND(SUMIF(OFFSET($B29,1,0,$D29),TRUE,OFFSET(R29,1,0,$D29))/SUMIF(OFFSET($B29,1,0,$D29),TRUE,OFFSET($K29,1,0,$D29))*$N27,2)) -> 35463.75 | S29: =IF($B29,ROUND(S28*$N27,2),ROUND(SUMIF(OFFSET($B29,1,0,$D29),TRUE,OFFSET(S29,1,0,$D29))/SUMIF(OFFSET($B29,1,0,$D29),TRUE,OFFSET($K29,1,0,$D29))*$N27,2)) -> 35463.75 | T29: =IF($B29,ROUND(T28*$N27,2),ROUND(SUMIF(OFFSET($B29,1,0,$D29),TRUE,OFFSET(T29,1,0,$D29))/SUMIF(OFFSET($B29,1,0,$D29),TRUE,OFFSET($K29,1,0,$D29))*$N27,2)) -> 35463.75 | U29: =IF($B29,ROUND(U28*$N27,2),ROUND(SUMIF(OFFSET($B29,1,0,$D29),TRUE,OFFSET(U29,1,0,$D29))/SUMIF(OFFSET($B29,1,0,$D29),TRUE,OFFSET($K29,1,0,$D29))*$N27,2)) -> 35463.75 | V29: =IF($B29,ROUND(V28*$N27,2),ROUND(SUMIF(OFFSET($B29,1,0,$D29),TRUE,OFFSET(V29,1,0,$D29))/SUMIF(OFFSET($B29,1,0,$D29),TRUE,OFFSET($K29,1,0,$D29))*$N27,2)) -> 35463.75 | W29: =IF($B29,ROUND(W28*$N27,2),ROUND(SUMIF(OFFSET($B29,1,0,$D29),TRUE,OFFSET(W29,1,0,$D29))/SUMIF(OFFSET($B29,1,0,$D29),TRUE,OFFSET($K29,1,0,$D29))*$N27,2)) -> 35463.75 | AC29: =IF($B29,ROUND(AC28*$N27,2),ROUND(SUMIF(OFFSET($B29,1,0,$D29),TRUE,OFFSET(AC29,1,0,$D29))/SUMIF(OFFSET($B29,1,0,$D29),TRUE,OFFSET($K29,1,0,$D29))*$N27,2)) -> 0
L30: =INDEX(PO!K$12:K$40,MATCH($A32,PO!$V$12:$V$40,0)) -> 1.4. | M30: =INDEX(PO!N$12:N$40,MATCH($A32,PO!$V$12:$V$40,0)) -> PAVIMENTAÇÃO | N30: =IF(ROUND(K32,2)=0,K32,ROUND(K32,2)) -> 889638.21 | O30: Parcela (%) | P30: =IF($B32,0,P31-IF(ISNUMBER(O31),O31,0)) -> 0 | Q30: 0.5 | R30: 0.5 | T30: 1 | U30: =IF($B32,0,U31-IF(ISNUMBER(T31),T31,0)) -> 0 | V30: =IF($B32,0,V31-IF(ISNUMBER(U31),U31,0)) -> 0 | W30: =IF($B32,0,W31-IF(ISNUMBER(V31),V31,0)) -> 0 | AC30: =IF($B32,0,AC31-IF(ISNUMBER(AB31),AB31,0)) -> 0
O31: Acumulado (%) | P31: =MIN(IF($B32,P30+IF(ISNUMBER(O31),O31,0),P32/$N30),1) -> 0 | Q31: =MIN(IF($B32,Q30+IF(ISNUMBER(P31),P31,0),Q32/$N30),1) -> 0.5 | R31: =MIN(IF($B32,R30+IF(ISNUMBER(Q31),Q31,0),R32/$N30),1) -> 1 | S31: =MIN(IF($B32,S30+IF(ISNUMBER(R31),R31,0),S32/$N30),1) -> 1 | T31: =MIN(IF($B32,T30+IF(ISNUMBER(S31),S31,0),T32/$N30),1) -> 1 | U31: =MIN(IF($B32,U30+IF(ISNUMBER(T31),T31,0),U32/$N30),1) -> 1 | V31: =MIN(IF($B32,V30+IF(ISNUMBER(U31),U31,0),V32/$N30),1) -> 1 | W31: =MIN(IF($B32,W30+IF(ISNUMBER(V31),V31,0),W32/$N30),1) -> 1 | AC31: =MIN(IF($B32,AC30+IF(ISNUMBER(AB31),AB31,0),AC32/$N30),1) -> 0
A32: =OFFSET(A32,-CFF.NumLinha,0)+1 -> 5 | B32: =$C32>=OFFSET($C32,CFF.NumLinha,0) -> TRUE | C32: =INDEX(PO!A$12:A$40,MATCH($A32,PO!$V$12:$V$40,0)) -> 2 | D32: =IF(ISERROR(J32),I32,SMALL(I32:J32,1))-1 -> 2 | E32: =IF($C32=1,OFFSET(E32,-CFF.NumLinha,0)+1,OFFSET(E32,-CFF.NumLinha,0)) -> 1 | F32: =IF($C32=1,0,IF($C32=2,OFFSET(F32,-CFF.NumLinha,0)+1,OFFSET(F32,-CFF.NumLinha,0))) -> 4 | G32: =IF(AND($C32<=2,$C32<>0),0,IF($C32=3,OFFSET(G32,-CFF.NumLinha,0)+1,OFFSET(G32,-CFF.NumLinha,0))) -> 0 | H32: =IF(AND($C32<=3,$C32<>0),0,IF($C32=4,OFFSET(H32,-CFF.NumLinha,0)+1,OFFSET(H32,-CFF.NumLinha,0))) -> 0 | I32: =MATCH(0,OFFSET($D32,1,$C32,ROW($A$36)-ROW($A32)),0) -> 4 | J32: =MATCH(OFFSET($D32,0,$C32)+1,OFFSET($D32,1,$C32,ROW($A$36)-ROW($A32)),0) -> 3 | K32: =ROUND(INDEX(PO!T$12:T$40,MATCH($A32,PO!$V$12:$V$40,0)),2)+10^-12 -> 889638.21 | O32: Acumulado (R$) | P32: =IF($B32,ROUND(P31*$N30,2),ROUND(SUMIF(OFFSET($B32,1,0,$D32),TRUE,OFFSET(P32,1,0,$D32))/SUMIF(OFFSET($B32,1,0,$D32),TRUE,OFFSET($K32,1,0,$D32))*$N30,2)) -> 0 | Q32: =IF($B32,ROUND(Q31*$N30,2),ROUND(SUMIF(OFFSET($B32,1,0,$D32),TRUE,OFFSET(Q32,1,0,$D32))/SUMIF(OFFSET($B32,1,0,$D32),TRUE,OFFSET($K32,1,0,$D32))*$N30,2)) -> 444819.11 | R32: =IF($B32,ROUND(R31*$N30,2),ROUND(SUMIF(OFFSET($B32,1,0,$D32),TRUE,OFFSET(R32,1,0,$D32))/SUMIF(OFFSET($B32,1,0,$D32),TRUE,OFFSET($K32,1,0,$D32))*$N30,2)) -> 889638.21 | S32: =IF($B32,ROUND(S31*$N30,2),ROUND(SUMIF(OFFSET($B32,1,0,$D32),TRUE,OFFSET(S32,1,0,$D32))/SUMIF(OFFSET($B32,1,0,$D32),TRUE,OFFSET($K32,1,0,$D32))*$N30,2)) -> 889638.21 | T32: =IF($B32,ROUND(T31*$N30,2),ROUND(SUMIF(OFFSET($B32,1,0,$D32),TRUE,OFFSET(T32,1,0,$D32))/SUMIF(OFFSET($B32,1,0,$D32),TRUE,OFFSET($K32,1,0,$D32))*$N30,2)) -> 889638.21 | U32: =IF($B32,ROUND(U31*$N30,2),ROUND(SUMIF(OFFSET($B32,1,0,$D32),TRUE,OFFSET(U32,1,0,$D32))/SUMIF(OFFSET($B32,1,0,$D32),TRUE,OFFSET($K32,1,0,$D32))*$N30,2)) -> 889638.21 | V32: =IF($B32,ROUND(V31*$N30,2),ROUND(SUMIF(OFFSET($B32,1,0,$D32),TRUE,OFFSET(V32,1,0,$D32))/SUMIF(OFFSET($B32,1,0,$D32),TRUE,OFFSET($K32,1,0,$D32))*$N30,2)) -> 889638.21 | W32: =IF($B32,ROUND(W31*$N30,2),ROUND(SUMIF(OFFSET($B32,1,0,$D32),TRUE,OFFSET(W32,1,0,$D32))/SUMIF(OFFSET($B32,1,0,$D32),TRUE,OFFSET($K32,1,0,$D32))*$N30,2)) -> 889638.21 | AC32: =IF($B32,ROUND(AC31*$N30,2),ROUND(SUMIF(OFFSET($B32,1,0,$D32),TRUE,OFFSET(AC32,1,0,$D32))/SUMIF(OFFSET($B32,1,0,$D32),TRUE,OFFSET($K32,1,0,$D32))*$N30,2)) -> 0
L33: =INDEX(PO!K$12:K$40,MATCH($A35,PO!$V$12:$V$40,0)) -> 1.5. | M33: =INDEX(PO!N$12:N$40,MATCH($A35,PO!$V$12:$V$40,0)) -> SINALIZAÇÃO | N33: =IF(ROUND(K35,2)=0,K35,ROUND(K35,2)) -> 67073.21 | O33: Parcela (%) | P33: 0 | Q33: =IF($B35,0,Q34-IF(ISNUMBER(P34),P34,0)) -> 0 | R33: 1 | S33: =IF($B35,0,S34-IF(ISNUMBER(R34),R34,0)) -> 0 | T33: =IF($B35,0,T34-IF(ISNUMBER(S34),S34,0)) -> 0 | U33: =IF($B35,0,U34-IF(ISNUMBER(T34),T34,0)) -> 0 | V33: =IF($B35,0,V34-IF(ISNUMBER(U34),U34,0)) -> 0 | W33: =IF($B35,0,W34-IF(ISNUMBER(V34),V34,0)) -> 0 | AC33: =IF($B35,0,AC34-IF(ISNUMBER(AB34),AB34,0)) -> 0
O34: Acumulado (%) | P34: =MIN(IF($B35,P33+IF(ISNUMBER(O34),O34,0),P35/$N33),1) -> 0 | Q34: =MIN(IF($B35,Q33+IF(ISNUMBER(P34),P34,0),Q35/$N33),1) -> 0 | R34: =MIN(IF($B35,R33+IF(ISNUMBER(Q34),Q34,0),R35/$N33),1) -> 1 | S34: =MIN(IF($B35,S33+IF(ISNUMBER(R34),R34,0),S35/$N33),1) -> 1 | T34: =MIN(IF($B35,T33+IF(ISNUMBER(S34),S34,0),T35/$N33),1) -> 1 | U34: =MIN(IF($B35,U33+IF(ISNUMBER(T34),T34,0),U35/$N33),1) -> 1 | V34: =MIN(IF($B35,V33+IF(ISNUMBER(U34),U34,0),V35/$N33),1) -> 1 | W34: =MIN(IF($B35,W33+IF(ISNUMBER(V34),V34,0),W35/$N33),1) -> 1 | AC34: =MIN(IF($B35,AC33+IF(ISNUMBER(AB34),AB34,0),AC35/$N33),1) -> 0
A35: =OFFSET(A35,-CFF.NumLinha,0)+1 -> 6 | B35: =$C35>=OFFSET($C35,CFF.NumLinha,0) -> TRUE | C35: =INDEX(PO!A$12:A$40,MATCH($A35,PO!$V$12:$V$40,0)) -> 2 | D35: =IF(ISERROR(J35),I35,SMALL(I35:J35,1))-1 -> 0 | E35: =IF($C35=1,OFFSET(E35,-CFF.NumLinha,0)+1,OFFSET(E35,-CFF.NumLinha,0)) -> 1 | F35: =IF($C35=1,0,IF($C35=2,OFFSET(F35,-CFF.NumLinha,0)+1,OFFSET(F35,-CFF.NumLinha,0))) -> 5 | G35: =IF(AND($C35<=2,$C35<>0),0,IF($C35=3,OFFSET(G35,-CFF.NumLinha,0)+1,OFFSET(G35,-CFF.NumLinha,0))) -> 0 | H35: =IF(AND($C35<=3,$C35<>0),0,IF($C35=4,OFFSET(H35,-CFF.NumLinha,0)+1,OFFSET(H35,-CFF.NumLinha,0))) -> 0 | I35: =MATCH(0,OFFSET($D35,1,$C35,ROW($A$36)-ROW($A35)),0) -> 1 | J35: =MATCH(OFFSET($D35,0,$C35)+1,OFFSET($D35,1,$C35,ROW($A$36)-ROW($A35)),0) -> #N/A | K35: =ROUND(INDEX(PO!T$12:T$40,MATCH($A35,PO!$V$12:$V$40,0)),2)+10^-12 -> 67073.21 | O35: Acumulado (R$) | P35: =IF($B35,ROUND(P34*$N33,2),ROUND(SUMIF(OFFSET($B35,1,0,$D35),TRUE,OFFSET(P35,1,0,$D35))/SUMIF(OFFSET($B35,1,0,$D35),TRUE,OFFSET($K35,1,0,$D35))*$N33,2)) -> 0 | Q35: =IF($B35,ROUND(Q34*$N33,2),ROUND(SUMIF(OFFSET($B35,1,0,$D35),TRUE,OFFSET(Q35,1,0,$D35))/SUMIF(OFFSET($B35,1,0,$D35),TRUE,OFFSET($K35,1,0,$D35))*$N33,2)) -> 0 | R35: =IF($B35,ROUND(R34*$N33,2),ROUND(SUMIF(OFFSET($B35,1,0,$D35),TRUE,OFFSET(R35,1,0,$D35))/SUMIF(OFFSET($B35,1,0,$D35),TRUE,OFFSET($K35,1,0,$D35))*$N33,2)) -> 67073.21 | S35: =IF($B35,ROUND(S34*$N33,2),ROUND(SUMIF(OFFSET($B35,1,0,$D35),TRUE,OFFSET(S35,1,0,$D35))/SUMIF(OFFSET($B35,1,0,$D35),TRUE,OFFSET($K35,1,0,$D35))*$N33,2)) -> 67073.21 | T35: =IF($B35,ROUND(T34*$N33,2),ROUND(SUMIF(OFFSET($B35,1,0,$D35),TRUE,OFFSET(T35,1,0,$D35))/SUMIF(OFFSET($B35,1,0,$D35),TRUE,OFFSET($K35,1,0,$D35))*$N33,2)) -> 67073.21 | U35: =IF($B35,ROUND(U34*$N33,2),ROUND(SUMIF(OFFSET($B35,1,0,$D35),TRUE,OFFSET(U35,1,0,$D35))/SUMIF(OFFSET($B35,1,0,$D35),TRUE,OFFSET($K35,1,0,$D35))*$N33,2)) -> 67073.21 | V35: =IF($B35,ROUND(V34*$N33,2),ROUND(SUMIF(OFFSET($B35,1,0,$D35),TRUE,OFFSET(V35,1,0,$D35))/SUMIF(OFFSET($B35,1,0,$D35),TRUE,OFFSET($K35,1,0,$D35))*$N33,2)) -> 67073.21 | W35: =IF($B35,ROUND(W34*$N33,2),ROUND(SUMIF(OFFSET($B35,1,0,$D35),TRUE,OFFSET(W35,1,0,$D35))/SUMIF(OFFSET($B35,1,0,$D35),TRUE,OFFSET($K35,1,0,$D35))*$N33,2)) -> 67073.21 | AC35: =IF($B35,ROUND(AC34*$N33,2),ROUND(SUMIF(OFFSET($B35,1,0,$D35),TRUE,OFFSET(AC35,1,0,$D35))/SUMIF(OFFSET($B35,1,0,$D35),TRUE,OFFSET($K35,1,0,$D35))*$N33,2)) -> 0
C36: -1 | E36: 0 | F36: 0 | G36: 0 | H36: 0
L38: =DADOS!I32 -> 0
L39: Local
L41: =PO!K54 -> 46199
L42: Data
